Workbook
Name _Ref472494490: '2 ZH'!#REF!
Name _Toc490165956: '11 KF'!#REF!
Name _Toc490165957: '11 KF'!#REF!
Name _Toc490165986: '4 PN infrastruktury'!$I$94
Name _Toc490166005: '11 KF'!#REF!
Name _Toc490166006: '11 KF'!#REF!
Name EKON.DOBA.ZIV: '[1]zbytková hodnota'!$F$13
Name FRPoč.měsíc: #REF!
Name FRPoč.měsíc: #REF!
Name FRPoč.měsíc: #REF!
Name FRPoč.rok: #REF!
Name FRPoč.rok: #REF!
Name FRPoč.rok: #REF!
Name PINFRA: '7 Finanční analýza'!#REF!
Name PNINFRA: '7 Finanční analýza'!$U$3:$U$5
Name PNINFRA: '7 Finanční analýza'!$U$3:$U$6
Name PNVOZIDLA: '7 Finanční analýza'!$V$3:$V$7
Name PNVOZIDLA: '7 Finanční analýza'!$V$3:$V$8
Name SAZBA: #REF!
Name SLOVNIK: Slovnik!$C$2:$D$2

Sheet 0 Úvod
C3: =IF($M$10="English",Slovnik!$D$5,Slovnik!$C$5) -> Úvod
C4: =IF($M$10="English",Slovnik!$E$6,Slovnik!$E$5) -> Zjednodušené tabulky FA a EA připravené pro projekty MHD založené na finančních a ekonomických tabulkách z Rezortní metodiky pro hodnocení ekonomické efektivnosti projektů dopravních staveb (MD ČR, 2017). Model je založen na analýze výnosů a nákladů a je plně v souladu s Nařízením komise (EU) 2015/207. Tabulky vychází z původního vzoru DG REGIO/F.2 a jejich dalšího zpracování ze strany SUDOP PRAHA a.s.
L10: =IF($M$10="English",Slovnik!$D$4,Slovnik!$C$4) -> Jazyk | M10: Česky | N10: verze MHD 0622
N11: verze MHD 250507
C14: =IF($M$10="English",Slovnik!$D$6,Slovnik!$C$6) -> Základní informace
C16: =IF($M$10="English",Slovnik!$D$7,Slovnik!$C$7) -> Název projektu
C18: =IF($M$10="English",Slovnik!$D$10,Slovnik!$C$10) -> Cenová úroveň (CÚ) | D18: 2025 | F18: =IF($M$10="English",Slovnik!$D$13,Slovnik!$C$13) -> Začátek stavebních prací | G18: 2026 | I18: =IF($M$10="English",Slovnik!$D$15,Slovnik!$C$15) -> Doba hodnocení | J18: 30 | M18: =IF($M$10="English",Slovnik!$D$16,Slovnik!$C$16) -> Směnný kurz (CZK/EUR) | N18: 24.96
C20: =IF($M$10="English",Slovnik!$D$14,Slovnik!$C$14) -> Začátek provozu | D20: 2026 | F20: Charakter projektu | G20: nová výstavba | I20: =IF($M$10="English",Slovnik!$D$9,Slovnik!$C$9) -> Diskontní sazba | J20: 0.02 | K20: 0.03 | M20: =IF($M$10="English",Slovnik!$D$17,Slovnik!$C$17) -> DPH | N20: 0.21
J21: =IF($M$10="English",Slovnik!$D$11,Slovnik!$C$11) -> finanční | K21: =IF($M$10="English",Slovnik!$D$12,Slovnik!$C$12) -> ekonomická
C25: =IF($M$10="English",Slovnik!$D$18,Slovnik!$C$18) -> Hodnocené scénáře
B26: =IF($M$10="English",Slovnik!$D$19,Slovnik!$C$19) -> BEZ PROJEKTU
B31: =IF($M$10="English",Slovnik!$D$20,Slovnik!$C$20) -> S PROJEKTEM
C38: =IF($M$10="English",Slovnik!$D$21,Slovnik!$C$21) -> Míra inflace
C40: =IF($M$10="English",Slovnik!$D$22,Slovnik!$C$22) -> rok | D40: 2014 | E40: 2015 | F40: 2016 | G40: 2017 | H40: 2018 | I40: 2019 | J40: 2020 | K40: 2021 | L40: 2022 | M40: 2023 | N40: 2024 | O40: *
C41: =IF($M$10="English",Slovnik!$D$23,Slovnik!$C$23) -> inflace | D41: 0.004 | E41: 0.003 | F41: 0.007 | G41: 0.025 | H41: 0.021 | I41: 0.028 | J41: 0.032 | K41: 0.038 | L41: 0.151 | M41: 0.107 | N41: 0.026
D42: 1 | E42: 1 | F42: 1 | G42: 1 | H42: 1 | I42: 1 | J42: 1 | K42: =J42*(1+K41) -> 1.038 | L42: =K42*(1+L41) -> 1.194738 | M42: =L42*(1+M41) -> 1.322575 | N42: =M42*(1+N41) -> 1.3569619
C43: zdroj: "Rezortní metodika pro hodnocení ekonomické efektivnosti projektů dopravních staveb" (MD ČR, 2017, aktualizace 2023); ČNB ("Zpráva o měnové politice - zima 2024")
C45: =IF($M$10="English",Slovnik!$D$24,Slovnik!$C$24) -> Index cen stavebních prací
C47: =IF($M$10="English",Slovnik!$D$22,Slovnik!$C$22) -> rok | D47: 2012 | E47: 2013 | F47: 2014 | G47: 2015 | H47: 2016 | I47: 2017 | J47: 2018 | K47: 2019 | L47: 2020 | M47: 2021 | N47: 2022 | O47: *
C48: =IF($M$10="English",Slovnik!$D$23,Slovnik!$C$23) -> inflace | D48: -0.007 | E48: -0.011 | F48: 0.005 | G48: 0 | H48: 0 | I48: 0 | J48: 0 | K48: 0.013 | L48: 0.0235 | M48: 0.037 | N48: 0.02
D49: 1 | E49: 1 | F49: 1 | G49: 1 | H49: 1 | I49: 1 | J49: 1 | K49: =J49*(1+K48) -> 1.013 | L49: =K49*(1+L48) -> 1.0368055 | M49: =L49*(1+M48) -> 1.0751673 | N49: =M49*(1+N48) -> 1.0966706
C50: =IF($M$10="English",Slovnik!$D$25,Slovnik!$C$25) -> zdroj: aktuálně platné opatření SFDI (č.j. 154/SFDI/320096/16105/2021)
C54: =IF($M$10="English",Slovnik!$D$26,Slovnik!$C$26) -> Růst HDP na hlavu
C56: =IF($M$10="English",Slovnik!$D$22,Slovnik!$C$22) -> rok | D56: 2014 | E56: 2015 | F56: 2016 | G56: 2017 | H56: 2018 | I56: 2019 | J56: 2020 | K56: 2021 | L56: 2022 | M56: 2023 | N56: 2024 | O56: *
C57: =IF($M$10="English",Slovnik!$D$27,Slovnik!$C$27) -> růst HDP | D57: 0.023 | E57: 0.055 | F57: 0.025 | G57: 0.053 | H57: 0.032 | I57: 0.03 | J57: -0.055 | K57: 0.035 | L57: 0.024 | M57: -0.005 | N57: 0.006
C59: zdroj: "Rezortní metodika pro hodnocení ekonomické efektivnosti projektů dopravních staveb" (MD ČR, 2017, aktualizace 2023); ČNB ("Zpráva o měnové politice - zima 2024")
C63: =IF($M$10="English",Slovnik!$D$28,Slovnik!$C$28) -> Růst reálných mezd
C65: =IF($M$10="English",Slovnik!$D$22,Slovnik!$C$22) -> rok | D65: 2012 | E65: 2013 | F65: 2014 | G65: 2015 | H65: 2016 | I65: 2017 | J65: 2018 | K65: 2019 | L65: 2020 | M65: 2021 | N65: 2022 | O65: *
C66: =IF($M$10="English",Slovnik!$D$29,Slovnik!$C$29) -> růst mezd | D66: -0.008 | E66: -0.016 | F66: 0.026 | G66: 0.028 | H66: 0.038 | I66: 0.043 | J66: 0.06 | K66: 0.05 | L66: 0 | M66: 0.024 | N66: -0.018
D67: 1 | E67: 1 | F67: 1 | G67: 1 | H67: 1 | I67: 1 | J67: 1 | K67: =J67*(1+K66*'4 PN infrastruktury'!$D$104) -> 1.05 | L67: =K67*(1+L66*'4 PN infrastruktury'!$D$104) -> 1.05 | M67: =L67*(1+M66*'4 PN infrastruktury'!$D$104) -> 1.0752 | N67: =M67*(1+N66*'4 PN infrastruktury'!$D$104) -> 1.0558464
C68: =IF($M$10="English",Slovnik!$E$25,Slovnik!$E$24) -> zdroj: Rezortní metodika pro hodnocení ekonomické efektivnosti projektů dopravních staveb (MD ČR, 2017); ČNB (Zpráva o měnové politice - zima 2022)
C71: * pro další roky platí v souladu s Rezortní metodikou průměrná hodnota spočtená od roku 2010 do r. 2024, tzn. inflace = 3,49 %, HDP = 1,71 %.
C74: Vyplnit pouze žlutě podbarvené buňky! | F74: Tabulky jsou určeny pro zpracování v prostředí Microsoft Office.
B83: Pomocné výpočty
B85: 2021 | C85: 2022 | D85: 2023 | E85: 2024 | F85: 2025 | G85: 2026 | H85: 2027 | I85: 2028 | J85: 2029 | K85: 2030
D89: převod z cenové hladiny 2017
D90: 2018 | E90: 2019 | F90: 2020 | G90: 2021 | H90: 2022 | I90: 2023 | J90: 2024 | K90: 2025 | L90: 2026 | M90: 2027 | N90: =1+M90 -> 2028 | O90: =1+N90 -> 2029 | P90: =1+O90 -> 2030 | Q90: =1+P90 -> 2031 | R90: =1+Q90 -> 2032 | S90: =1+R90 -> 2033 | T90: =1+S90 -> 2034 | U90: =1+T90 -> 2035 | ... AT90: =1+AS90 -> 2060
B91: inflace | D91: =1+H41 -> 1.021 | E91: =1+I41 -> 1.028 | F91: =1+J41 -> 1.032 | G91: =1+K41 -> 1.038 | H91: =1+L41 -> 1.151 | I91: =1+M41 -> 1.107 | J91: =1+N41 -> 1.026 | K91: =1+0.0349 -> 1.0349 | L91: =1+0.0349 -> 1.0349 | M91: =1+0.0349 -> 1.0349
B92: elasticita k HDP: | C92: 0.41 | D92: =(1+$C92*H$57) -> 1.01312 | E92: =(1+$C92*I$57) -> 1.0123 | F92: =(1+$C92*J$57) -> 0.97745 | G92: =(1+$C92*K$57) -> 1.01435 | H92: =(1+$C92*L$57) -> 1.00984 | I92: =(1+$C92*M$57) -> 0.99795 | J92: =(1+$C92*N$57) -> 1.00246 | K92: =(1+$C92*0.0171) -> 1.007011 | L92: =(1+$C92*0.0171) -> 1.007011 | M92: =(1+$C92*0.0171) -> 1.007011
B93: elasticita k HDP: | C93: 0.7 | D93: =(1+$C93*H$57) -> 1.0224 | E93: =(1+$C93*I$57) -> 1.021 | F93: =(1+$C93*J$57) -> 0.9615 | G93: =(1+$C93*K$57) -> 1.0245 | H93: =(1+$C93*L$57) -> 1.0168 | I93: =(1+$C93*M$57) -> 0.9965 | J93: =(1+$C93*N$57) -> 1.0042 | K93: =(1+$C93*0.0171) -> 1.01197 | L93: =(1+$C93*0.0171) -> 1.01197 | M93: =(1+$C93*0.0171) -> 1.01197
B95: hodnota času | D95: =D91*D92 -> 1.0343955 | E95: =E91*E92*D95 -> 1.0764379 | F95: =F91*F92*E95 -> 1.0858335 | G95: =G91*G92*F95 -> 1.143269 | H95: =H91*H92*G95 -> 1.3288511 | I95: =I91*I92*H95 -> 1.4680225 | J95: =J91*J92*I95 -> 1.5098963 | K95: =K91*K92*J95 -> 1.573547 | L95: =L91*L92*K95 -> 1.639881 | M95: =M91*M92*L95 -> 1.7090113
B96: externality | D96: =D91*D93 -> 1.0438704 | E96: =E91*E93*D96 -> 1.0956338 | F96: =F91*F93*E96 -> 1.0871624 | G96: =G91*G93*F96 -> 1.1561222 | H96: =H91*H93*G96 -> 1.3530524 | I96: =I91*I93*H96 -> 1.4925866 | J96: =J91*J93*I96 -> 1.5378257 | K96: =K91*K93*J96 -> 1.610546 | L96: =L91*L93*K96 -> 1.6867051 | M96: =M91*M93*L96 -> 1.7664656
B97: CO2 | D97: =D91 -> 1.021 | E97: =D97*E91 -> 1.049588 | F97: =E97*F91 -> 1.0831748 | G97: =F97*G91 -> 1.1243355 | H97: =G97*H91 -> 1.2941101 | I97: =H97*I91 -> 1.4325799 | J97: =I97*J91 -> 1.469827 | K97: =J97*K91 -> 1.5211239 | L97: =K97*L91 -> 1.5742112 | M97: =L97*M91 -> 1.6291511
B98: CO2 (posun v čase), hodnoty v letech, cú. dle výběru | H98: ='11 Klima'!D100 -> 4758.0757 | I98: ='11 Klima'!E100 -> 5466.9194 | J98: ='11 Klima'!F100 -> 6177.2843 | K98: ='11 Klima'!G100 -> 6886.128 | L98: ='11 Klima'!H100 -> 7596.4929 | M98: ='11 Klima'!I100 -> 8305.3367 | N98: ='11 Klima'!J100 -> 9015.7016 | O98: ='11 Klima'!K100 -> 9724.5453 | ... V98: ='11 Klima'!R100 -> 17404.7 | W98: ='11 Klima'!D103 -> 18531.853 | X98: ='11 Klima'!E103 -> 19659.006 | Y98: ='11 Klima'!F103 -> 20786.159 | Z98: ='11 Klima'!G103 -> 21911.79 | AA98: ='11 Klima'!H103 -> 23038.943 | AB98: ='11 Klima'!I103 -> 24166.096 | AC98: ='11 Klima'!J103 -> 25293.249 | AD98: ='11 Klima'!K103 -> 26420.402 | ... AK98: ='11 Klima'!R103 -> 33390.191 | AL98: =AK98 -> 33390.191 | AM98: =AL98 -> 33390.191 | AN98: =AM98 -> 33390.191 | AO98: =AN98 -> 33390.191 | AP98: =AO98 -> 33390.191 | AQ98: =AP98 -> 33390.191 | AR98: =AQ98 -> 33390.191 | AS98: =AR98 -> 33390.191 | AT98: =AS98 -> 33390.191
C100: vývoj HDP po roce 24 | D100: 0.0171
C105: seznam:
C106: nová výstavba
C107: modernizace

Sheet 1 CIN
B2: 1.1. | C2: =IF('0 Úvod'!$M$10="English",Slovnik!$D$32,Slovnik!$C$32) -> Celkové investiční náklady (CZK) | E2: =IF('0 Úvod'!$M$10="English",Slovnik!$D$47,Slovnik!$C$47) -> V roce
B3: a | D3: =IF('0 Úvod'!$M$10="English",Slovnik!$D$46,Slovnik!$C$46) -> Celkové projektové náklady | E3: ='0 Úvod'!G18 -> 2026 | F3: =E3+1 -> 2027 | G3: =F3+1 -> 2028 | H3: =G3+1 -> 2029 | I3: =H3+1 -> 2030 | J3: =I3+1 -> 2031 | K3: =J3+1 -> 2032 | L3: =K3+1 -> 2033 | M3: =L3+1 -> 2034 | ... S3: =R3+1 -> 2040
B5: 1. | C5: Příprava a zabezpečení projektu | D5: =SUM(E5:S5) -> 0
B6: 2. | C6: Pořízení nemovitostí | D6: =SUM(E6:S6) -> 0
B7: 3. | C7: Výstavba | D7: =SUM(E7:S7) -> 0
B8: 4. | C8: =IF('0 Úvod'!$M$10="English",Slovnik!D38,Slovnik!C38) -> Stroje a zařízení | D8: =SUM(E8:S8) -> 0
B9: 5. | C9: Propagace | D9: =SUM(E9:S9) -> 0
C10: =IF('0 Úvod'!$M$10="English",Slovnik!D41,Slovnik!C41) -> Celkové investiční náklady bez rezervy | D10: =SUM(E10:S10) -> 0 | E10: =SUM(E5:E9) -> 0 | F10: =SUM(F5:F9) -> 0 | G10: =SUM(G5:G9) -> 0 | H10: =SUM(H5:H9) -> 0 | I10: =SUM(I5:I9) -> 0 | J10: =SUM(J5:J9) -> 0 | K10: =SUM(K5:K9) -> 0 | L10: =SUM(L5:L9) -> 0 | ... S10: =SUM(S5:S9) -> 0
B11: 6. | C11: Rezerva (nepředvídatelné události) | D11: =SUM(E11:S11) -> 0
C12: =IF('0 Úvod'!$M$10="English",Slovnik!D43,Slovnik!C43) -> Celkové investiční náklady včetně rezervy | D12: =SUM(E12:S12) -> 0 | E12: =SUM(E10:E11) -> 0 | F12: =SUM(F10:F11) -> 0 | G12: =SUM(G10:G11) -> 0 | H12: =SUM(H10:H11) -> 0 | I12: =SUM(I10:I11) -> 0 | J12: =SUM(J10:J11) -> 0 | K12: =SUM(K10:K11) -> 0 | L12: =SUM(L10:L11) -> 0 | ... S12: =SUM(S10:S11) -> 0
B13: 7. | C13: DPH | D13: =SUM(E13:S13) -> 0 | E13: =(E12-E6)*'0 Úvod'!$N$20 -> 0 | F13: =(F12-F6)*'0 Úvod'!$N$20 -> 0 | G13: =(G12-G6)*'0 Úvod'!$N$20 -> 0 | H13: =(H12-H6)*'0 Úvod'!$N$20 -> 0 | I13: =(I12-I6)*'0 Úvod'!$N$20 -> 0 | J13: =(J12-J6)*'0 Úvod'!$N$20 -> 0 | K13: =(K12-K6)*'0 Úvod'!$N$20 -> 0 | L13: =(L12-L6)*'0 Úvod'!$N$20 -> 0 | ... S13: =(S12-S6)*'0 Úvod'!$N$20 -> 0
C14: =IF('0 Úvod'!$M$10="English",Slovnik!D45,Slovnik!C45) -> Celkové investiční náklady včetně DPH | D14: =SUM(E14:S14) -> 0 | E14: =E13+E12 -> 0 | F14: =F13+F12 -> 0 | G14: =G13+G12 -> 0 | H14: =H13+H12 -> 0 | I14: =I13+I12 -> 0 | J14: =J13+J12 -> 0 | K14: =K13+K12 -> 0 | L14: =L13+L12 -> 0 | ... S14: =S13+S12 -> 0
B16: 1.1. | C16: z toho způsobilé náklady | D16: =SUM(E16:S16) -> 0
B17: b | C17: z toho nezpůsobilé náklady | D17: =SUM(E17:S17) -> 0 | E17: =E14-E16 -> 0 | F17: =F14-F16 -> 0 | G17: =G14-G16 -> 0 | H17: =H14-H16 -> 0 | I17: =I14-I16 -> 0 | J17: =J14-J16 -> 0 | K17: =K14-K16 -> 0 | L17: =L14-L16 -> 0 | ... S17: =S14-S16 -> 0
B19: 1.1. | C19: z toho výdaje na modernizace | D19: =SUM(E19:S19) -> 0
B20: c | C20: podíl výdajů na modernizace na pol. 3 a 4 | D20: =IFERROR(D19/(D7+D8),"n.a.") -> n.a.
C21: =IF((D7+D8)=0,"",IF(D20>0.15,"Jedná se o modernizační projekt.",""))
B22: 1.1. | C22: =IF('0 Úvod'!$M$10="English",Slovnik!$D$32,Slovnik!$C$32) -> Celkové investiční náklady (CZK)
B23: b | C23: =IF('0 Úvod'!M10="English",Slovnik!$D$33,Slovnik!$C$33) -> (konstantní ceny) | E23: =S3+1 -> 2041 | F23: =E23+1 -> 2042 | G23: =F23+1 -> 2043 | H23: =G23+1 -> 2044 | I23: =H23+1 -> 2045 | J23: =I23+1 -> 2046 | K23: =J23+1 -> 2047 | L23: =K23+1 -> 2048 | M23: =L23+1 -> 2049 | ... S23: =R23+1 -> 2055
C24: =IF('0 Úvod'!M10="English",Slovnik!$D$34,Slovnik!$C$34)&" "&'0 Úvod'!D18 -> CÚ 2025
C25: =IF('0 Úvod'!$M$10="English",Slovnik!D35,Slovnik!C35) -> Projektová dokumentace
C26: =IF('0 Úvod'!$M$10="English",Slovnik!D36,Slovnik!C36) -> Zábory a nákupy pozemků
C27: =IF('0 Úvod'!$M$10="English",Slovnik!D37,Slovnik!C37) -> Stavby a konstrukce (stavební náklady)
C28: =IF('0 Úvod'!$M$10="English",Slovnik!D38,Slovnik!C38) -> Stroje a zařízení
C29: =IF('0 Úvod'!$M$10="English",Slovnik!D39,Slovnik!C39) -> Technická asistence, propagace
C30: =IF('0 Úvod'!$M$10="English",Slovnik!D40,Slovnik!C40) -> Technický dozor
C31: =IF('0 Úvod'!$M$10="English",Slovnik!D41,Slovnik!C41) -> Celkové investiční náklady bez rezervy | E31: =SUM(E25:E30) -> 0 | F31: =SUM(F25:F30) -> 0 | G31: =SUM(G25:G30) -> 0 | H31: =SUM(H25:H30) -> 0 | I31: =SUM(I25:I30) -> 0 | J31: =SUM(J25:J30) -> 0 | K31: =SUM(K25:K30) -> 0 | L31: =SUM(L25:L30) -> 0 | ... S31: =SUM(S25:S30) -> 0
C32: =IF('0 Úvod'!$M$10="English",Slovnik!D42,Slovnik!C42) -> Rezerva
C33: =IF('0 Úvod'!$M$10="English",Slovnik!D43,Slovnik!C43) -> Celkové investiční náklady včetně rezervy | E33: =SUM(E31:E32) -> 0 | F33: =SUM(F31:F32) -> 0 | G33: =SUM(G31:G32) -> 0 | H33: =SUM(H31:H32) -> 0 | I33: =SUM(I31:I32) -> 0 | J33: =SUM(J31:J32) -> 0 | K33: =SUM(K31:K32) -> 0 | L33: =SUM(L31:L32) -> 0 | ... S33: =SUM(S31:S32) -> 0
C34: =IF('0 Úvod'!M10="English",Slovnik!$D$44,Slovnik!$C$44)&" "&'0 Úvod'!N20*100&" %" -> DPH 21 % | E34: =(E33-E26)*'0 Úvod'!$N$20 -> 0 | F34: =(F33-F26)*'0 Úvod'!$N$20 -> 0 | G34: =(G33-G26)*'0 Úvod'!$N$20 -> 0 | H34: =(H33-H26)*'0 Úvod'!$N$20 -> 0 | I34: =(I33-I26)*'0 Úvod'!$N$20 -> 0 | J34: =(J33-J26)*'0 Úvod'!$N$20 -> 0 | K34: =(K33-K26)*'0 Úvod'!$N$20 -> 0 | L34: =(L33-L26)*'0 Úvod'!$N$20 -> 0 | ... S34: =(S33-S26)*'0 Úvod'!$N$20 -> 0
C35: =IF('0 Úvod'!$M$10="English",Slovnik!D45,Slovnik!C45) -> Celkové investiční náklady včetně DPH | E35: =E34+E33 -> 0 | F35: =F34+F33 -> 0 | G35: =G34+G33 -> 0 | H35: =H34+H33 -> 0 | I35: =I34+I33 -> 0 | J35: =J34+J33 -> 0 | K35: =K34+K33 -> 0 | L35: =L34+L33 -> 0 | ... S35: =S34+S33 -> 0
B38: 1.2. | C38: =IF('0 Úvod'!$M$10="English",Slovnik!$D$48,Slovnik!$C$48) -> Celkové investiční náklady (CZK)
B39: a | C39: =IF('0 Úvod'!$M$10="English",Slovnik!$D$49,Slovnik!$C$49) -> (běžné ceny) | D39: =IF('0 Úvod'!$M$10="English",Slovnik!$D$63,Slovnik!$C$63) -> Celkové projektové náklady | E39: =E3 -> 2026 | F39: =E39+1 -> 2027 | G39: =F39+1 -> 2028 | H39: =G39+1 -> 2029 | I39: =H39+1 -> 2030 | J39: =I39+1 -> 2031 | K39: =J39+1 -> 2032 | L39: =K39+1 -> 2033 | M39: =L39+1 -> 2034 | ... S39: =R39+1 -> 2040
C40: =IF('0 Úvod'!$M$10="English",Slovnik!D50,Slovnik!C50) -> Způsobilost nákladů **
C41: =IF('0 Úvod'!$M$10="English",Slovnik!D51,Slovnik!C51) -> Poplatky za plány/stavební projekt | D41: =SUM(E41:S41,E57:S57) -> 0
C42: =IF('0 Úvod'!$M$10="English",Slovnik!D52,Slovnik!C52) -> Nákup pozemků | D42: =SUM(E42:S42,E58:S58) -> 0
C43: =IF('0 Úvod'!$M$10="English",Slovnik!D53,Slovnik!C53) -> Výstavba | D43: =SUM(E43:S43,E59:S59) -> 0
C44: =IF('0 Úvod'!$M$10="English",Slovnik!D54,Slovnik!C54) -> Prostory a strojní zařízení nebo vybavení | D44: =SUM(E44:S44,E60:S60) -> 0
C45: =IF('0 Úvod'!$M$10="English",Slovnik!D55,Slovnik!C55) -> Nepředvídané události | D45: =SUM(E45:S45,E61:S61) -> 0
C46: =IF('0 Úvod'!$M$10="English",Slovnik!D56,Slovnik!C56) -> Úprava ceny (v příslušném případě) | D46: =SUM(E46:S46,E62:S62) -> 0
C47: =IF('0 Úvod'!$M$10="English",Slovnik!D57,Slovnik!C57) -> Propagace | D47: =SUM(E47:S47,E63:S63) -> 0
C48: =IF('0 Úvod'!$M$10="English",Slovnik!D58,Slovnik!C58) -> Dozor v průběhu provádění výstavby | D48: =SUM(E48:S48,E64:S64) -> 0
C49: =IF('0 Úvod'!$M$10="English",Slovnik!D59,Slovnik!C59) -> Technická pomoc | D49: =SUM(E49:S49,E65:S65) -> 0
C50: =IF('0 Úvod'!$M$10="English",Slovnik!D60,Slovnik!C60) -> Celkové investiční náklady (běžné ceny) | D50: =SUM(E50:S50,E66:S66) -> 0 | E50: =SUM(E41:E49) -> 0 | F50: =SUM(F41:F49) -> 0 | G50: =SUM(G41:G49) -> 0 | H50: =SUM(H41:H49) -> 0 | I50: =SUM(I41:I49) -> 0 | J50: =SUM(J41:J49) -> 0 | K50: =SUM(K41:K49) -> 0 | L50: =SUM(L41:L49) -> 0 | ... S50: =SUM(S41:S49) -> 0
C51: =IF('0 Úvod'!M10="English",Slovnik!$D$44,Slovnik!$C$44)&" "&'0 Úvod'!N20*100&" %" -> DPH 21 % | D51: =SUM(E51:S51,E67:S67) -> 0 | E51: =(E50-E42)*'0 Úvod'!$N$20 -> 0 | F51: =(F50-F42)*'0 Úvod'!$N$20 -> 0 | G51: =(G50-G42)*'0 Úvod'!$N$20 -> 0 | H51: =(H50-H42)*'0 Úvod'!$N$20 -> 0 | I51: =(I50-I42)*'0 Úvod'!$N$20 -> 0 | J51: =(J50-J42)*'0 Úvod'!$N$20 -> 0 | K51: =(K50-K42)*'0 Úvod'!$N$20 -> 0 | L51: =(L50-L42)*'0 Úvod'!$N$20 -> 0 | ... S51: =(S50-S42)*'0 Úvod'!$N$20 -> 0
C52: =IF('0 Úvod'!$M$10="English",Slovnik!D61,Slovnik!C61) -> Celkové invest. náklady vč. DPH (běžné ceny) | D52: =SUM(E52:S52,E68:S68) -> 0 | E52: =E51+E50 -> 0 | F52: =F51+F50 -> 0 | G52: =G51+G50 -> 0 | H52: =H51+H50 -> 0 | I52: =I51+I50 -> 0 | J52: =J51+J50 -> 0 | K52: =K51+K50 -> 0 | L52: =L51+L50 -> 0 | ... S52: =S51+S50 -> 0
B54: 1.2. | C54: =IF('0 Úvod'!$M$10="English",Slovnik!$D$48,Slovnik!$C$48) -> Celkové investiční náklady (CZK)
B55: b | C55: =IF('0 Úvod'!$M$10="English",Slovnik!$D$49,Slovnik!$C$49) -> (běžné ceny) | E55: =S39+1 -> 2041 | F55: =E55+1 -> 2042 | G55: =F55+1 -> 2043 | H55: =G55+1 -> 2044 | I55: =H55+1 -> 2045 | J55: =I55+1 -> 2046 | K55: =J55+1 -> 2047 | L55: =K55+1 -> 2048 | M55: =L55+1 -> 2049 | ... S55: =R55+1 -> 2055
C56: =IF('0 Úvod'!$M$10="English",Slovnik!D50,Slovnik!C50) -> Způsobilost nákladů **
C57: =IF('0 Úvod'!$M$10="English",Slovnik!D51,Slovnik!C51) -> Poplatky za plány/stavební projekt
C58: =IF('0 Úvod'!$M$10="English",Slovnik!D52,Slovnik!C52) -> Nákup pozemků
C59: =IF('0 Úvod'!$M$10="English",Slovnik!D53,Slovnik!C53) -> Výstavba
C60: =IF('0 Úvod'!$M$10="English",Slovnik!D54,Slovnik!C54) -> Prostory a strojní zařízení nebo vybavení
C61: =IF('0 Úvod'!$M$10="English",Slovnik!D55,Slovnik!C55) -> Nepředvídané události
C62: =IF('0 Úvod'!$M$10="English",Slovnik!D56,Slovnik!C56) -> Úprava ceny (v příslušném případě)
C63: =IF('0 Úvod'!$M$10="English",Slovnik!D57,Slovnik!C57) -> Propagace
C64: =IF('0 Úvod'!$M$10="English",Slovnik!D58,Slovnik!C58) -> Dozor v průběhu provádění výstavby
C65: =IF('0 Úvod'!$M$10="English",Slovnik!D59,Slovnik!C59) -> Technická pomoc
C66: =IF('0 Úvod'!$M$10="English",Slovnik!D60,Slovnik!C60) -> Celkové investiční náklady (běžné ceny) | E66: =SUM(E57:E65) -> 0 | F66: =SUM(F57:F65) -> 0 | G66: =SUM(G57:G65) -> 0 | H66: =SUM(H57:H65) -> 0 | I66: =SUM(I57:I65) -> 0 | J66: =SUM(J57:J65) -> 0 | K66: =SUM(K57:K65) -> 0 | L66: =SUM(L57:L65) -> 0 | ... S66: =SUM(S57:S65) -> 0
C67: =IF('0 Úvod'!M10="English",Slovnik!$D$44,Slovnik!$C$44)&" "&'0 Úvod'!N20*100&" %" -> DPH 21 % | E67: =(E66-E58)*'0 Úvod'!$N$20 -> 0 | F67: =(F66-F58)*'0 Úvod'!$N$20 -> 0 | G67: =(G66-G58)*'0 Úvod'!$N$20 -> 0 | H67: =(H66-H58)*'0 Úvod'!$N$20 -> 0 | I67: =(I66-I58)*'0 Úvod'!$N$20 -> 0 | J67: =(J66-J58)*'0 Úvod'!$N$20 -> 0 | K67: =(K66-K58)*'0 Úvod'!$N$20 -> 0 | L67: =(L66-L58)*'0 Úvod'!$N$20 -> 0 | ... S67: =(S66-S58)*'0 Úvod'!$N$20 -> 0
C68: =IF('0 Úvod'!$M$10="English",Slovnik!D61,Slovnik!C61) -> Celkové invest. náklady vč. DPH (běžné ceny) | E68: =E67+E66 -> 0 | F68: =F67+F66 -> 0 | G68: =G67+G66 -> 0 | H68: =H67+H66 -> 0 | I68: =I67+I66 -> 0 | J68: =J67+J66 -> 0 | K68: =K67+K66 -> 0 | L68: =L67+L66 -> 0 | ... S68: =S67+S66 -> 0
B71: =IF('0 Úvod'!$M$10="English",Slovnik!$D$64,Slovnik!$C$64) -> Komentáře
B73: Vyplňte v souladu s rozpočtem projektu. Případné reinvestice jsou zadávány až na listu 4 PN Infrastruktury.

Sheet 2 ZH
B2: 2.1. | C2: =IF('0 Úvod'!$M$10="English",Slovnik!$D$70,Slovnik!$C$70) -> Životnost investice (roky) | D2: =IF('0 Úvod'!$M$10="English",Slovnik!$D$105,Slovnik!$C$105) -> Náklady (CZK) | E2: =IF('0 Úvod'!$M$10="English",Slovnik!$D$106,Slovnik!$C$106) -> Vážení | G2: 2.2. | H2: =IF('0 Úvod'!$M$10="English",Slovnik!$D$108,Slovnik!$C$108) -> Životnost jednotlivých prvků dle dopravních módů | I2: =IF('0 Úvod'!$M$10="English",Slovnik!$D$109,Slovnik!$C$109) -> ekonomická životnost v letech
B3: =IF('0 Úvod'!$M$10="English",Slovnik!$D$67,Slovnik!$C$67) -> ŽELEZNIČNÍ A OSTATNÍ INFRASTRUKTURA* | C3: =IF('0 Úvod'!$M$10="English",Slovnik!D71,Slovnik!C71) -> Zabezpečovací zařízení | E3: =D3*I3 -> 0 | G3: =IF('0 Úvod'!$M$10="English",Slovnik!$D$67,Slovnik!$C$67) -> ŽELEZNIČNÍ A OSTATNÍ INFRASTRUKTURA* | H3: =IF('0 Úvod'!$M$10="English",Slovnik!D71,Slovnik!C71) -> Zabezpečovací zařízení | I3: 20
C4: =IF('0 Úvod'!$M$10="English",Slovnik!D72,Slovnik!C72) -> Sdělovací zařízení | E4: =D4*I4 -> 0 | H4: =IF('0 Úvod'!$M$10="English",Slovnik!D72,Slovnik!C72) -> Sdělovací zařízení | I4: 20
C5: =IF('0 Úvod'!$M$10="English",Slovnik!D73,Slovnik!C73) -> Silnoproudé rozvody a zařízení | E5: =D5*I5 -> 0 | H5: =IF('0 Úvod'!$M$10="English",Slovnik!D73,Slovnik!C73) -> Silnoproudé rozvody a zařízení | I5: 20
C6: =IF('0 Úvod'!$M$10="English",Slovnik!D74,Slovnik!C74) -> Železniční svršek | E6: =D6*I6 -> 0 | H6: =IF('0 Úvod'!$M$10="English",Slovnik!D74,Slovnik!C74) -> Železniční svršek | I6: 30
C7: =IF('0 Úvod'!$M$10="English",Slovnik!D75,Slovnik!C75) -> Železniční spodek | E7: =D7*I7 -> 0 | H7: =IF('0 Úvod'!$M$10="English",Slovnik!D75,Slovnik!C75) -> Železniční spodek | I7: 60
C8: =IF('0 Úvod'!$M$10="English",Slovnik!D76,Slovnik!C76) -> Pevná jízdní dráha | E8: =D8*I8 -> 0 | H8: =IF('0 Úvod'!$M$10="English",Slovnik!D76,Slovnik!C76) -> Pevná jízdní dráha | I8: 50
C9: =IF('0 Úvod'!$M$10="English",Slovnik!D77,Slovnik!C77) -> Mosty, propustky, zdi | E9: =D9*I9 -> 0 | H9: =IF('0 Úvod'!$M$10="English",Slovnik!D77,Slovnik!C77) -> Mosty, propustky, zdi | I9: 75
C10: =IF('0 Úvod'!$M$10="English",Slovnik!D78,Slovnik!C78) -> Tunely | E10: =D10*I10 -> 0 | H10: =IF('0 Úvod'!$M$10="English",Slovnik!D78,Slovnik!C78) -> Tunely | I10: 90
C11: =IF('0 Úvod'!$M$10="English",Slovnik!D79,Slovnik!C79) -> Komunikace a zpevněné plochy | E11: =D11*I11 -> 0 | H11: =IF('0 Úvod'!$M$10="English",Slovnik!D79,Slovnik!C79) -> Komunikace a zpevněné plochy | I11: 20
C12: =IF('0 Úvod'!$M$10="English",Slovnik!D80,Slovnik!C80) -> Trakce | E12: =D12*I12 -> 0 | H12: =IF('0 Úvod'!$M$10="English",Slovnik!D80,Slovnik!C80) -> Trakce | I12: 30
C13: =IF('0 Úvod'!$M$10="English",Slovnik!D81,Slovnik!C81) -> Inženýrské sítě (trubní vedení, kabelovody) | E13: =D13*I13 -> 0 | H13: =IF('0 Úvod'!$M$10="English",Slovnik!D81,Slovnik!C81) -> Inženýrské sítě (trubní vedení, kabelovody) | I13: 20
C14: =IF('0 Úvod'!$M$10="English",Slovnik!D82,Slovnik!C82) -> Pozemní stavby, nástupiště a přístřešky | E14: =D14*I14 -> 0 | H14: =IF('0 Úvod'!$M$10="English",Slovnik!D82,Slovnik!C82) -> Pozemní stavby, nástupiště a přístřešky | I14: 40
C15: =IF('0 Úvod'!$M$10="English",Slovnik!D83,Slovnik!C83) -> Objekty ochrany životního prostředí | E15: =D15*I15 -> 0 | H15: =IF('0 Úvod'!$M$10="English",Slovnik!D83,Slovnik!C83) -> Objekty ochrany životního prostředí | I15: 30
B16: =IF('0 Úvod'!$M$10="English",Slovnik!$D$68,Slovnik!$C$68) -> SILNIČNÍ INFRASTRUKTURA | C16: =IF('0 Úvod'!$M$10="English",Slovnik!D84,Slovnik!C84) -> Obrusná vrstva - netuhé asfaltové | E16: =D16*I16 -> 0 | G16: =IF('0 Úvod'!$M$10="English",Slovnik!$D$68,Slovnik!$C$68) -> SILNIČNÍ INFRASTRUKTURA | H16: =IF('0 Úvod'!$M$10="English",Slovnik!D84,Slovnik!C84) -> Obrusná vrstva - netuhé asfaltové | I16: 12
C17: =IF('0 Úvod'!$M$10="English",Slovnik!D85,Slovnik!C85) -> Obrusná vrstva - tuhé cementobetonové | E17: =D17*I17 -> 0 | H17: =IF('0 Úvod'!$M$10="English",Slovnik!D85,Slovnik!C85) -> Obrusná vrstva - tuhé cementobetonové | I17: 25
C18: =IF('0 Úvod'!$M$10="English",Slovnik!D86,Slovnik!C86) -> Ložná vrstva - netuhé asfaltové | E18: =D18*I18 -> 0 | H18: =IF('0 Úvod'!$M$10="English",Slovnik!D86,Slovnik!C86) -> Ložná vrstva - netuhé asfaltové | I18: 20
C19: =IF('0 Úvod'!$M$10="English",Slovnik!D87,Slovnik!C87) -> Podkladní vrstvy | E19: =D19*I19 -> 0 | H19: =IF('0 Úvod'!$M$10="English",Slovnik!D87,Slovnik!C87) -> Podkladní vrstvy | I19: 40
C20: =IF('0 Úvod'!$M$10="English",Slovnik!D88,Slovnik!C88) -> Inženýrské sítě a komunikace | E20: =D20*I20 -> 0 | H20: =IF('0 Úvod'!$M$10="English",Slovnik!D88,Slovnik!C88) -> Inženýrské sítě a komunikace | I20: 20
C21: =IF('0 Úvod'!$M$10="English",Slovnik!D89,Slovnik!C89) -> Odvodňovací zařízení | E21: =D21*I21 -> 0 | H21: =IF('0 Úvod'!$M$10="English",Slovnik!D89,Slovnik!C89) -> Odvodňovací zařízení | I21: 50
C22: =IF('0 Úvod'!$M$10="English",Slovnik!D90,Slovnik!C90) -> Zemní těleso | E22: =D22*I22 -> 0 | H22: =IF('0 Úvod'!$M$10="English",Slovnik!D90,Slovnik!C90) -> Zemní těleso | I22: 65
C23: =IF('0 Úvod'!$M$10="English",Slovnik!D91,Slovnik!C91) -> Mosty | E23: =D23*I23 -> 0 | H23: =IF('0 Úvod'!$M$10="English",Slovnik!D91,Slovnik!C91) -> Mosty | I23: 75
C24: =IF('0 Úvod'!$M$10="English",Slovnik!D92,Slovnik!C92) -> Tunely | E24: =D24*I24 -> 0 | H24: =IF('0 Úvod'!$M$10="English",Slovnik!D92,Slovnik!C92) -> Tunely | I24: 90
B25: =IF('0 Úvod'!$M$10="English",Slovnik!$D$69,Slovnik!$C$69) -> VODNÍ INFRASTRUKTURA | C25: =IF('0 Úvod'!$M$10="English",Slovnik!D93,Slovnik!C93) -> Přístavní zdi | E25: =D25*I25 -> 0 | G25: =IF('0 Úvod'!$M$10="English",Slovnik!$D$69,Slovnik!$C$69) -> VODNÍ INFRASTRUKTURA | H25: =IF('0 Úvod'!$M$10="English",Slovnik!D93,Slovnik!C93) -> Přístavní zdi | I25: 50
C26: =IF('0 Úvod'!$M$10="English",Slovnik!D94,Slovnik!C94) -> Hrubé hydrotechnické konstrukce** | E26: =D26*I26 -> 0 | H26: =IF('0 Úvod'!$M$10="English",Slovnik!D94,Slovnik!C94) -> Hrubé hydrotechnické konstrukce** | I26: 80
C27: =IF('0 Úvod'!$M$10="English",Slovnik!D95,Slovnik!C95) -> Ocelové konstrukce*** | E27: =D27*I27 -> 0 | H27: =IF('0 Úvod'!$M$10="English",Slovnik!D95,Slovnik!C95) -> Ocelové konstrukce*** | I27: 50
C28: =IF('0 Úvod'!$M$10="English",Slovnik!D96,Slovnik!C96) -> Mosty, propustky, tunely a štoly | E28: =D28*I28 -> 0 | H28: =IF('0 Úvod'!$M$10="English",Slovnik!D96,Slovnik!C96) -> Mosty, propustky, tunely a štoly | I28: 75
C29: =IF('0 Úvod'!$M$10="English",Slovnik!D97,Slovnik!C97) -> Pozemní stavby | E29: =D29*I29 -> 0 | H29: =IF('0 Úvod'!$M$10="English",Slovnik!D97,Slovnik!C97) -> Pozemní stavby | I29: 40
C30: =IF('0 Úvod'!$M$10="English",Slovnik!D98,Slovnik!C98) -> Komunikace a zpevněné plochy | E30: =D30*I30 -> 0 | H30: =IF('0 Úvod'!$M$10="English",Slovnik!D98,Slovnik!C98) -> Komunikace a zpevněné plochy | I30: 20
C31: =IF('0 Úvod'!$M$10="English",Slovnik!D99,Slovnik!C99) -> Silnoproudá instalace | E31: =D31*I31 -> 0 | H31: =IF('0 Úvod'!$M$10="English",Slovnik!D99,Slovnik!C99) -> Silnoproudá instalace | I31: 20
C32: =IF('0 Úvod'!$M$10="English",Slovnik!D100,Slovnik!C100) -> Slaboproudá instalace | E32: =D32*I32 -> 0 | H32: =IF('0 Úvod'!$M$10="English",Slovnik!D100,Slovnik!C100) -> Slaboproudá instalace | I32: 20
C33: =IF('0 Úvod'!$M$10="English",Slovnik!D101,Slovnik!C101) -> Inženýrské objekty (trubní vedení a kabelovody) | E33: =D33*I33 -> 0 | H33: =IF('0 Úvod'!$M$10="English",Slovnik!D101,Slovnik!C101) -> Inženýrské objekty (trubní vedení a kabelovody) | I33: 20
C34: =IF('0 Úvod'!$M$10="English",Slovnik!D102,Slovnik!C102) -> Úpravy vodní cesty a terénní úpravy | E34: =D34*I34 -> 0 | H34: =IF('0 Úvod'!$M$10="English",Slovnik!D102,Slovnik!C102) -> Úpravy vodní cesty a terénní úpravy | I34: 80
C35: =IF('0 Úvod'!$M$10="English",Slovnik!D103,Slovnik!C103) -> Ochrana životního prostředí | E35: =D35*I35 -> 0 | H35: =IF('0 Úvod'!$M$10="English",Slovnik!D103,Slovnik!C103) -> Ochrana životního prostředí | I35: 30
B36: =IF('0 Úvod'!$M$10="English",Slovnik!$D$737,Slovnik!$C$737) -> OSTATNÍ** | C36: specifikujte | E36: =D36*I36 -> 0 | G36: =IF('0 Úvod'!$M$10="English",Slovnik!$D$737,Slovnik!$C$737) -> OSTATNÍ** | H36: =C36 -> specifikujte | I36: 10
C37: specifikujte | E37: =D37*I37 -> 0 | H37: =C37 -> specifikujte | I37: 10
C38: =IF('0 Úvod'!$M$10="English",Slovnik!D104,Slovnik!C104) -> CELKEM | D38: =SUM(D3:D37) -> 0 | E38: =SUM(E3:E37) -> 0
B39: =IF('0 Úvod'!$M$10="English",Slovnik!$D$107,Slovnik!$C$107) -> Celková životnost investice (roky) | E39: =IFERROR(ROUND(E38/D38,0),0) -> 0
B42: 2.3. a | C42: =IF('0 Úvod'!$M$10="English",Slovnik!D111,Slovnik!C111) -> Výpočet zůstatkové hodnoty pro FA | G42: 2.3. b | H42: =IF('0 Úvod'!$M$10="English",Slovnik!$D$117,Slovnik!$C$117) -> Výpočet zůstatkové hodnoty pro EA
C43: =IF('0 Úvod'!$M$10="English",Slovnik!D112,Slovnik!C112) -> Celková životnost investice | D43: =$E$39 -> 0 | H43: =IF('0 Úvod'!$M$10="English",Slovnik!D112,Slovnik!C112) -> Celková životnost investice | I43: =$E$39 -> 0
C44: =IF('0 Úvod'!$M$10="English",Slovnik!D113,Slovnik!C113) -> Délka provozní fáze hodnotícího období | D44: ='0 Úvod'!$J$18-('0 Úvod'!$D$20-'0 Úvod'!$G$18) -> 30 | H44: =IF('0 Úvod'!$M$10="English",Slovnik!D113,Slovnik!C113) -> Délka provozní fáze hodnotícího období | I44: ='0 Úvod'!$J$18-('0 Úvod'!$D$20-'0 Úvod'!$G$18) -> 30
C45: =IF('0 Úvod'!$M$10="English",Slovnik!D114,Slovnik!C114) -> Životnost investice po skončení hodnotícího období | D45: =IF((D43-D44)<0,0,D43-D44) -> 0 | H45: =IF('0 Úvod'!$M$10="English",Slovnik!D114,Slovnik!C114) -> Životnost investice po skončení hodnotícího období | I45: =IF((I43-I44)<0,0,I43-I44) -> 0
C46: =IF('0 Úvod'!$M$10="English",Slovnik!D115,Slovnik!C115) -> Průměrný nákladový peněžní tok (nediskontovaný) | D46: =SUM('7 Finanční analýza'!E22:S22,'7 Finanční analýza'!E43:S43)/('0 Úvod'!J18-('0 Úvod'!$D$20-'0 Úvod'!G18)) -> 0 | H46: =IF('0 Úvod'!$M$10="English",Slovnik!D115,Slovnik!C115) -> Průměrný nákladový peněžní tok (nediskontovaný) | I46: =SUM('13 Ekonomická analýza'!F18:T18,'13 Ekonomická analýza'!F35:T35)/('0 Úvod'!J18-('0 Úvod'!$D$20-'0 Úvod'!G18)) -> 0
C47: =IF('0 Úvod'!$M$10="English",Slovnik!D116,Slovnik!C116) -> ZŮSTATKOVÁ HODNOTA | D47: =IF((D46*(1/(1+'0 Úvod'!J20))*(((1/(1+'0 Úvod'!J20))^D45-1)/((1/(1+'0 Úvod'!J20))-1)))<0,0,D46*(1/(1+'0 Úvod'!J20))*(((1/(1+'0 Úvod'!J20))^D45-1)/((1/(1+'0 Úvod'!J20))-1))) -> 0 | H47: =IF('0 Úvod'!$M$10="English",Slovnik!$D$118,Slovnik!$C$118) -> Ekonomický přínos v posledním roce (nediskontovaný) | I47: =IF('0 Úvod'!J18>15,(HLOOKUP(('0 Úvod'!G18+'0 Úvod'!J18-1),'13 Ekonomická analýza'!$F$19:$T$35,10,FALSE)-HLOOKUP(('0 Úvod'!G18+'0 Úvod'!J18-1),'13 Ekonomická analýza'!$F$19:$T$35,17,FALSE)),(HLOOKUP(('0 Úvod'!G18+'0 Úvod'!J18-1),'13 Ekonomická analýza'!$F$2:$T$18,10,FALSE)-HLOOKUP(('0 Úvod'!G18+'0 Úvod'!J18-1),'13 Ekonomická analýza'!$F$2:$T$18,17,FALSE))) -> 0
H48: =IF('0 Úvod'!$M$10="English",Slovnik!D116,Slovnik!C116) -> ZŮSTATKOVÁ HODNOTA | I48: =IF(((I46+I47)*(1/(1+'0 Úvod'!K20))*(((1/(1+'0 Úvod'!K20))^I45-1)/((1/(1+'0 Úvod'!K20))-1)))<0,0,(I46+I47)*(1/(1+'0 Úvod'!K20))*(((1/(1+'0 Úvod'!K20))^I45-1)/((1/(1+'0 Úvod'!K20))-1))) -> 0
B50: 2.4. a | C50: =IF('0 Úvod'!$M$10="English",Slovnik!$D$119,Slovnik!$C$119) -> Diskont. zůstatková hodnota investic pro FA | D50: =D47*(1/(1+'0 Úvod'!J20)^('0 Úvod'!J18-1)) -> 0 | G50: 2.4. b | H50: =IF('0 Úvod'!$M$10="English",Slovnik!$D$121,Slovnik!$C$121) -> Diskont. zůstatková hodnota investic pro EA | I50: =I48*(1/(1+'0 Úvod'!K20)^('0 Úvod'!J18-1)) -> 0
C51: =IF('0 Úvod'!$M$10="English",Slovnik!$D$120,Slovnik!$C$120) -> Diskontovaná zůstatková hodnota investic v EUR | D51: =D50/'0 Úvod'!N18 -> 0 | H51: =IF('0 Úvod'!$M$10="English",Slovnik!$D$120,Slovnik!$C$120) -> Diskontovaná zůstatková hodnota investic v EUR | I51: =I50/'0 Úvod'!N18 -> 0
C54: =IF('0 Úvod'!$M$10="English",Slovnik!$E$114,Slovnik!$E$113) -> * Při dělení nákladů stanovených v souhrnných rozpočtech se níže uvedené položky zařazují do uvedených kategorií: - železniční přejezdy = železniční svršek, - inženýrské sítě kabelové cizích vlastníků (telefony, datové sítě, veřejné elektrické rozvody, veř. osvětlení) = inženýrské sítě, - ostatní technologická zařízení, např. výtahy, eskalátory, jeřáby, úpravna vody = silnoproudé rozvody a zařízení, - přeložky a úpravy vodních toků, technické a biologické rekultivace, kácení = ochrana životního prostředí - individuální protihluková opatření = ochrana životního prostředí, - protihlukové stěny a protihlukové valy = ochrana životního prostředí, - budovy objektů napájení = pozemní stavby, - osvětlení, nízkonapěťové drážní rozvody, EOV, POV a napájení = silnoproudé rozvody a zařízení, - všeobecné objekty = inženýrské sítě. Pozn.: Pokud je zmiňována železniční infrastruktura, je tím míněna "infrastruktura drážní", která zahrnuje i městskou drážní dopravu.
C55: ** V případě potřeby lze vytvořit vlastní kategorii (kategorie) nákladů a stanovit jejich předpokládanou dobu životnosti.

Sheet 3 Doprava a přeprava
B2: 3.1. | C2: Specifikace území (linek) dotčených projektem
B4: 3.2. | C4: Dopravní výkony (vozové km) | D4: ='0 Úvod'!G18 -> 2026 | E4: =D4+1 -> 2027 | F4: =E4+1 -> 2028 | G4: =F4+1 -> 2029 | H4: =G4+1 -> 2030 | I4: =H4+1 -> 2031 | J4: =I4+1 -> 2032 | K4: =J4+1 -> 2033 | L4: =K4+1 -> 2034 | ... R4: =Q4+1 -> 2040
B5: a | C5: Scénář s projektem
C6: vozové km, BUS
C7: vozové km, trolejbus
C8: vozové km, tramvaj
C9: vozové km, metro
C10: vozové km, IAD ovlivněná projektem
C11: Celkem | D11: =SUM(D6:D10) -> 0 | E11: =SUM(E6:E10) -> 0 | F11: =SUM(F6:F10) -> 0 | G11: =SUM(G6:G10) -> 0 | H11: =SUM(H6:H10) -> 0 | I11: =SUM(I6:I10) -> 0 | J11: =SUM(J6:J10) -> 0 | K11: =SUM(K6:K10) -> 0 | ... R11: =SUM(R6:R10) -> 0
B13: =B4 -> 3.2. | C13: =C4 -> Dopravní výkony (vozové km) | D13: =R4+1 -> 2041 | E13: =D13+1 -> 2042 | F13: =E13+1 -> 2043 | G13: =F13+1 -> 2044 | H13: =G13+1 -> 2045 | I13: =H13+1 -> 2046 | J13: =I13+1 -> 2047 | K13: =J13+1 -> 2048 | L13: =K13+1 -> 2049 | ... R13: =Q13+1 -> 2055
B14: b | C14: =C5 -> Scénář s projektem
C15: =C6 -> vozové km, BUS
C16: =C7 -> vozové km, trolejbus
C17: =C8 -> vozové km, tramvaj
C18: =C9 -> vozové km, metro
C19: =C10 -> vozové km, IAD ovlivněná projektem
C20: =C11 -> Celkem | D20: =SUM(D15:D19) -> 0 | E20: =SUM(E15:E19) -> 0 | F20: =SUM(F15:F19) -> 0 | G20: =SUM(G15:G19) -> 0 | H20: =SUM(H15:H19) -> 0 | I20: =SUM(I15:I19) -> 0 | J20: =SUM(J15:J19) -> 0 | K20: =SUM(K15:K19) -> 0 | ... R20: =SUM(R15:R19) -> 0
B22: 3.3. | C22: =C4 -> Dopravní výkony (vozové km) | D22: =D4 -> 2026 | E22: =D22+1 -> 2027 | F22: =E22+1 -> 2028 | G22: =F22+1 -> 2029 | H22: =G22+1 -> 2030 | I22: =H22+1 -> 2031 | J22: =I22+1 -> 2032 | K22: =J22+1 -> 2033 | L22: =K22+1 -> 2034 | ... R22: =Q22+1 -> 2040
B23: a | C23: Scénář bez projektu
C24: =C6 -> vozové km, BUS
C25: =C7 -> vozové km, trolejbus
C26: =C8 -> vozové km, tramvaj
C27: =C9 -> vozové km, metro
C28: =C10 -> vozové km, IAD ovlivněná projektem
C29: Celkem | D29: =SUM(D24:D28) -> 0 | E29: =SUM(E24:E28) -> 0 | F29: =SUM(F24:F28) -> 0 | G29: =SUM(G24:G28) -> 0 | H29: =SUM(H24:H28) -> 0 | I29: =SUM(I24:I28) -> 0 | J29: =SUM(J24:J28) -> 0 | K29: =SUM(K24:K28) -> 0 | ... R29: =SUM(R24:R28) -> 0
B31: =B22 -> 3.3. | C31: =C22 -> Dopravní výkony (vozové km) | D31: =R22+1 -> 2041 | E31: =D31+1 -> 2042 | F31: =E31+1 -> 2043 | G31: =F31+1 -> 2044 | H31: =G31+1 -> 2045 | I31: =H31+1 -> 2046 | J31: =I31+1 -> 2047 | K31: =J31+1 -> 2048 | L31: =K31+1 -> 2049 | ... R31: =Q31+1 -> 2055
B32: b | C32: =C23 -> Scénář bez projektu | D32: =R23+1 -> 1
C33: =C24 -> vozové km, BUS
C34: =C25 -> vozové km, trolejbus
C35: =C26 -> vozové km, tramvaj
C36: =C27 -> vozové km, metro
C37: =C28 -> vozové km, IAD ovlivněná projektem
C38: =C29 -> Celkem | D38: =SUM(D33:D37) -> 0 | E38: =SUM(E33:E37) -> 0 | F38: =SUM(F33:F37) -> 0 | G38: =SUM(G33:G37) -> 0 | H38: =SUM(H33:H37) -> 0 | I38: =SUM(I33:I37) -> 0 | J38: =SUM(J33:J37) -> 0 | K38: =SUM(K33:K37) -> 0 | ... R38: =SUM(R33:R37) -> 0
B40: 3.4. | C40: Přírůstkové dopravní výkony (vzkm) | D40: =D22 -> 2026 | E40: =D40+1 -> 2027 | F40: =E40+1 -> 2028 | G40: =F40+1 -> 2029 | H40: =G40+1 -> 2030 | I40: =H40+1 -> 2031 | J40: =I40+1 -> 2032 | K40: =J40+1 -> 2033 | L40: =K40+1 -> 2034 | ... R40: =Q40+1 -> 2040
B41: a
C42: =C33 -> vozové km, BUS | D42: =D6-D24 -> 0 | E42: =E6-E24 -> 0 | F42: =F6-F24 -> 0 | G42: =G6-G24 -> 0 | H42: =H6-H24 -> 0 | I42: =I6-I24 -> 0 | J42: =J6-J24 -> 0 | K42: =K6-K24 -> 0 | ... R42: =R6-R24 -> 0
C43: =C34 -> vozové km, trolejbus | D43: =D7-D25 -> 0 | E43: =E7-E25 -> 0 | F43: =F7-F25 -> 0 | G43: =G7-G25 -> 0 | H43: =H7-H25 -> 0 | I43: =I7-I25 -> 0 | J43: =J7-J25 -> 0 | K43: =K7-K25 -> 0 | ... R43: =R7-R25 -> 0
C44: =C35 -> vozové km, tramvaj | D44: =D8-D26 -> 0 | E44: =E8-E26 -> 0 | F44: =F8-F26 -> 0 | G44: =G8-G26 -> 0 | H44: =H8-H26 -> 0 | I44: =I8-I26 -> 0 | J44: =J8-J26 -> 0 | K44: =K8-K26 -> 0 | ... R44: =R8-R26 -> 0
C45: =C36 -> vozové km, metro | D45: =D9-D27 -> 0 | E45: =E9-E27 -> 0 | F45: =F9-F27 -> 0 | G45: =G9-G27 -> 0 | H45: =H9-H27 -> 0 | I45: =I9-I27 -> 0 | J45: =J9-J27 -> 0 | K45: =K9-K27 -> 0 | ... R45: =R9-R27 -> 0
C46: =C37 -> vozové km, IAD ovlivněná projektem | D46: =D10-D28 -> 0 | E46: =E10-E28 -> 0 | F46: =F10-F28 -> 0 | G46: =G10-G28 -> 0 | H46: =H10-H28 -> 0 | I46: =I10-I28 -> 0 | J46: =J10-J28 -> 0 | K46: =K10-K28 -> 0 | ... R46: =R10-R28 -> 0
C47: Celkem | D47: =SUM(D42:D46) -> 0 | E47: =SUM(E42:E46) -> 0 | F47: =SUM(F42:F46) -> 0 | G47: =SUM(G42:G46) -> 0 | H47: =SUM(H42:H46) -> 0 | I47: =SUM(I42:I46) -> 0 | J47: =SUM(J42:J46) -> 0 | K47: =SUM(K42:K46) -> 0 | ... R47: =SUM(R42:R46) -> 0
B49: 3.4. | C49: =C40 -> Přírůstkové dopravní výkony (vzkm) | D49: =R40+1 -> 2041 | E49: =D49+1 -> 2042 | F49: =E49+1 -> 2043 | G49: =F49+1 -> 2044 | H49: =G49+1 -> 2045 | I49: =H49+1 -> 2046 | J49: =I49+1 -> 2047 | K49: =J49+1 -> 2048 | L49: =K49+1 -> 2049 | ... R49: =Q49+1 -> 2055
B50: b | D50: =R41+1 -> 1
C51: =C42 -> vozové km, BUS | D51: =D15-D33 -> 0 | E51: =E15-E33 -> 0 | F51: =F15-F33 -> 0 | G51: =G15-G33 -> 0 | H51: =H15-H33 -> 0 | I51: =I15-I33 -> 0 | J51: =J15-J33 -> 0 | K51: =K15-K33 -> 0 | ... R51: =R15-R33 -> 0
C52: =C43 -> vozové km, trolejbus | D52: =D16-D34 -> 0 | E52: =E16-E34 -> 0 | F52: =F16-F34 -> 0 | G52: =G16-G34 -> 0 | H52: =H16-H34 -> 0 | I52: =I16-I34 -> 0 | J52: =J16-J34 -> 0 | K52: =K16-K34 -> 0 | ... R52: =R16-R34 -> 0
C53: =C44 -> vozové km, tramvaj | D53: =D17-D35 -> 0 | E53: =E17-E35 -> 0 | F53: =F17-F35 -> 0 | G53: =G17-G35 -> 0 | H53: =H17-H35 -> 0 | I53: =I17-I35 -> 0 | J53: =J17-J35 -> 0 | K53: =K17-K35 -> 0 | ... R53: =R17-R35 -> 0
C54: =C45 -> vozové km, metro | D54: =D18-D36 -> 0 | E54: =E18-E36 -> 0 | F54: =F18-F36 -> 0 | G54: =G18-G36 -> 0 | H54: =H18-H36 -> 0 | I54: =I18-I36 -> 0 | J54: =J18-J36 -> 0 | K54: =K18-K36 -> 0 | ... R54: =R18-R36 -> 0
C55: =C46 -> vozové km, IAD ovlivněná projektem | D55: =D19-D37 -> 0 | E55: =E19-E37 -> 0 | F55: =F19-F37 -> 0 | G55: =G19-G37 -> 0 | H55: =H19-H37 -> 0 | I55: =I19-I37 -> 0 | J55: =J19-J37 -> 0 | K55: =K19-K37 -> 0 | ... R55: =R19-R37 -> 0
C56: Celkem | D56: =SUM(D51:D55) -> 0 | E56: =SUM(E51:E55) -> 0 | F56: =SUM(F51:F55) -> 0 | G56: =SUM(G51:G55) -> 0 | H56: =SUM(H51:H55) -> 0 | I56: =SUM(I51:I55) -> 0 | J56: =SUM(J51:J55) -> 0 | K56: =SUM(K51:K55) -> 0 | ... R56: =SUM(R51:R55) -> 0
B58: 3.5. | C58: Přepravní výkony (tis. osobokm) | D58: =D4 -> 2026 | E58: =D58+1 -> 2027 | F58: =E58+1 -> 2028 | G58: =F58+1 -> 2029 | H58: =G58+1 -> 2030 | I58: =H58+1 -> 2031 | J58: =I58+1 -> 2032 | K58: =J58+1 -> 2033 | L58: =K58+1 -> 2034 | ... R58: =Q58+1 -> 2040
B59: a | C59: Scénář s projektem
C60: tis. osobokm, BUS
C61: tis. osobokm, trolejbus
C62: tis. osobokm, tramvaj
C63: tis. osobokm, metro
C64: tis. osobokm, IAD ovlivněná projektem
C65: Celkem | D65: =SUM(D60:D64) -> 0 | E65: =SUM(E60:E64) -> 0 | F65: =SUM(F60:F64) -> 0 | G65: =SUM(G60:G64) -> 0 | H65: =SUM(H60:H64) -> 0 | I65: =SUM(I60:I64) -> 0 | J65: =SUM(J60:J64) -> 0 | K65: =SUM(K60:K64) -> 0 | ... R65: =SUM(R60:R64) -> 0
B67: =B58 -> 3.5. | C67: =C58 -> Přepravní výkony (tis. osobokm) | D67: =R58+1 -> 2041 | E67: =D67+1 -> 2042 | F67: =E67+1 -> 2043 | G67: =F67+1 -> 2044 | H67: =G67+1 -> 2045 | I67: =H67+1 -> 2046 | J67: =I67+1 -> 2047 | K67: =J67+1 -> 2048 | L67: =K67+1 -> 2049 | ... R67: =Q67+1 -> 2055
B68: b | C68: =C59 -> Scénář s projektem
C69: =C60 -> tis. osobokm, BUS
C70: =C61 -> tis. osobokm, trolejbus
C71: =C62 -> tis. osobokm, tramvaj
C72: =C63 -> tis. osobokm, metro
C73: =C64 -> tis. osobokm, IAD ovlivněná projektem
C74: =C65 -> Celkem | D74: =SUM(D69:D73) -> 0 | E74: =SUM(E69:E73) -> 0 | F74: =SUM(F69:F73) -> 0 | G74: =SUM(G69:G73) -> 0 | H74: =SUM(H69:H73) -> 0 | I74: =SUM(I69:I73) -> 0 | J74: =SUM(J69:J73) -> 0 | K74: =SUM(K69:K73) -> 0 | ... R74: =SUM(R69:R73) -> 0
B76: 3.6. | C76: =C58 -> Přepravní výkony (tis. osobokm) | D76: =D58 -> 2026 | E76: =D76+1 -> 2027 | F76: =E76+1 -> 2028 | G76: =F76+1 -> 2029 | H76: =G76+1 -> 2030 | I76: =H76+1 -> 2031 | J76: =I76+1 -> 2032 | K76: =J76+1 -> 2033 | L76: =K76+1 -> 2034 | ... R76: =Q76+1 -> 2040
B77: a | C77: Scénář bez projektu
C78: =C60 -> tis. osobokm, BUS
C79: =C61 -> tis. osobokm, trolejbus
C80: =C62 -> tis. osobokm, tramvaj
C81: =C63 -> tis. osobokm, metro
C82: =C64 -> tis. osobokm, IAD ovlivněná projektem
C83: Celkem | D83: =SUM(D78:D82) -> 0 | E83: =SUM(E78:E82) -> 0 | F83: =SUM(F78:F82) -> 0 | G83: =SUM(G78:G82) -> 0 | H83: =SUM(H78:H82) -> 0 | I83: =SUM(I78:I82) -> 0 | J83: =SUM(J78:J82) -> 0 | K83: =SUM(K78:K82) -> 0 | ... R83: =SUM(R78:R82) -> 0
B85: =B76 -> 3.6. | C85: =C76 -> Přepravní výkony (tis. osobokm) | D85: =R76+1 -> 2041 | E85: =D85+1 -> 2042 | F85: =E85+1 -> 2043 | G85: =F85+1 -> 2044 | H85: =G85+1 -> 2045 | I85: =H85+1 -> 2046 | J85: =I85+1 -> 2047 | K85: =J85+1 -> 2048 | L85: =K85+1 -> 2049 | ... R85: =Q85+1 -> 2055
B86: b | C86: =C77 -> Scénář bez projektu | D86: =R77+1 -> 1
C87: =C78 -> tis. osobokm, BUS
C88: =C79 -> tis. osobokm, trolejbus
C89: =C80 -> tis. osobokm, tramvaj
C90: =C81 -> tis. osobokm, metro
C91: =C82 -> tis. osobokm, IAD ovlivněná projektem
C92: =C83 -> Celkem | D92: =SUM(D87:D91) -> 0 | E92: =SUM(E87:E91) -> 0 | F92: =SUM(F87:F91) -> 0 | G92: =SUM(G87:G91) -> 0 | H92: =SUM(H87:H91) -> 0 | I92: =SUM(I87:I91) -> 0 | J92: =SUM(J87:J91) -> 0 | K92: =SUM(K87:K91) -> 0 | ... R92: =SUM(R87:R91) -> 0
B94: 3.7. | C94: Přírůstkové přepravní výkony (oskm) | D94: =D76 -> 2026 | E94: =D94+1 -> 2027 | F94: =E94+1 -> 2028 | G94: =F94+1 -> 2029 | H94: =G94+1 -> 2030 | I94: =H94+1 -> 2031 | J94: =I94+1 -> 2032 | K94: =J94+1 -> 2033 | L94: =K94+1 -> 2034 | ... R94: =Q94+1 -> 2040
B95: a
C96: =C87 -> tis. osobokm, BUS | D96: =D60-D78 -> 0 | E96: =E60-E78 -> 0 | F96: =F60-F78 -> 0 | G96: =G60-G78 -> 0 | H96: =H60-H78 -> 0 | I96: =I60-I78 -> 0 | J96: =J60-J78 -> 0 | K96: =K60-K78 -> 0 | ... R96: =R60-R78 -> 0
C97: =C88 -> tis. osobokm, trolejbus | D97: =D61-D79 -> 0 | E97: =E61-E79 -> 0 | F97: =F61-F79 -> 0 | G97: =G61-G79 -> 0 | H97: =H61-H79 -> 0 | I97: =I61-I79 -> 0 | J97: =J61-J79 -> 0 | K97: =K61-K79 -> 0 | ... R97: =R61-R79 -> 0
C98: =C89 -> tis. osobokm, tramvaj | D98: =D62-D80 -> 0 | E98: =E62-E80 -> 0 | F98: =F62-F80 -> 0 | G98: =G62-G80 -> 0 | H98: =H62-H80 -> 0 | I98: =I62-I80 -> 0 | J98: =J62-J80 -> 0 | K98: =K62-K80 -> 0 | ... R98: =R62-R80 -> 0
C99: =C90 -> tis. osobokm, metro | D99: =D63-D81 -> 0 | E99: =E63-E81 -> 0 | F99: =F63-F81 -> 0 | G99: =G63-G81 -> 0 | H99: =H63-H81 -> 0 | I99: =I63-I81 -> 0 | J99: =J63-J81 -> 0 | K99: =K63-K81 -> 0 | ... R99: =R63-R81 -> 0
C100: =C91 -> tis. osobokm, IAD ovlivněná projektem | D100: =D64-D82 -> 0 | E100: =E64-E82 -> 0 | F100: =F64-F82 -> 0 | G100: =G64-G82 -> 0 | H100: =H64-H82 -> 0 | I100: =I64-I82 -> 0 | J100: =J64-J82 -> 0 | K100: =K64-K82 -> 0 | ... R100: =R64-R82 -> 0
C101: Celkem | D101: =SUM(D96:D100) -> 0 | E101: =SUM(E96:E100) -> 0 | F101: =SUM(F96:F100) -> 0 | G101: =SUM(G96:G100) -> 0 | H101: =SUM(H96:H100) -> 0 | I101: =SUM(I96:I100) -> 0 | J101: =SUM(J96:J100) -> 0 | K101: =SUM(K96:K100) -> 0 | ... R101: =SUM(R96:R100) -> 0
B103: =B94 -> 3.7. | C103: =C94 -> Přírůstkové přepravní výkony (oskm) | D103: =R94+1 -> 2041 | E103: =D103+1 -> 2042 | F103: =E103+1 -> 2043 | G103: =F103+1 -> 2044 | H103: =G103+1 -> 2045 | I103: =H103+1 -> 2046 | J103: =I103+1 -> 2047 | K103: =J103+1 -> 2048 | L103: =K103+1 -> 2049 | ... R103: =Q103+1 -> 2055
B104: b | D104: =R95+1 -> 1
C105: =C96 -> tis. osobokm, BUS | D105: =D69-D87 -> 0 | E105: =E69-E87 -> 0 | F105: =F69-F87 -> 0 | G105: =G69-G87 -> 0 | H105: =H69-H87 -> 0 | I105: =I69-I87 -> 0 | J105: =J69-J87 -> 0 | K105: =K69-K87 -> 0 | ... R105: =R69-R87 -> 0
C106: =C97 -> tis. osobokm, trolejbus | D106: =D70-D88 -> 0 | E106: =E70-E88 -> 0 | F106: =F70-F88 -> 0 | G106: =G70-G88 -> 0 | H106: =H70-H88 -> 0 | I106: =I70-I88 -> 0 | J106: =J70-J88 -> 0 | K106: =K70-K88 -> 0 | ... R106: =R70-R88 -> 0
C107: =C98 -> tis. osobokm, tramvaj | D107: =D71-D89 -> 0 | E107: =E71-E89 -> 0 | F107: =F71-F89 -> 0 | G107: =G71-G89 -> 0 | H107: =H71-H89 -> 0 | I107: =I71-I89 -> 0 | J107: =J71-J89 -> 0 | K107: =K71-K89 -> 0 | ... R107: =R71-R89 -> 0
C108: =C99 -> tis. osobokm, metro | D108: =D72-D90 -> 0 | E108: =E72-E90 -> 0 | F108: =F72-F90 -> 0 | G108: =G72-G90 -> 0 | H108: =H72-H90 -> 0 | I108: =I72-I90 -> 0 | J108: =J72-J90 -> 0 | K108: =K72-K90 -> 0 | ... R108: =R72-R90 -> 0
C109: =C100 -> tis. osobokm, IAD ovlivněná projektem | D109: =D73-D91 -> 0 | E109: =E73-E91 -> 0 | F109: =F73-F91 -> 0 | G109: =G73-G91 -> 0 | H109: =H73-H91 -> 0 | I109: =I73-I91 -> 0 | J109: =J73-J91 -> 0 | K109: =K73-K91 -> 0 | ... R109: =R73-R91 -> 0
C110: Celkem | D110: =SUM(D105:D109) -> 0 | E110: =SUM(E105:E109) -> 0 | F110: =SUM(F105:F109) -> 0 | G110: =SUM(G105:G109) -> 0 | H110: =SUM(H105:H109) -> 0 | I110: =SUM(I105:I109) -> 0 | J110: =SUM(J105:J109) -> 0 | K110: =SUM(K105:K109) -> 0 | ... R110: =SUM(R105:R109) -> 0
B112: =IF('0 Úvod'!$M$10="English",Slovnik!$D$164,Slovnik!$C$164) -> Komentáře
B114: Uveďte předpokládané přepravní výkony za sledované linky. Uveďte všechny použité předpoklady (například postup přepočtu z místokilometrů apod.).
B158: =IF('0 Úvod'!$M$10="English",Slovnik!$D$183,Slovnik!$C$183) -> Komentáře
...

Sheet 4 PN infrastruktury
B2: 4.1. | C2: =IF('0 Úvod'!$M$10="English",Slovnik!D123,Slovnik!C123) -> Celkové provozní náklady (CZK) | E2: ='1 CIN'!E3 -> 2026 | F2: =E2+1 -> 2027 | G2: =F2+1 -> 2028 | H2: =G2+1 -> 2029 | I2: =H2+1 -> 2030 | J2: =I2+1 -> 2031 | K2: =J2+1 -> 2032 | L2: =K2+1 -> 2033 | M2: =L2+1 -> 2034 | ... S2: =R2+1 -> 2040
B3: a | C3: =IF('0 Úvod'!$M$10="English",Slovnik!D124,Slovnik!C124) -> Scénář s projektem | D3: =IF('0 Úvod'!$M$10="English",Slovnik!$D$133,Slovnik!$C$133) -> Celkem
C4: =IF('0 Úvod'!$M$10="English",Slovnik!D125,Slovnik!C125) -> Náklady na údržbu a opravy - ŽELEZNIČNÍ infrastruktura | D4: =SUM(E4:S4,E17:S17) -> 0
C5: =IF('0 Úvod'!$M$10="English",Slovnik!D126,Slovnik!C126) -> Reinvestice (obnova) - ŽELEZNIČNÍ infrastruktura | D5: =SUM(E5:S5,E18:S18) -> 0
C6: =IF('0 Úvod'!$M$10="English",Slovnik!D127,Slovnik!C127) -> Náklady na řízení provozu - ŽELEZNIČNÍ doprava | D6: =SUM(E6:S6,E19:S19) -> 0 | E6: =IF(E2<=('0 Úvod'!$G$18+'0 Úvod'!$J$18-1),SUMPRODUCT(E105:E117,E139:E151)+E153,0) -> 0 | F6: =IF(F2<=('0 Úvod'!$G$18+'0 Úvod'!$J$18-1),SUMPRODUCT(F105:F117,F139:F151)+F153,0) -> 0 | G6: =IF(G2<=('0 Úvod'!$G$18+'0 Úvod'!$J$18-1),SUMPRODUCT(G105:G117,G139:G151)+G153,0) -> 0 | H6: =IF(H2<=('0 Úvod'!$G$18+'0 Úvod'!$J$18-1),SUMPRODUCT(H105:H117,H139:H151)+H153,0) -> 0 | I6: =IF(I2<=('0 Úvod'!$G$18+'0 Úvod'!$J$18-1),SUMPRODUCT(I105:I117,I139:I151)+I153,0) -> 0 | J6: =IF(J2<=('0 Úvod'!$G$18+'0 Úvod'!$J$18-1),SUMPRODUCT(J105:J117,J139:J151)+J153,0) -> 0 | K6: =IF(K2<=('0 Úvod'!$G$18+'0 Úvod'!$J$18-1),SUMPRODUCT(K105:K117,K139:K151)+K153,0) -> 0 | L6: =IF(L2<=('0 Úvod'!$G$18+'0 Úvod'!$J$18-1),SUMPRODUCT(L105:L117,L139:L151)+L153,0) -> 0 | ... S6: =IF(S2<=('0 Úvod'!$G$18+'0 Úvod'!$J$18-1),SUMPRODUCT(S105:S117,S139:S151)+S153,0) -> 0
C7: =C59 -> #REF! | D7: =SUM(E7:S7,E20:S20) -> 0
C8: =C60 -> #REF! | D8: =SUM(E8:S8,E21:S21) -> 0
C9: =IF('0 Úvod'!$M$10="English",Slovnik!D130,Slovnik!C130) -> Náklady na běžnou údržbu VODNÍ infrastruktury | D9: =SUM(E9:S9,E22:S22) -> 0
C10: =IF('0 Úvod'!$M$10="English",Slovnik!D131,Slovnik!C131) -> Náklady na opravy VODNÍ infrastruktury | D10: =SUM(E10:S10,E23:S23) -> 0
C11: =IF('0 Úvod'!$M$10="English",Slovnik!D731,Slovnik!C731) -> Náklady na běžnou údržbu infrastruktury | D11: =SUM(E11:S11,E24:S24) -> 0
C12: =IF('0 Úvod'!$M$10="English",Slovnik!D732,Slovnik!C732) -> Náklady na opravy a reinvestice | D12: =SUM(E12:S12,E25:S25) -> 0
C13: =IF('0 Úvod'!$M$10="English",Slovnik!D132,Slovnik!C132) -> Celkové PN infrastruktury | D13: =SUM(E13:S13,E26:S26) -> 0 | E13: =SUM(E4:E12) -> 0 | F13: =SUM(F4:F12) -> 0 | G13: =SUM(G4:G12) -> 0 | H13: =SUM(H4:H12) -> 0 | I13: =SUM(I4:I12) -> 0 | J13: =SUM(J4:J12) -> 0 | K13: =SUM(K4:K12) -> 0 | L13: =SUM(L4:L12) -> 0 | ... S13: =SUM(S4:S12) -> 0
B15: =B2 -> 4.1. | C15: =IF('0 Úvod'!$M$10="English",Slovnik!D123,Slovnik!C123) -> Celkové provozní náklady (CZK) | E15: =S2+1 -> 2041 | F15: =E15+1 -> 2042 | G15: =F15+1 -> 2043 | H15: =G15+1 -> 2044 | I15: =H15+1 -> 2045 | J15: =I15+1 -> 2046 | K15: =J15+1 -> 2047 | L15: =K15+1 -> 2048 | M15: =L15+1 -> 2049 | ... S15: =R15+1 -> 2055
B16: b | C16: =IF('0 Úvod'!$M$10="English",Slovnik!D124,Slovnik!C124) -> Scénář s projektem
C17: =IF('0 Úvod'!$M$10="English",Slovnik!D125,Slovnik!C125) -> Náklady na údržbu a opravy - ŽELEZNIČNÍ infrastruktura
C18: =IF('0 Úvod'!$M$10="English",Slovnik!D126,Slovnik!C126) -> Reinvestice (obnova) - ŽELEZNIČNÍ infrastruktura
C19: =IF('0 Úvod'!$M$10="English",Slovnik!D127,Slovnik!C127) -> Náklady na řízení provozu - ŽELEZNIČNÍ doprava | E19: =IF(E15<=('0 Úvod'!$G$18+'0 Úvod'!$J$18-1),SUMPRODUCT(E122:E134,E157:E169)+E171,0) -> 0 | F19: =IF(F15<=('0 Úvod'!$G$18+'0 Úvod'!$J$18-1),SUMPRODUCT(F122:F134,F157:F169)+F171,0) -> 0 | G19: =IF(G15<=('0 Úvod'!$G$18+'0 Úvod'!$J$18-1),SUMPRODUCT(G122:G134,G157:G169)+G171,0) -> 0 | H19: =IF(H15<=('0 Úvod'!$G$18+'0 Úvod'!$J$18-1),SUMPRODUCT(H122:H134,H157:H169)+H171,0) -> 0 | I19: =IF(I15<=('0 Úvod'!$G$18+'0 Úvod'!$J$18-1),SUMPRODUCT(I122:I134,I157:I169)+I171,0) -> 0 | J19: =IF(J15<=('0 Úvod'!$G$18+'0 Úvod'!$J$18-1),SUMPRODUCT(J122:J134,J157:J169)+J171,0) -> 0 | K19: =IF(K15<=('0 Úvod'!$G$18+'0 Úvod'!$J$18-1),SUMPRODUCT(K122:K134,K157:K169)+K171,0) -> 0 | L19: =IF(L15<=('0 Úvod'!$G$18+'0 Úvod'!$J$18-1),SUMPRODUCT(L122:L134,L157:L169)+L171,0) -> 0 | ... S19: =IF(S15<=('0 Úvod'!$G$18+'0 Úvod'!$J$18-1),SUMPRODUCT(S122:S134,S157:S169)+S171,0) -> 0
C20: =C72 -> #REF!
C21: =C73 -> #REF!
C22: =IF('0 Úvod'!$M$10="English",Slovnik!D130,Slovnik!C130) -> Náklady na běžnou údržbu VODNÍ infrastruktury
C23: =IF('0 Úvod'!$M$10="English",Slovnik!D131,Slovnik!C131) -> Náklady na opravy VODNÍ infrastruktury
C24: =IF('0 Úvod'!$M$10="English",Slovnik!D731,Slovnik!C731) -> Náklady na běžnou údržbu infrastruktury
C25: =IF('0 Úvod'!$M$10="English",Slovnik!D732,Slovnik!C732) -> Náklady na opravy a reinvestice
C26: =IF('0 Úvod'!$M$10="English",Slovnik!D132,Slovnik!C132) -> Celkové PN infrastruktury | E26: =SUM(E17:E25) -> 0 | F26: =SUM(F17:F25) -> 0 | G26: =SUM(G17:G25) -> 0 | H26: =SUM(H17:H25) -> 0 | I26: =SUM(I17:I25) -> 0 | J26: =SUM(J17:J25) -> 0 | K26: =SUM(K17:K25) -> 0 | L26: =SUM(L17:L25) -> 0 | ... S26: =SUM(S17:S25) -> 0
B28: 4.2. | C28: =IF('0 Úvod'!$M$10="English",Slovnik!D123,Slovnik!C123) -> Celkové provozní náklady (CZK) | E28: =E2 -> 2026 | F28: =E28+1 -> 2027 | G28: =F28+1 -> 2028 | H28: =G28+1 -> 2029 | I28: =H28+1 -> 2030 | J28: =I28+1 -> 2031 | K28: =J28+1 -> 2032 | L28: =K28+1 -> 2033 | M28: =L28+1 -> 2034 | ... S28: =R28+1 -> 2040
B29: a | C29: =IF('0 Úvod'!$M$10="English",Slovnik!D134,Slovnik!C134) -> Scénář bez projektu | D29: =D3 -> Celkem
C30: =IF('0 Úvod'!$M$10="English",Slovnik!D125,Slovnik!C125) -> Náklady na údržbu a opravy - ŽELEZNIČNÍ infrastruktura | D30: =SUM(E30:S30,E43:S43) -> 0
C31: =IF('0 Úvod'!$M$10="English",Slovnik!D126,Slovnik!C126) -> Reinvestice (obnova) - ŽELEZNIČNÍ infrastruktura | D31: =SUM(E31:S31,E44:S44) -> 0
C32: =IF('0 Úvod'!$M$10="English",Slovnik!D127,Slovnik!C127) -> Náklady na řízení provozu - ŽELEZNIČNÍ doprava | D32: =SUM(E32:S32,E45:S45) -> 0 | E32: =IF(E28<=('0 Úvod'!$G$18+'0 Úvod'!$J$18-1),SUMPRODUCT(E105:E117,E175:E187)+E189,0) -> 0 | F32: =IF(F28<=('0 Úvod'!$G$18+'0 Úvod'!$J$18-1),SUMPRODUCT(F105:F117,F175:F187)+F189,0) -> 0 | G32: =IF(G28<=('0 Úvod'!$G$18+'0 Úvod'!$J$18-1),SUMPRODUCT(G105:G117,G175:G187)+G189,0) -> 0 | H32: =IF(H28<=('0 Úvod'!$G$18+'0 Úvod'!$J$18-1),SUMPRODUCT(H105:H117,H175:H187)+H189,0) -> 0 | I32: =IF(I28<=('0 Úvod'!$G$18+'0 Úvod'!$J$18-1),SUMPRODUCT(I105:I117,I175:I187)+I189,0) -> 0 | J32: =IF(J28<=('0 Úvod'!$G$18+'0 Úvod'!$J$18-1),SUMPRODUCT(J105:J117,J175:J187)+J189,0) -> 0 | K32: =IF(K28<=('0 Úvod'!$G$18+'0 Úvod'!$J$18-1),SUMPRODUCT(K105:K117,K175:K187)+K189,0) -> 0 | L32: =IF(L28<=('0 Úvod'!$G$18+'0 Úvod'!$J$18-1),SUMPRODUCT(L105:L117,L175:L187)+L189,0) -> 0 | ... S32: =IF(S28<=('0 Úvod'!$G$18+'0 Úvod'!$J$18-1),SUMPRODUCT(S105:S117,S175:S187)+S189,0) -> 0
C33: =C59 -> #REF! | D33: =SUM(E33:S33,E46:S46) -> 0
C34: =C60 -> #REF! | D34: =SUM(E34:S34,E47:S47) -> 0
C35: =IF('0 Úvod'!$M$10="English",Slovnik!D130,Slovnik!C130) -> Náklady na běžnou údržbu VODNÍ infrastruktury | D35: =SUM(E35:S35,E48:S48) -> 0
C36: =IF('0 Úvod'!$M$10="English",Slovnik!D131,Slovnik!C131) -> Náklady na opravy VODNÍ infrastruktury | D36: =SUM(E36:S36,E49:S49) -> 0
C37: =IF('0 Úvod'!$M$10="English",Slovnik!D731,Slovnik!C731) -> Náklady na běžnou údržbu infrastruktury | D37: =SUM(E37:S37,E50:S50) -> 0
C38: =IF('0 Úvod'!$M$10="English",Slovnik!D732,Slovnik!C732) -> Náklady na opravy a reinvestice | D38: =SUM(E38:S38,E51:S51) -> 0
C39: =IF('0 Úvod'!$M$10="English",Slovnik!D132,Slovnik!C132) -> Celkové PN infrastruktury | D39: =SUM(E39:S39,E52:S52) -> 0 | E39: =SUM(E30:E38) -> 0 | F39: =SUM(F30:F38) -> 0 | G39: =SUM(G30:G38) -> 0 | H39: =SUM(H30:H38) -> 0 | I39: =SUM(I30:I38) -> 0 | J39: =SUM(J30:J38) -> 0 | K39: =SUM(K30:K38) -> 0 | L39: =SUM(L30:L38) -> 0 | ... S39: =SUM(S30:S38) -> 0
B41: =B28 -> 4.2. | C41: =IF('0 Úvod'!$M$10="English",Slovnik!D123,Slovnik!C123) -> Celkové provozní náklady (CZK) | E41: =S28+1 -> 2041 | F41: =E41+1 -> 2042 | G41: =F41+1 -> 2043 | H41: =G41+1 -> 2044 | I41: =H41+1 -> 2045 | J41: =I41+1 -> 2046 | K41: =J41+1 -> 2047 | L41: =K41+1 -> 2048 | M41: =L41+1 -> 2049 | ... S41: =R41+1 -> 2055
B42: b | C42: =IF('0 Úvod'!$M$10="English",Slovnik!D134,Slovnik!C134) -> Scénář bez projektu | E42: =S29+1 -> 1
C43: =IF('0 Úvod'!$M$10="English",Slovnik!D125,Slovnik!C125) -> Náklady na údržbu a opravy - ŽELEZNIČNÍ infrastruktura
C44: =IF('0 Úvod'!$M$10="English",Slovnik!D126,Slovnik!C126) -> Reinvestice (obnova) - ŽELEZNIČNÍ infrastruktura
C45: =IF('0 Úvod'!$M$10="English",Slovnik!D127,Slovnik!C127) -> Náklady na řízení provozu - ŽELEZNIČNÍ doprava | E45: =IF(E41<=('0 Úvod'!$G$18+'0 Úvod'!$J$18-1),SUMPRODUCT(E122:E134,E193:E205)+E207,0) -> 0 | F45: =IF(F41<=('0 Úvod'!$G$18+'0 Úvod'!$J$18-1),SUMPRODUCT(F122:F134,F193:F205)+F207,0) -> 0 | G45: =IF(G41<=('0 Úvod'!$G$18+'0 Úvod'!$J$18-1),SUMPRODUCT(G122:G134,G193:G205)+G207,0) -> 0 | H45: =IF(H41<=('0 Úvod'!$G$18+'0 Úvod'!$J$18-1),SUMPRODUCT(H122:H134,H193:H205)+H207,0) -> 0 | I45: =IF(I41<=('0 Úvod'!$G$18+'0 Úvod'!$J$18-1),SUMPRODUCT(I122:I134,I193:I205)+I207,0) -> 0 | J45: =IF(J41<=('0 Úvod'!$G$18+'0 Úvod'!$J$18-1),SUMPRODUCT(J122:J134,J193:J205)+J207,0) -> 0 | K45: =IF(K41<=('0 Úvod'!$G$18+'0 Úvod'!$J$18-1),SUMPRODUCT(K122:K134,K193:K205)+K207,0) -> 0 | L45: =IF(L41<=('0 Úvod'!$G$18+'0 Úvod'!$J$18-1),SUMPRODUCT(L122:L134,L193:L205)+L207,0) -> 0 | ... S45: =IF(S41<=('0 Úvod'!$G$18+'0 Úvod'!$J$18-1),SUMPRODUCT(S122:S134,S193:S205)+S207,0) -> 0
C46: =C72 -> #REF!
C47: =C73 -> #REF!
C48: =IF('0 Úvod'!$M$10="English",Slovnik!D130,Slovnik!C130) -> Náklady na běžnou údržbu VODNÍ infrastruktury
C49: =IF('0 Úvod'!$M$10="English",Slovnik!D131,Slovnik!C131) -> Náklady na opravy VODNÍ infrastruktury
C50: =IF('0 Úvod'!$M$10="English",Slovnik!D731,Slovnik!C731) -> Náklady na běžnou údržbu infrastruktury
C51: =IF('0 Úvod'!$M$10="English",Slovnik!D732,Slovnik!C732) -> Náklady na opravy a reinvestice
C52: =IF('0 Úvod'!$M$10="English",Slovnik!D132,Slovnik!C132) -> Celkové PN infrastruktury | E52: =SUM(E43:E51) -> 0 | F52: =SUM(F43:F51) -> 0 | G52: =SUM(G43:G51) -> 0 | H52: =SUM(H43:H51) -> 0 | I52: =SUM(I43:I51) -> 0 | J52: =SUM(J43:J51) -> 0 | K52: =SUM(K43:K51) -> 0 | L52: =SUM(L43:L51) -> 0 | ... S52: =SUM(S43:S51) -> 0
B54: 4.3. | C54: =IF('0 Úvod'!$M$10="English",Slovnik!D135,Slovnik!C135) -> Přírůstkové celkové provozní náklady (CZK) | E54: =E2 -> 2026 | F54: =E54+1 -> 2027 | G54: =F54+1 -> 2028 | H54: =G54+1 -> 2029 | I54: =H54+1 -> 2030 | J54: =I54+1 -> 2031 | K54: =J54+1 -> 2032 | L54: =K54+1 -> 2033 | M54: =L54+1 -> 2034 | ... S54: =R54+1 -> 2040
B55: a | D55: =D29 -> Celkem
C56: =IF('0 Úvod'!$M$10="English",Slovnik!D125,Slovnik!C125) -> Náklady na údržbu a opravy - ŽELEZNIČNÍ infrastruktura | D56: =SUM(E56:S56,E69:S69) -> 0 | E56: =E4-E30 -> 0 | F56: =F4-F30 -> 0 | G56: =G4-G30 -> 0 | H56: =H4-H30 -> 0 | I56: =I4-I30 -> 0 | J56: =J4-J30 -> 0 | K56: =K4-K30 -> 0 | L56: =L4-L30 -> 0 | ... S56: =S4-S30 -> 0
C57: =IF('0 Úvod'!$M$10="English",Slovnik!D126,Slovnik!C126) -> Reinvestice (obnova) - ŽELEZNIČNÍ infrastruktura | D57: =SUM(E57:S57,E70:S70) -> 0 | E57: =E5-E31 -> 0 | F57: =F5-F31 -> 0 | G57: =G5-G31 -> 0 | H57: =H5-H31 -> 0 | I57: =I5-I31 -> 0 | J57: =J5-J31 -> 0 | K57: =K5-K31 -> 0 | L57: =L5-L31 -> 0 | ... S57: =S5-S31 -> 0
C58: =IF('0 Úvod'!$M$10="English",Slovnik!D127,Slovnik!C127) -> Náklady na řízení provozu - ŽELEZNIČNÍ doprava | D58: =SUM(E58:S58,E71:S71) -> 0 | E58: =E6-E32 -> 0 | F58: =F6-F32 -> 0 | G58: =G6-G32 -> 0 | H58: =H6-H32 -> 0 | I58: =I6-I32 -> 0 | J58: =J6-J32 -> 0 | K58: =K6-K32 -> 0 | L58: =L6-L32 -> 0 | ... S58: =S6-S32 -> 0
C59: =IF(PINFRA="SILNIČNÍ",IF('0 Úvod'!$M$10="English",Slovnik!D764,Slovnik!C764),IF(SUM(#REF!)=0,IF('0 Úvod'!$M$10="English",Slovnik!D128,Slovnik!C128),IF('0 Úvod'!$M$10="English",Slovnik!D764,Slovnik!C764))) -> #REF! | D59: =SUM(E59:S59,E72:S72) -> #REF! | E59: =(E7-E33)+IF(#REF!=0,0,(#REF!-#REF!)/'13 Ekonomická analýza'!F16*1000000) -> #REF! | F59: =(F7-F33)+IF(#REF!=0,0,(#REF!-#REF!)/'13 Ekonomická analýza'!G16*1000000) -> #REF! | G59: =(G7-G33)+IF(#REF!=0,0,(#REF!-#REF!)/'13 Ekonomická analýza'!H16*1000000) -> #REF! | H59: =(H7-H33)+IF(#REF!=0,0,(#REF!-#REF!)/'13 Ekonomická analýza'!I16*1000000) -> #REF! | I59: =(I7-I33)+IF(#REF!=0,0,(#REF!-#REF!)/'13 Ekonomická analýza'!J16*1000000) -> #REF! | J59: =(J7-J33)+IF(#REF!=0,0,(#REF!-#REF!)/'13 Ekonomická analýza'!K16*1000000) -> #REF! | K59: =(K7-K33)+IF(#REF!=0,0,(#REF!-#REF!)/'13 Ekonomická analýza'!L16*1000000) -> #REF! | L59: =(L7-L33)+IF(#REF!=0,0,(#REF!-#REF!)/'13 Ekonomická analýza'!M16*1000000) -> #REF! | ... S59: =(S7-S33)+IF(#REF!=0,0,(#REF!-#REF!)/'13 Ekonomická analýza'!T16*1000000) -> #REF!
C60: =IF(PINFRA="SILNIČNÍ"," ",IF(SUM(#REF!)=0,IF('0 Úvod'!$M$10="English",Slovnik!D129,Slovnik!C129)," ")) -> #REF! | D60: =SUM(E60:S60,E73:S73) -> 0 | E60: =E8-E34 -> 0 | F60: =F8-F34 -> 0 | G60: =G8-G34 -> 0 | H60: =H8-H34 -> 0 | I60: =I8-I34 -> 0 | J60: =J8-J34 -> 0 | K60: =K8-K34 -> 0 | L60: =L8-L34 -> 0 | ... S60: =S8-S34 -> 0
C61: =IF('0 Úvod'!$M$10="English",Slovnik!D130,Slovnik!C130) -> Náklady na běžnou údržbu VODNÍ infrastruktury | D61: =SUM(E61:S61,E74:S74) -> 0 | E61: =E9-E35 -> 0 | F61: =F9-F35 -> 0 | G61: =G9-G35 -> 0 | H61: =H9-H35 -> 0 | I61: =I9-I35 -> 0 | J61: =J9-J35 -> 0 | K61: =K9-K35 -> 0 | L61: =L9-L35 -> 0 | ... S61: =S9-S35 -> 0
C62: =IF('0 Úvod'!$M$10="English",Slovnik!D131,Slovnik!C131) -> Náklady na opravy VODNÍ infrastruktury | D62: =SUM(E62:S62,E75:S75) -> 0 | E62: =E10-E36 -> 0 | F62: =F10-F36 -> 0 | G62: =G10-G36 -> 0 | H62: =H10-H36 -> 0 | I62: =I10-I36 -> 0 | J62: =J10-J36 -> 0 | K62: =K10-K36 -> 0 | L62: =L10-L36 -> 0 | ... S62: =S10-S36 -> 0
C63: =IF('0 Úvod'!$M$10="English",Slovnik!D731,Slovnik!C731) -> Náklady na běžnou údržbu infrastruktury | D63: =SUM(E63:S63,E76:S76) -> 0 | E63: =E11-E37 -> 0 | F63: =F11-F37 -> 0 | G63: =G11-G37 -> 0 | H63: =H11-H37 -> 0 | I63: =I11-I37 -> 0 | J63: =J11-J37 -> 0 | K63: =K11-K37 -> 0 | L63: =L11-L37 -> 0 | ... S63: =S11-S37 -> 0
C64: =IF('0 Úvod'!$M$10="English",Slovnik!D732,Slovnik!C732) -> Náklady na opravy a reinvestice | D64: =SUM(E64:S64,E77:S77) -> 0 | E64: =E12-E38 -> 0 | F64: =F12-F38 -> 0 | G64: =G12-G38 -> 0 | H64: =H12-H38 -> 0 | I64: =I12-I38 -> 0 | J64: =J12-J38 -> 0 | K64: =K12-K38 -> 0 | L64: =L12-L38 -> 0 | ... S64: =S12-S38 -> 0
C65: =IF('0 Úvod'!$M$10="English",Slovnik!D136,Slovnik!C136) -> Přírůstkové celkové PN infrastruktury | D65: =SUM(E65:S65,E78:S78) -> 0 | E65: =E13-E39 -> 0 | F65: =F13-F39 -> 0 | G65: =G13-G39 -> 0 | H65: =H13-H39 -> 0 | I65: =I13-I39 -> 0 | J65: =J13-J39 -> 0 | K65: =K13-K39 -> 0 | L65: =L13-L39 -> 0 | ... S65: =S13-S39 -> 0
B67: =B54 -> 4.3. | C67: =IF('0 Úvod'!$M$10="English",Slovnik!D135,Slovnik!C135) -> Přírůstkové celkové provozní náklady (CZK) | E67: =S54+1 -> 2041 | F67: =E67+1 -> 2042 | G67: =F67+1 -> 2043 | H67: =G67+1 -> 2044 | I67: =H67+1 -> 2045 | J67: =I67+1 -> 2046 | K67: =J67+1 -> 2047 | L67: =K67+1 -> 2048 | M67: =L67+1 -> 2049 | ... S67: =R67+1 -> 2055
B68: b | E68: =S55+1 -> 1
C69: =IF('0 Úvod'!$M$10="English",Slovnik!D125,Slovnik!C125) -> Náklady na údržbu a opravy - ŽELEZNIČNÍ infrastruktura | E69: =E17-E43 -> 0 | F69: =F17-F43 -> 0 | G69: =G17-G43 -> 0 | H69: =H17-H43 -> 0 | I69: =I17-I43 -> 0 | J69: =J17-J43 -> 0 | K69: =K17-K43 -> 0 | L69: =L17-L43 -> 0 | ... S69: =S17-S43 -> 0
C70: =IF('0 Úvod'!$M$10="English",Slovnik!D126,Slovnik!C126) -> Reinvestice (obnova) - ŽELEZNIČNÍ infrastruktura | E70: =E18-E44 -> 0 | F70: =F18-F44 -> 0 | G70: =G18-G44 -> 0 | H70: =H18-H44 -> 0 | I70: =I18-I44 -> 0 | J70: =J18-J44 -> 0 | K70: =K18-K44 -> 0 | L70: =L18-L44 -> 0 | ... S70: =S18-S44 -> 0
C71: =IF('0 Úvod'!$M$10="English",Slovnik!D127,Slovnik!C127) -> Náklady na řízení provozu - ŽELEZNIČNÍ doprava | E71: =E19-E45 -> 0 | F71: =F19-F45 -> 0 | G71: =G19-G45 -> 0 | H71: =H19-H45 -> 0 | I71: =I19-I45 -> 0 | J71: =J19-J45 -> 0 | K71: =K19-K45 -> 0 | L71: =L19-L45 -> 0 | ... S71: =S19-S45 -> 0
C72: =IF(PINFRA="SILNIČNÍ",IF('0 Úvod'!$M$10="English",Slovnik!D764,Slovnik!C764),IF(SUM(#REF!)=0,IF('0 Úvod'!$M$10="English",Slovnik!D128,Slovnik!C128),IF('0 Úvod'!$M$10="English",Slovnik!D764,Slovnik!C764))) -> #REF! | E72: =(E20-E46)+IF(#REF!=0,0,(#REF!-#REF!)/'13 Ekonomická analýza'!F33*1000000) -> #REF! | F72: =(F20-F46)+IF(#REF!=0,0,(#REF!-#REF!)/'13 Ekonomická analýza'!G33*1000000) -> #REF! | G72: =(G20-G46)+IF(#REF!=0,0,(#REF!-#REF!)/'13 Ekonomická analýza'!H33*1000000) -> #REF! | H72: =(H20-H46)+IF(#REF!=0,0,(#REF!-#REF!)/'13 Ekonomická analýza'!I33*1000000) -> #REF! | I72: =(I20-I46)+IF(#REF!=0,0,(#REF!-#REF!)/'13 Ekonomická analýza'!J33*1000000) -> #REF! | J72: =(J20-J46)+IF(#REF!=0,0,(#REF!-#REF!)/'13 Ekonomická analýza'!K33*1000000) -> #REF! | K72: =(K20-K46)+IF(#REF!=0,0,(#REF!-#REF!)/'13 Ekonomická analýza'!L33*1000000) -> #REF! | L72: =(L20-L46)+IF(#REF!=0,0,(#REF!-#REF!)/'13 Ekonomická analýza'!M33*1000000) -> #REF! | ... S72: =(S20-S46)+IF(#REF!=0,0,(#REF!-#REF!)/'13 Ekonomická analýza'!T33*1000000) -> #REF!
C73: =IF(PINFRA="SILNIČNÍ"," ",IF(SUM(#REF!)=0,IF('0 Úvod'!$M$10="English",Slovnik!D129,Slovnik!C129)," ")) -> #REF! | E73: =E21-E47 -> 0 | F73: =F21-F47 -> 0 | G73: =G21-G47 -> 0 | H73: =H21-H47 -> 0 | I73: =I21-I47 -> 0 | J73: =J21-J47 -> 0 | K73: =K21-K47 -> 0 | L73: =L21-L47 -> 0 | ... S73: =S21-S47 -> 0
C74: =IF('0 Úvod'!$M$10="English",Slovnik!D130,Slovnik!C130) -> Náklady na běžnou údržbu VODNÍ infrastruktury | E74: =E22-E48 -> 0 | F74: =F22-F48 -> 0 | G74: =G22-G48 -> 0 | H74: =H22-H48 -> 0 | I74: =I22-I48 -> 0 | J74: =J22-J48 -> 0 | K74: =K22-K48 -> 0 | L74: =L22-L48 -> 0 | ... S74: =S22-S48 -> 0
C75: =IF('0 Úvod'!$M$10="English",Slovnik!D131,Slovnik!C131) -> Náklady na opravy VODNÍ infrastruktury | E75: =E23-E49 -> 0 | F75: =F23-F49 -> 0 | G75: =G23-G49 -> 0 | H75: =H23-H49 -> 0 | I75: =I23-I49 -> 0 | J75: =J23-J49 -> 0 | K75: =K23-K49 -> 0 | L75: =L23-L49 -> 0 | ... S75: =S23-S49 -> 0
C76: =IF('0 Úvod'!$M$10="English",Slovnik!D731,Slovnik!C731) -> Náklady na běžnou údržbu infrastruktury | E76: =E24-E50 -> 0 | F76: =F24-F50 -> 0 | G76: =G24-G50 -> 0 | H76: =H24-H50 -> 0 | I76: =I24-I50 -> 0 | J76: =J24-J50 -> 0 | K76: =K24-K50 -> 0 | L76: =L24-L50 -> 0 | ... S76: =S24-S50 -> 0
C77: =IF('0 Úvod'!$M$10="English",Slovnik!D732,Slovnik!C732) -> Náklady na opravy a reinvestice | E77: =E25-E51 -> 0 | F77: =F25-F51 -> 0 | G77: =G25-G51 -> 0 | H77: =H25-H51 -> 0 | I77: =I25-I51 -> 0 | J77: =J25-J51 -> 0 | K77: =K25-K51 -> 0 | L77: =L25-L51 -> 0 | ... S77: =S25-S51 -> 0
C78: =IF('0 Úvod'!$M$10="English",Slovnik!D136,Slovnik!C136) -> Přírůstkové celkové PN infrastruktury | E78: =E26-E52 -> 0 | F78: =F26-F52 -> 0 | G78: =G26-G52 -> 0 | H78: =H26-H52 -> 0 | I78: =I26-I52 -> 0 | J78: =J26-J52 -> 0 | K78: =K26-K52 -> 0 | L78: =L26-L52 -> 0 | ... S78: =S26-S52 -> 0
C80: =IF('0 Úvod'!$M$10="English",Slovnik!D137,Slovnik!C137) -> Scénář s projektem (CZK) | D80: =D13 -> 0
C81: =IF('0 Úvod'!$M$10="English",Slovnik!D138,Slovnik!C138) -> Scénář bez projektu (CZK) | D81: =D39 -> 0
C82: =IF('0 Úvod'!$M$10="English",Slovnik!D139,Slovnik!C139) -> Přírůstkové cash-flow (CZK) | D82: =D65 -> 0
B85: 3.4. | C85: =IF('0 Úvod'!$M$10="English",Slovnik!D140,Slovnik!C140) -> Náklady na řízení provozu - železniční doprava | D85: =IF('0 Úvod'!$M$10="English",Slovnik!$D$156,Slovnik!$C$156) -> mzdové náklady za rok práce | E85: =IF('0 Úvod'!$M$10="English",Slovnik!$D$157,Slovnik!$C$157) -> základní náklady za rok práce
C86: =IF('0 Úvod'!$M$10="English",Slovnik!D141,Slovnik!C141) -> CÚ | D86: 2017 | E86: 2017
C87: =IF('0 Úvod'!$M$10="English",Slovnik!D142,Slovnik!C142) -> Měrné ohodnocení | D87: =IF('0 Úvod'!$M$10="English",Slovnik!$D$158,Slovnik!$C$158) -> CZK/rok | E87: =IF('0 Úvod'!$M$10="English",Slovnik!$D$158,Slovnik!$C$158) -> CZK/rok
C88: =IF('0 Úvod'!$M$10="English",Slovnik!D143,Slovnik!C143) -> Dozorčí provozu | D88: 633929 | E88: 473081
C89: =IF('0 Úvod'!$M$10="English",Slovnik!D144,Slovnik!C144) -> Výpravčí | D89: 551605 | E89: 411646
C90: =IF('0 Úvod'!$M$10="English",Slovnik!D145,Slovnik!C145) -> Dozorčí provozu – vedoucí směny | D90: 632734 | E90: 472190
C91: =IF('0 Úvod'!$M$10="English",Slovnik!D146,Slovnik!C146) -> Operátor železniční dopravy | D91: 385381 | E91: 287598
C92: =IF('0 Úvod'!$M$10="English",Slovnik!D147,Slovnik!C147) -> Signalista | D92: 420424 | E92: 313749
C93: =IF('0 Úvod'!$M$10="English",Slovnik!D148,Slovnik!C148) -> Výhybkář | D93: 330186 | E93: 246408
C94: =IF('0 Úvod'!$M$10="English",Slovnik!D149,Slovnik!C149) -> Staniční dozorce | D94: 379222 | E94: 283002
C95: =IF('0 Úvod'!$M$10="English",Slovnik!D150,Slovnik!C150) -> Dozorce výhybek | D95: 363250 | E95: 271082
C96: =IF('0 Úvod'!$M$10="English",Slovnik!D151,Slovnik!C151) -> Závorář | D96: 319619 | E96: 238521
C97: =IF('0 Úvod'!$M$10="English",Slovnik!D152,Slovnik!C152) -> Závorář s prodejem jízdenek | D97: 325785 | E97: 243124
C98: =IF('0 Úvod'!$M$10="English",Slovnik!D153,Slovnik!C153) -> Hradlář – hláskař | D98: 348207 | E98: 259856
C99: =IF('0 Úvod'!$M$10="English",Slovnik!D154,Slovnik!C154) -> Hradlář – hláskař s prodejem jízdenek | D99: 342015 | E99: 255235
C100: =IF('0 Úvod'!$M$10="English",Slovnik!D155,Slovnik!C155) -> Dělník v dopravě – staniční dělník | D100: 223567 | E100: 166841
B102: 3.5. | C102: =IF('0 Úvod'!$M$10="English",Slovnik!$D$159,Slovnik!$C$159) -> Růst nákladů na řízení provozu | E102: =E54 -> 2026 | F102: =F54 -> 2027 | G102: =G54 -> 2028 | H102: =H54 -> 2029 | I102: =I54 -> 2030 | J102: =J54 -> 2031 | K102: =K54 -> 2032 | L102: =L54 -> 2033 | ... S102: =S54 -> 2040
B103: a | D103: =IF('0 Úvod'!$M$10="English",Slovnik!$D$160,Slovnik!$C$160) -> Elasticita
C104: =IF('0 Úvod'!$M$10="English",Slovnik!$D$163,Slovnik!$C$163) -> Růst reálné mzdy v dopravě | D104: 1 | E104: 0 | F104: =$D$104*IFERROR(HLOOKUP(F$102,'0 Úvod'!$D$65:$N$67,2,FALSE),0.0185) -> 0.0185 | G104: =$D$104*IFERROR(HLOOKUP(G$102,'0 Úvod'!$D$65:$N$67,2,FALSE),0.0185) -> 0.0185 | H104: =$D$104*IFERROR(HLOOKUP(H$102,'0 Úvod'!$D$65:$N$67,2,FALSE),0.0185) -> 0.0185 | I104: =$D$104*IFERROR(HLOOKUP(I$102,'0 Úvod'!$D$65:$N$67,2,FALSE),0.0185) -> 0.0185 | J104: =$D$104*IFERROR(HLOOKUP(J$102,'0 Úvod'!$D$65:$N$67,2,FALSE),0.0185) -> 0.0185 | K104: =$D$104*IFERROR(HLOOKUP(K$102,'0 Úvod'!$D$65:$N$67,2,FALSE),0.0185) -> 0.0185 | L104: =$D$104*IFERROR(HLOOKUP(L$102,'0 Úvod'!$D$65:$N$67,2,FALSE),0.0185) -> 0.0185 | M104: =$D$104*IFERROR(HLOOKUP(M$102,'0 Úvod'!$D$65:$N$67,2,FALSE),0.0185) -> 0.0185 | ... S104: =$D$104*IFERROR(HLOOKUP(S$102,'0 Úvod'!$D$65:$N$67,2,FALSE),0.0185) -> 0.0185
C105: =IF('0 Úvod'!$M$10="English",Slovnik!D143,Slovnik!C143) -> Dozorčí provozu | E105: =IFERROR(D88*IF('0 Úvod'!$D$18>HLOOKUP('0 Úvod'!$D$18,'0 Úvod'!$K$40:$N$42,1,TRUE),'0 Úvod'!$N$42*(1+0.0249)^('0 Úvod'!$D$18-'0 Úvod'!$N$40),HLOOKUP('0 Úvod'!$D$18,'0 Úvod'!$K$40:$N$42,3,TRUE))*IF($E$102>HLOOKUP($E$102,'0 Úvod'!$K$65:$N$67,1,TRUE),'0 Úvod'!$N$67*(1+0.0185)^($E$102-'0 Úvod'!$N$65),HLOOKUP($E$102,'0 Úvod'!$K$65:$N$67,3,TRUE)),0) -> 1001693 | F105: =E105*(1+F$104) -> 1020224.3 | G105: =F105*(1+G$104) -> 1039098.5 | H105: =G105*(1+H$104) -> 1058321.8 | I105: =H105*(1+I$104) -> 1077900.8 | J105: =I105*(1+J$104) -> 1097841.9 | K105: =J105*(1+K$104) -> 1118152 | L105: =K105*(1+L$104) -> 1138837.8 | M105: =L105*(1+M$104) -> 1159906.3 | ... S105: =R105*(1+S$104) -> 1294759.5
C106: =IF('0 Úvod'!$M$10="English",Slovnik!D144,Slovnik!C144) -> Výpravčí | E106: =IFERROR(D89*IF('0 Úvod'!$D$18>HLOOKUP('0 Úvod'!$D$18,'0 Úvod'!$K$40:$N$42,1,TRUE),'0 Úvod'!$N$42*(1+0.0249)^('0 Úvod'!$D$18-'0 Úvod'!$N$40),HLOOKUP('0 Úvod'!$D$18,'0 Úvod'!$K$40:$N$42,3,TRUE))*IF($E$102>HLOOKUP($E$102,'0 Úvod'!$K$65:$N$67,1,TRUE),'0 Úvod'!$N$67*(1+0.0185)^($E$102-'0 Úvod'!$N$65),HLOOKUP($E$102,'0 Úvod'!$K$65:$N$67,3,TRUE)),0) -> 871610.04 | F106: =E106*(1+F$104) -> 887734.82 | G106: =F106*(1+G$104) -> 904157.92 | H106: =G106*(1+H$104) -> 920884.84 | I106: =H106*(1+I$104) -> 937921.21 | J106: =I106*(1+J$104) -> 955272.75 | K106: =J106*(1+K$104) -> 972945.3 | L106: =K106*(1+L$104) -> 990944.78 | M106: =L106*(1+M$104) -> 1009277.3 | ... S106: =R106*(1+S$104) -> 1126618
C107: =IF('0 Úvod'!$M$10="English",Slovnik!D145,Slovnik!C145) -> Dozorčí provozu – vedoucí směny | E107: =IFERROR(D90*IF('0 Úvod'!$D$18>HLOOKUP('0 Úvod'!$D$18,'0 Úvod'!$K$40:$N$42,1,TRUE),'0 Úvod'!$N$42*(1+0.0249)^('0 Úvod'!$D$18-'0 Úvod'!$N$40),HLOOKUP('0 Úvod'!$D$18,'0 Úvod'!$K$40:$N$42,3,TRUE))*IF($E$102>HLOOKUP($E$102,'0 Úvod'!$K$65:$N$67,1,TRUE),'0 Úvod'!$N$67*(1+0.0185)^($E$102-'0 Úvod'!$N$65),HLOOKUP($E$102,'0 Úvod'!$K$65:$N$67,3,TRUE)),0) -> 999804.76 | F107: =E107*(1+F$104) -> 1018301.1 | G107: =F107*(1+G$104) -> 1037139.7 | H107: =G107*(1+H$104) -> 1056326.8 | I107: =H107*(1+I$104) -> 1075868.9 | J107: =I107*(1+J$104) -> 1095772.4 | K107: =J107*(1+K$104) -> 1116044.2 | L107: =K107*(1+L$104) -> 1136691 | M107: =L107*(1+M$104) -> 1157719.8 | ... S107: =R107*(1+S$104) -> 1292318.8
C108: =IF('0 Úvod'!$M$10="English",Slovnik!D146,Slovnik!C146) -> Operátor železniční dopravy | E108: =IFERROR(D91*IF('0 Úvod'!$D$18>HLOOKUP('0 Úvod'!$D$18,'0 Úvod'!$K$40:$N$42,1,TRUE),'0 Úvod'!$N$42*(1+0.0249)^('0 Úvod'!$D$18-'0 Úvod'!$N$40),HLOOKUP('0 Úvod'!$D$18,'0 Úvod'!$K$40:$N$42,3,TRUE))*IF($E$102>HLOOKUP($E$102,'0 Úvod'!$K$65:$N$67,1,TRUE),'0 Úvod'!$N$67*(1+0.0185)^($E$102-'0 Úvod'!$N$65),HLOOKUP($E$102,'0 Úvod'!$K$65:$N$67,3,TRUE)),0) -> 608953.78 | F108: =E108*(1+F$104) -> 620219.42 | G108: =F108*(1+G$104) -> 631693.48 | H108: =G108*(1+H$104) -> 643379.81 | I108: =H108*(1+I$104) -> 655282.34 | J108: =I108*(1+J$104) -> 667405.06 | K108: =J108*(1+K$104) -> 679752.05 | L108: =K108*(1+L$104) -> 692327.47 | M108: =L108*(1+M$104) -> 705135.52 | ... S108: =R108*(1+S$104) -> 787116.1
C109: =IF('0 Úvod'!$M$10="English",Slovnik!D147,Slovnik!C147) -> Signalista | E109: =IFERROR(D92*IF('0 Úvod'!$D$18>HLOOKUP('0 Úvod'!$D$18,'0 Úvod'!$K$40:$N$42,1,TRUE),'0 Úvod'!$N$42*(1+0.0249)^('0 Úvod'!$D$18-'0 Úvod'!$N$40),HLOOKUP('0 Úvod'!$D$18,'0 Úvod'!$K$40:$N$42,3,TRUE))*IF($E$102>HLOOKUP($E$102,'0 Úvod'!$K$65:$N$67,1,TRUE),'0 Úvod'!$N$67*(1+0.0185)^($E$102-'0 Úvod'!$N$65),HLOOKUP($E$102,'0 Úvod'!$K$65:$N$67,3,TRUE)),0) -> 664326.43 | F109: =E109*(1+F$104) -> 676616.47 | G109: =F109*(1+G$104) -> 689133.87 | H109: =G109*(1+H$104) -> 701882.85 | I109: =H109*(1+I$104) -> 714867.68 | J109: =I109*(1+J$104) -> 728092.73 | K109: =J109*(1+K$104) -> 741562.45 | L109: =K109*(1+L$104) -> 755281.35 | M109: =L109*(1+M$104) -> 769254.06 | ... S109: =R109*(1+S$104) -> 858689.19
C110: =IF('0 Úvod'!$M$10="English",Slovnik!D148,Slovnik!C148) -> Výhybkář | E110: =IFERROR(D93*IF('0 Úvod'!$D$18>HLOOKUP('0 Úvod'!$D$18,'0 Úvod'!$K$40:$N$42,1,TRUE),'0 Úvod'!$N$42*(1+0.0249)^('0 Úvod'!$D$18-'0 Úvod'!$N$40),HLOOKUP('0 Úvod'!$D$18,'0 Úvod'!$K$40:$N$42,3,TRUE))*IF($E$102>HLOOKUP($E$102,'0 Úvod'!$K$65:$N$67,1,TRUE),'0 Úvod'!$N$67*(1+0.0185)^($E$102-'0 Úvod'!$N$65),HLOOKUP($E$102,'0 Úvod'!$K$65:$N$67,3,TRUE)),0) -> 521738.26 | F110: =E110*(1+F$104) -> 531390.42 | G110: =F110*(1+G$104) -> 541221.14 | H110: =G110*(1+H$104) -> 551233.73 | I110: =H110*(1+I$104) -> 561431.55 | J110: =I110*(1+J$104) -> 571818.04 | K110: =J110*(1+K$104) -> 582396.67 | L110: =K110*(1+L$104) -> 593171.01 | M110: =L110*(1+M$104) -> 604144.67 | ... S110: =R110*(1+S$104) -> 674383.83
...

Sheet 5 PN vozidel MHD
B2: 5.1. | C2: Jednotkové náklady (Kč/vozový km) | E2: =E71 -> 2026 | F2: =E2+1 -> 2027 | G2: =F2+1 -> 2028 | H2: =G2+1 -> 2029 | I2: =H2+1 -> 2030 | J2: =I2+1 -> 2031 | K2: =J2+1 -> 2032 | L2: =K2+1 -> 2033 | M2: =L2+1 -> 2034 | ... S2: =R2+1 -> 2040
B3: a | C3: =C44 -> Scénář s projektem | D3: Průměr
C4: jednotkové náklady BUS (Kč/vzkm) | D4: =IFERROR(AVERAGE(E4:S4,E12:S12),0) -> 0
C5: jednotkové náklady trolejbus (Kč/vzkm) | D5: =IFERROR(AVERAGE(E5:S5,E13:S13),0) -> 0
C6: jednotkové náklady tramvaj (Kč/vzkm) | D6: =IFERROR(AVERAGE(E6:S6,E14:S14),0) -> 0
C7: jednotkové náklady metro (Kč/vzkm) | D7: =IFERROR(AVERAGE(E7:S7,E15:S15),0) -> 0
C8: =D3 -> Průměr | E8: =IFERROR(AVERAGE(E4:E7),0) -> 0 | F8: =IFERROR(AVERAGE(F4:F7),0) -> 0 | G8: =IFERROR(AVERAGE(G4:G7),0) -> 0 | H8: =IFERROR(AVERAGE(H4:H7),0) -> 0 | I8: =IFERROR(AVERAGE(I4:I7),0) -> 0 | J8: =IFERROR(AVERAGE(J4:J7),0) -> 0 | K8: =IFERROR(AVERAGE(K4:K7),0) -> 0 | L8: =IFERROR(AVERAGE(L4:L7),0) -> 0 | ... S8: =IFERROR(AVERAGE(S4:S7),0) -> 0
B10: =B2 -> 5.1. | C10: =C2 -> Jednotkové náklady (Kč/vozový km) | E10: =S2+1 -> 2041 | F10: =E10+1 -> 2042 | G10: =F10+1 -> 2043 | H10: =G10+1 -> 2044 | I10: =H10+1 -> 2045 | J10: =I10+1 -> 2046 | K10: =J10+1 -> 2047 | L10: =K10+1 -> 2048 | M10: =L10+1 -> 2049 | ... S10: =R10+1 -> 2055
B11: b | C11: =C3 -> Scénář s projektem
C12: =C4 -> jednotkové náklady BUS (Kč/vzkm)
C13: =C5 -> jednotkové náklady trolejbus (Kč/vzkm)
C14: =C6 -> jednotkové náklady tramvaj (Kč/vzkm)
C15: =C7 -> jednotkové náklady metro (Kč/vzkm)
C16: =C8 -> Průměr | E16: =IFERROR(AVERAGE(E12:E15),0) -> 0 | F16: =IFERROR(AVERAGE(F12:F15),0) -> 0 | G16: =IFERROR(AVERAGE(G12:G15),0) -> 0 | H16: =IFERROR(AVERAGE(H12:H15),0) -> 0 | I16: =IFERROR(AVERAGE(I12:I15),0) -> 0 | J16: =IFERROR(AVERAGE(J12:J15),0) -> 0 | K16: =IFERROR(AVERAGE(K12:K15),0) -> 0 | L16: =IFERROR(AVERAGE(L12:L15),0) -> 0 | ... S16: =IFERROR(AVERAGE(S12:S15),0) -> 0
B18: 5.2. | C18: =C2 -> Jednotkové náklady (Kč/vozový km) | E18: =E2 -> 2026 | F18: =E18+1 -> 2027 | G18: =F18+1 -> 2028 | H18: =G18+1 -> 2029 | I18: =H18+1 -> 2030 | J18: =I18+1 -> 2031 | K18: =J18+1 -> 2032 | L18: =K18+1 -> 2033 | M18: =L18+1 -> 2034 | ... S18: =R18+1 -> 2040
B19: a | C19: =C53 -> Scénář bez projektu | D19: =C8 -> Průměr
C20: =C4 -> jednotkové náklady BUS (Kč/vzkm) | D20: =IFERROR(AVERAGE(E20:S20,E28:S28),0) -> 0
C21: =C5 -> jednotkové náklady trolejbus (Kč/vzkm) | D21: =IFERROR(AVERAGE(E21:S21,E29:S29),0) -> 0
C22: =C6 -> jednotkové náklady tramvaj (Kč/vzkm) | D22: =IFERROR(AVERAGE(E22:S22,E30:S30),0) -> 0
C23: =C7 -> jednotkové náklady metro (Kč/vzkm) | D23: =IFERROR(AVERAGE(E23:S23,E31:S31),0) -> 0
C24: =D19 -> Průměr | E24: =IFERROR(AVERAGE(E20:E23),0) -> 0 | F24: =IFERROR(AVERAGE(F20:F23),0) -> 0 | G24: =IFERROR(AVERAGE(G20:G23),0) -> 0 | H24: =IFERROR(AVERAGE(H20:H23),0) -> 0 | I24: =IFERROR(AVERAGE(I20:I23),0) -> 0 | J24: =IFERROR(AVERAGE(J20:J23),0) -> 0 | K24: =IFERROR(AVERAGE(K20:K23),0) -> 0 | L24: =IFERROR(AVERAGE(L20:L23),0) -> 0 | ... S24: =IFERROR(AVERAGE(S20:S23),0) -> 0
B26: =B18 -> 5.2. | C26: =C18 -> Jednotkové náklady (Kč/vozový km) | E26: =S18+1 -> 2041 | F26: =E26+1 -> 2042 | G26: =F26+1 -> 2043 | H26: =G26+1 -> 2044 | I26: =H26+1 -> 2045 | J26: =I26+1 -> 2046 | K26: =J26+1 -> 2047 | L26: =K26+1 -> 2048 | M26: =L26+1 -> 2049 | ... S26: =R26+1 -> 2055
B27: b | C27: =C19 -> Scénář bez projektu | E27: =S19+1 -> 1
C28: =C20 -> jednotkové náklady BUS (Kč/vzkm)
C29: =C21 -> jednotkové náklady trolejbus (Kč/vzkm)
C30: =C22 -> jednotkové náklady tramvaj (Kč/vzkm)
C31: =C23 -> jednotkové náklady metro (Kč/vzkm)
C32: =C24 -> Průměr | E32: =IFERROR(AVERAGE(E28:E31),0) -> 0 | F32: =IFERROR(AVERAGE(F28:F31),0) -> 0 | G32: =IFERROR(AVERAGE(G28:G31),0) -> 0 | H32: =IFERROR(AVERAGE(H28:H31),0) -> 0 | I32: =IFERROR(AVERAGE(I28:I31),0) -> 0 | J32: =IFERROR(AVERAGE(J28:J31),0) -> 0 | K32: =IFERROR(AVERAGE(K28:K31),0) -> 0 | L32: =IFERROR(AVERAGE(L28:L31),0) -> 0 | ... S32: =IFERROR(AVERAGE(S28:S31),0) -> 0
B34: 4.1. | C34: Celkové provozní náklady vozidel MHD | E34: ='1 CIN'!E3 -> 2026 | F34: =E34+1 -> 2027 | G34: =F34+1 -> 2028 | H34: =G34+1 -> 2029 | I34: =H34+1 -> 2030 | J34: =I34+1 -> 2031 | K34: =J34+1 -> 2032 | L34: =K34+1 -> 2033 | M34: =L34+1 -> 2034 | ... S34: =R34+1 -> 2040
B35: a | C35: =IF('0 Úvod'!$M$10="English",Slovnik!D167,Slovnik!C167) -> Scénář s projektem | D35: =IF('0 Úvod'!$M$10="English",Slovnik!D175,Slovnik!C175) -> Celkem
C36: =IF('0 Úvod'!$M$10="English",Slovnik!D733,Slovnik!C733) -> Náklady na provoz MĚSTSKÝCH AUTOBUSŮ | D36: =SUM(E36:S36,E45:S45) -> 0 | E36: =E4*'3 Doprava a přeprava'!D6 -> 0 | F36: =F4*'3 Doprava a přeprava'!E6 -> 0 | G36: =G4*'3 Doprava a přeprava'!F6 -> 0 | H36: =H4*'3 Doprava a přeprava'!G6 -> 0 | I36: =I4*'3 Doprava a přeprava'!H6 -> 0 | J36: =J4*'3 Doprava a přeprava'!I6 -> 0 | K36: =K4*'3 Doprava a přeprava'!J6 -> 0 | L36: =L4*'3 Doprava a přeprava'!K6 -> 0 | ... S36: =S4*'3 Doprava a přeprava'!R6 -> 0
C37: Náklady na provoz TROLEJBUS | D37: =SUM(E37:S37,E46:S46) -> 0 | E37: =E5*'3 Doprava a přeprava'!D7 -> 0 | F37: =F5*'3 Doprava a přeprava'!E7 -> 0 | G37: =G5*'3 Doprava a přeprava'!F7 -> 0 | H37: =H5*'3 Doprava a přeprava'!G7 -> 0 | I37: =I5*'3 Doprava a přeprava'!H7 -> 0 | J37: =J5*'3 Doprava a přeprava'!I7 -> 0 | K37: =K5*'3 Doprava a přeprava'!J7 -> 0 | L37: =L5*'3 Doprava a přeprava'!K7 -> 0 | ... S37: =S5*'3 Doprava a přeprava'!R7 -> 0
C38: Náklady na provoz TRAMVAJ | D38: =SUM(E38:S38,E47:S47) -> 0 | E38: =E6*'3 Doprava a přeprava'!D8 -> 0 | F38: =F6*'3 Doprava a přeprava'!E8 -> 0 | G38: =G6*'3 Doprava a přeprava'!F8 -> 0 | H38: =H6*'3 Doprava a přeprava'!G8 -> 0 | I38: =I6*'3 Doprava a přeprava'!H8 -> 0 | J38: =J6*'3 Doprava a přeprava'!I8 -> 0 | K38: =K6*'3 Doprava a přeprava'!J8 -> 0 | L38: =L6*'3 Doprava a přeprava'!K8 -> 0 | ... S38: =S6*'3 Doprava a přeprava'!R8 -> 0
C39: Náklady na provoz METRA | D39: =SUM(E39:S39,E48:S48) -> 0 | E39: =E7*'3 Doprava a přeprava'!D9 -> 0 | F39: =F7*'3 Doprava a přeprava'!E9 -> 0 | G39: =G7*'3 Doprava a přeprava'!F9 -> 0 | H39: =H7*'3 Doprava a přeprava'!G9 -> 0 | I39: =I7*'3 Doprava a přeprava'!H9 -> 0 | J39: =J7*'3 Doprava a přeprava'!I9 -> 0 | K39: =K7*'3 Doprava a přeprava'!J9 -> 0 | L39: =L7*'3 Doprava a přeprava'!K9 -> 0 | ... S39: =S7*'3 Doprava a přeprava'!R9 -> 0
C40: ostatní, specifikujte | D40: =SUM(E40:S40,E49:S49) -> 0
C41: =IF('0 Úvod'!$M$10="English",Slovnik!D174,Slovnik!C174) -> Celkové provozní náklady vozidel | D41: =SUM(E41:S41,E50:S50) -> 0 | E41: =SUM(E36:E40) -> 0 | F41: =SUM(F36:F40) -> 0 | G41: =SUM(G36:G40) -> 0 | H41: =SUM(H36:H40) -> 0 | I41: =SUM(I36:I40) -> 0 | J41: =SUM(J36:J40) -> 0 | K41: =SUM(K36:K40) -> 0 | L41: =SUM(L36:L40) -> 0 | ... S41: =SUM(S36:S40) -> 0
B43: 4.1. | C43: =C34 -> Celkové provozní náklady vozidel MHD | E43: =S34+1 -> 2041 | F43: =E43+1 -> 2042 | G43: =F43+1 -> 2043 | H43: =G43+1 -> 2044 | I43: =H43+1 -> 2045 | J43: =I43+1 -> 2046 | K43: =J43+1 -> 2047 | L43: =K43+1 -> 2048 | M43: =L43+1 -> 2049 | ... S43: =R43+1 -> 2055
B44: b | C44: =C35 -> Scénář s projektem
C45: =C36 -> Náklady na provoz MĚSTSKÝCH AUTOBUSŮ | E45: =E12*'3 Doprava a přeprava'!D15 -> 0 | F45: =F12*'3 Doprava a přeprava'!E15 -> 0 | G45: =G12*'3 Doprava a přeprava'!F15 -> 0 | H45: =H12*'3 Doprava a přeprava'!G15 -> 0 | I45: =I12*'3 Doprava a přeprava'!H15 -> 0 | J45: =J12*'3 Doprava a přeprava'!I15 -> 0 | K45: =K12*'3 Doprava a přeprava'!J15 -> 0 | L45: =L12*'3 Doprava a přeprava'!K15 -> 0 | ... S45: =S12*'3 Doprava a přeprava'!R15 -> 0
C46: =C37 -> Náklady na provoz TROLEJBUS | E46: =E13*'3 Doprava a přeprava'!D16 -> 0 | F46: =F13*'3 Doprava a přeprava'!E16 -> 0 | G46: =G13*'3 Doprava a přeprava'!F16 -> 0 | H46: =H13*'3 Doprava a přeprava'!G16 -> 0 | I46: =I13*'3 Doprava a přeprava'!H16 -> 0 | J46: =J13*'3 Doprava a přeprava'!I16 -> 0 | K46: =K13*'3 Doprava a přeprava'!J16 -> 0 | L46: =L13*'3 Doprava a přeprava'!K16 -> 0 | ... S46: =S13*'3 Doprava a přeprava'!R16 -> 0
C47: =C38 -> Náklady na provoz TRAMVAJ | E47: =E14*'3 Doprava a přeprava'!D17 -> 0 | F47: =F14*'3 Doprava a přeprava'!E17 -> 0 | G47: =G14*'3 Doprava a přeprava'!F17 -> 0 | H47: =H14*'3 Doprava a přeprava'!G17 -> 0 | I47: =I14*'3 Doprava a přeprava'!H17 -> 0 | J47: =J14*'3 Doprava a přeprava'!I17 -> 0 | K47: =K14*'3 Doprava a přeprava'!J17 -> 0 | L47: =L14*'3 Doprava a přeprava'!K17 -> 0 | ... S47: =S14*'3 Doprava a přeprava'!R17 -> 0
C48: =C39 -> Náklady na provoz METRA | E48: =E15*'3 Doprava a přeprava'!D18 -> 0 | F48: =F15*'3 Doprava a přeprava'!E18 -> 0 | G48: =G15*'3 Doprava a přeprava'!F18 -> 0 | H48: =H15*'3 Doprava a přeprava'!G18 -> 0 | I48: =I15*'3 Doprava a přeprava'!H18 -> 0 | J48: =J15*'3 Doprava a přeprava'!I18 -> 0 | K48: =K15*'3 Doprava a přeprava'!J18 -> 0 | L48: =L15*'3 Doprava a přeprava'!K18 -> 0 | ... S48: =S15*'3 Doprava a přeprava'!R18 -> 0
C49: =C40 -> ostatní, specifikujte
C50: =C41 -> Celkové provozní náklady vozidel | E50: =SUM(E45:E49) -> 0 | F50: =SUM(F45:F49) -> 0 | G50: =SUM(G45:G49) -> 0 | H50: =SUM(H45:H49) -> 0 | I50: =SUM(I45:I49) -> 0 | J50: =SUM(J45:J49) -> 0 | K50: =SUM(K45:K49) -> 0 | L50: =SUM(L45:L49) -> 0 | ... S50: =SUM(S45:S49) -> 0
B52: 4.2. | C52: =C43 -> Celkové provozní náklady vozidel MHD | E52: =E34 -> 2026 | F52: =E52+1 -> 2027 | G52: =F52+1 -> 2028 | H52: =G52+1 -> 2029 | I52: =H52+1 -> 2030 | J52: =I52+1 -> 2031 | K52: =J52+1 -> 2032 | L52: =K52+1 -> 2033 | M52: =L52+1 -> 2034 | ... S52: =R52+1 -> 2040
B53: a | C53: =IF('0 Úvod'!$M$10="English",Slovnik!$D$176,Slovnik!$C$176) -> Scénář bez projektu | D53: =D35 -> Celkem
C54: =C36 -> Náklady na provoz MĚSTSKÝCH AUTOBUSŮ | D54: =SUM(E54:S54,E63:S63) -> 0 | E54: =E20*'3 Doprava a přeprava'!D24 -> 0 | F54: =F20*'3 Doprava a přeprava'!E24 -> 0 | G54: =G20*'3 Doprava a přeprava'!F24 -> 0 | H54: =H20*'3 Doprava a přeprava'!G24 -> 0 | I54: =I20*'3 Doprava a přeprava'!H24 -> 0 | J54: =J20*'3 Doprava a přeprava'!I24 -> 0 | K54: =K20*'3 Doprava a přeprava'!J24 -> 0 | L54: =L20*'3 Doprava a přeprava'!K24 -> 0 | ... S54: =S20*'3 Doprava a přeprava'!R24 -> 0
C55: =C37 -> Náklady na provoz TROLEJBUS | D55: =SUM(E55:S55,E64:S64) -> 0 | E55: =E21*'3 Doprava a přeprava'!D25 -> 0 | F55: =F21*'3 Doprava a přeprava'!E25 -> 0 | G55: =G21*'3 Doprava a přeprava'!F25 -> 0 | H55: =H21*'3 Doprava a přeprava'!G25 -> 0 | I55: =I21*'3 Doprava a přeprava'!H25 -> 0 | J55: =J21*'3 Doprava a přeprava'!I25 -> 0 | K55: =K21*'3 Doprava a přeprava'!J25 -> 0 | L55: =L21*'3 Doprava a přeprava'!K25 -> 0 | ... S55: =S21*'3 Doprava a přeprava'!R25 -> 0
C56: =C38 -> Náklady na provoz TRAMVAJ | D56: =SUM(E56:S56,E65:S65) -> 0 | E56: =E22*'3 Doprava a přeprava'!D26 -> 0 | F56: =F22*'3 Doprava a přeprava'!E26 -> 0 | G56: =G22*'3 Doprava a přeprava'!F26 -> 0 | H56: =H22*'3 Doprava a přeprava'!G26 -> 0 | I56: =I22*'3 Doprava a přeprava'!H26 -> 0 | J56: =J22*'3 Doprava a přeprava'!I26 -> 0 | K56: =K22*'3 Doprava a přeprava'!J26 -> 0 | L56: =L22*'3 Doprava a přeprava'!K26 -> 0 | ... S56: =S22*'3 Doprava a přeprava'!R26 -> 0
C57: =C39 -> Náklady na provoz METRA | D57: =SUM(E57:S57,E66:S66) -> 0 | E57: =E23*'3 Doprava a přeprava'!D27 -> 0 | F57: =F23*'3 Doprava a přeprava'!E27 -> 0 | G57: =G23*'3 Doprava a přeprava'!F27 -> 0 | H57: =H23*'3 Doprava a přeprava'!G27 -> 0 | I57: =I23*'3 Doprava a přeprava'!H27 -> 0 | J57: =J23*'3 Doprava a přeprava'!I27 -> 0 | K57: =K23*'3 Doprava a přeprava'!J27 -> 0 | L57: =L23*'3 Doprava a přeprava'!K27 -> 0 | ... S57: =S23*'3 Doprava a přeprava'!R27 -> 0
C58: =C40 -> ostatní, specifikujte | D58: =SUM(E58:S58,E67:S67) -> 0
C59: =C50 -> Celkové provozní náklady vozidel | D59: =SUM(E59:S59,E68:S68) -> 0 | E59: =SUM(E54:E58) -> 0 | F59: =SUM(F54:F58) -> 0 | G59: =SUM(G54:G58) -> 0 | H59: =SUM(H54:H58) -> 0 | I59: =SUM(I54:I58) -> 0 | J59: =SUM(J54:J58) -> 0 | K59: =SUM(K54:K58) -> 0 | L59: =SUM(L54:L58) -> 0 | ... S59: =SUM(S54:S58) -> 0
B61: 4.2. | C61: =C52 -> Celkové provozní náklady vozidel MHD | E61: =S52+1 -> 2041 | F61: =E61+1 -> 2042 | G61: =F61+1 -> 2043 | H61: =G61+1 -> 2044 | I61: =H61+1 -> 2045 | J61: =I61+1 -> 2046 | K61: =J61+1 -> 2047 | L61: =K61+1 -> 2048 | M61: =L61+1 -> 2049 | ... S61: =R61+1 -> 2055
B62: b | C62: =C53 -> Scénář bez projektu | E62: =S53+1 -> 1
C63: =C54 -> Náklady na provoz MĚSTSKÝCH AUTOBUSŮ | E63: =E28*'3 Doprava a přeprava'!D33 -> 0 | F63: =F28*'3 Doprava a přeprava'!E33 -> 0 | G63: =G28*'3 Doprava a přeprava'!F33 -> 0 | H63: =H28*'3 Doprava a přeprava'!G33 -> 0 | I63: =I28*'3 Doprava a přeprava'!H33 -> 0 | J63: =J28*'3 Doprava a přeprava'!I33 -> 0 | K63: =K28*'3 Doprava a přeprava'!J33 -> 0 | L63: =L28*'3 Doprava a přeprava'!K33 -> 0 | ... S63: =S28*'3 Doprava a přeprava'!R33 -> 0
C64: =C55 -> Náklady na provoz TROLEJBUS | E64: =E29*'3 Doprava a přeprava'!D34 -> 0 | F64: =F29*'3 Doprava a přeprava'!E34 -> 0 | G64: =G29*'3 Doprava a přeprava'!F34 -> 0 | H64: =H29*'3 Doprava a přeprava'!G34 -> 0 | I64: =I29*'3 Doprava a přeprava'!H34 -> 0 | J64: =J29*'3 Doprava a přeprava'!I34 -> 0 | K64: =K29*'3 Doprava a přeprava'!J34 -> 0 | L64: =L29*'3 Doprava a přeprava'!K34 -> 0 | ... S64: =S29*'3 Doprava a přeprava'!R34 -> 0
C65: =C56 -> Náklady na provoz TRAMVAJ | E65: =E30*'3 Doprava a přeprava'!D35 -> 0 | F65: =F30*'3 Doprava a přeprava'!E35 -> 0 | G65: =G30*'3 Doprava a přeprava'!F35 -> 0 | H65: =H30*'3 Doprava a přeprava'!G35 -> 0 | I65: =I30*'3 Doprava a přeprava'!H35 -> 0 | J65: =J30*'3 Doprava a přeprava'!I35 -> 0 | K65: =K30*'3 Doprava a přeprava'!J35 -> 0 | L65: =L30*'3 Doprava a přeprava'!K35 -> 0 | ... S65: =S30*'3 Doprava a přeprava'!R35 -> 0
C66: =C57 -> Náklady na provoz METRA | E66: =E31*'3 Doprava a přeprava'!D36 -> 0 | F66: =F31*'3 Doprava a přeprava'!E36 -> 0 | G66: =G31*'3 Doprava a přeprava'!F36 -> 0 | H66: =H31*'3 Doprava a přeprava'!G36 -> 0 | I66: =I31*'3 Doprava a přeprava'!H36 -> 0 | J66: =J31*'3 Doprava a přeprava'!I36 -> 0 | K66: =K31*'3 Doprava a přeprava'!J36 -> 0 | L66: =L31*'3 Doprava a přeprava'!K36 -> 0 | ... S66: =S31*'3 Doprava a přeprava'!R36 -> 0
C67: =C58 -> ostatní, specifikujte
C68: =C59 -> Celkové provozní náklady vozidel | E68: =SUM(E63:E67) -> 0 | F68: =SUM(F63:F67) -> 0 | G68: =SUM(G63:G67) -> 0 | H68: =SUM(H63:H67) -> 0 | I68: =SUM(I63:I67) -> 0 | J68: =SUM(J63:J67) -> 0 | K68: =SUM(K63:K67) -> 0 | L68: =SUM(L63:L67) -> 0 | ... S68: =SUM(S63:S67) -> 0
B71: 4.3. | C71: =IF('0 Úvod'!$M$10="English",Slovnik!D177,Slovnik!C177) -> Přírůstkové celkové provozní náklady (CZK) | E71: =E34 -> 2026 | F71: =E71+1 -> 2027 | G71: =F71+1 -> 2028 | H71: =G71+1 -> 2029 | I71: =H71+1 -> 2030 | J71: =I71+1 -> 2031 | K71: =J71+1 -> 2032 | L71: =K71+1 -> 2033 | M71: =L71+1 -> 2034 | ... S71: =R71+1 -> 2040
B72: a | D72: =D53 -> Celkem
C73: =C63 -> Náklady na provoz MĚSTSKÝCH AUTOBUSŮ | D73: =SUM(E73:S73,E82:S82) -> 0 | E73: =(E36-E54) -> 0 | F73: =(F36-F54) -> 0 | G73: =(G36-G54) -> 0 | H73: =(H36-H54) -> 0 | I73: =(I36-I54) -> 0 | J73: =(J36-J54) -> 0 | K73: =(K36-K54) -> 0 | L73: =(L36-L54) -> 0 | ... S73: =(S36-S54) -> 0
C74: =C64 -> Náklady na provoz TROLEJBUS | D74: =SUM(E74:S74,E83:S83) -> 0 | E74: =(E37-E55) -> 0 | F74: =(F37-F55) -> 0 | G74: =(G37-G55) -> 0 | H74: =(H37-H55) -> 0 | I74: =(I37-I55) -> 0 | J74: =(J37-J55) -> 0 | K74: =(K37-K55) -> 0 | L74: =(L37-L55) -> 0 | ... S74: =(S37-S55) -> 0
C75: =C65 -> Náklady na provoz TRAMVAJ | D75: =SUM(E75:S75,E84:S84) -> 0 | E75: =(E38-E56) -> 0 | F75: =(F38-F56) -> 0 | G75: =(G38-G56) -> 0 | H75: =(H38-H56) -> 0 | I75: =(I38-I56) -> 0 | J75: =(J38-J56) -> 0 | K75: =(K38-K56) -> 0 | L75: =(L38-L56) -> 0 | ... S75: =(S38-S56) -> 0
C76: =C66 -> Náklady na provoz METRA | D76: =SUM(E76:S76,E85:S85) -> 0 | E76: =(E39-E57) -> 0 | F76: =(F39-F57) -> 0 | G76: =(G39-G57) -> 0 | H76: =(H39-H57) -> 0 | I76: =(I39-I57) -> 0 | J76: =(J39-J57) -> 0 | K76: =(K39-K57) -> 0 | L76: =(L39-L57) -> 0 | ... S76: =(S39-S57) -> 0
C77: =C67 -> ostatní, specifikujte | D77: =SUM(E77:S77,E86:S86) -> 0 | E77: =(E40-E58) -> 0 | F77: =(F40-F58) -> 0 | G77: =(G40-G58) -> 0 | H77: =(H40-H58) -> 0 | I77: =(I40-I58) -> 0 | J77: =(J40-J58) -> 0 | K77: =(K40-K58) -> 0 | L77: =(L40-L58) -> 0 | ... S77: =(S40-S58) -> 0
C78: =IF('0 Úvod'!$M$10="English",Slovnik!D178,Slovnik!C178) -> Přírůstkové celkové PN vozidel | D78: =SUM(E78:S78,E87:S87) -> 0 | E78: =SUM(E73:E77) -> 0 | F78: =SUM(F73:F77) -> 0 | G78: =SUM(G73:G77) -> 0 | H78: =SUM(H73:H77) -> 0 | I78: =SUM(I73:I77) -> 0 | J78: =SUM(J73:J77) -> 0 | K78: =SUM(K73:K77) -> 0 | L78: =SUM(L73:L77) -> 0 | ... S78: =SUM(S73:S77) -> 0
B80: 4.3. | C80: =C71 -> Přírůstkové celkové provozní náklady (CZK) | E80: =S71+1 -> 2041 | F80: =E80+1 -> 2042 | G80: =F80+1 -> 2043 | H80: =G80+1 -> 2044 | I80: =H80+1 -> 2045 | J80: =I80+1 -> 2046 | K80: =J80+1 -> 2047 | L80: =K80+1 -> 2048 | M80: =L80+1 -> 2049 | ... S80: =R80+1 -> 2055
B81: b | E81: =S72+1 -> 1
C82: =C73 -> Náklady na provoz MĚSTSKÝCH AUTOBUSŮ | E82: =(E45-E63) -> 0 | F82: =(F45-F63) -> 0 | G82: =(G45-G63) -> 0 | H82: =(H45-H63) -> 0 | I82: =(I45-I63) -> 0 | J82: =(J45-J63) -> 0 | K82: =(K45-K63) -> 0 | L82: =(L45-L63) -> 0 | ... S82: =(S45-S63) -> 0
C83: =C74 -> Náklady na provoz TROLEJBUS | E83: =(E46-E64) -> 0 | F83: =(F46-F64) -> 0 | G83: =(G46-G64) -> 0 | H83: =(H46-H64) -> 0 | I83: =(I46-I64) -> 0 | J83: =(J46-J64) -> 0 | K83: =(K46-K64) -> 0 | L83: =(L46-L64) -> 0 | ... S83: =(S46-S64) -> 0
C84: =C75 -> Náklady na provoz TRAMVAJ | E84: =(E47-E65) -> 0 | F84: =(F47-F65) -> 0 | G84: =(G47-G65) -> 0 | H84: =(H47-H65) -> 0 | I84: =(I47-I65) -> 0 | J84: =(J47-J65) -> 0 | K84: =(K47-K65) -> 0 | L84: =(L47-L65) -> 0 | ... S84: =(S47-S65) -> 0
C85: =C76 -> Náklady na provoz METRA | E85: =(E48-E66) -> 0 | F85: =(F48-F66) -> 0 | G85: =(G48-G66) -> 0 | H85: =(H48-H66) -> 0 | I85: =(I48-I66) -> 0 | J85: =(J48-J66) -> 0 | K85: =(K48-K66) -> 0 | L85: =(L48-L66) -> 0 | ... S85: =(S48-S66) -> 0
C86: =C77 -> ostatní, specifikujte | E86: =(E49-E67) -> 0 | F86: =(F49-F67) -> 0 | G86: =(G49-G67) -> 0 | H86: =(H49-H67) -> 0 | I86: =(I49-I67) -> 0 | J86: =(J49-J67) -> 0 | K86: =(K49-K67) -> 0 | L86: =(L49-L67) -> 0 | ... S86: =(S49-S67) -> 0
C87: =C78 -> Přírůstkové celkové PN vozidel | E87: =SUM(E82:E86) -> 0 | F87: =SUM(F82:F86) -> 0 | G87: =SUM(G82:G86) -> 0 | H87: =SUM(H82:H86) -> 0 | I87: =SUM(I82:I86) -> 0 | J87: =SUM(J82:J86) -> 0 | K87: =SUM(K82:K86) -> 0 | L87: =SUM(L82:L86) -> 0 | ... S87: =SUM(S82:S86) -> 0
C89: =IF('0 Úvod'!$M$10="English",Slovnik!D179,Slovnik!C179) -> Scénář s projektem (CZK) | D89: =D41 -> 0
C90: =IF('0 Úvod'!$M$10="English",Slovnik!D180,Slovnik!C180) -> Scénář bez projektu (CZK) | D90: =D59 -> 0
C91: =IF('0 Úvod'!$M$10="English",Slovnik!D181,Slovnik!C181) -> Přírůstkové cash-flow (CZK) | D91: =D78 -> 0
B128: =IF('0 Úvod'!$M$10="English",Slovnik!$D$183,Slovnik!$C$183) -> Komentáře
B130: Identifikace nákladů na provozu vozidel MHD. Náklady na provoz IAD, vlaků, regionálních nebo celostátních BUS linek apod. jsou zadávány až v části ekonomické analýzy. Zadávejte pouze provozní náklady na vozidla, která budou ovlivněná realizací projektu.

Sheet 6 Příjmy
B2: 6.1. | C2: =IF('0 Úvod'!$M$10="English",Slovnik!D414,Slovnik!C414) -> Celkové provozní příjmy (CZK) | E2: ='0 Úvod'!G18 -> 2026 | F2: =E2+1 -> 2027 | G2: =F2+1 -> 2028 | H2: =G2+1 -> 2029 | I2: =H2+1 -> 2030 | J2: =I2+1 -> 2031 | K2: =J2+1 -> 2032 | L2: =K2+1 -> 2033 | M2: =L2+1 -> 2034 | ... S2: =R2+1 -> 2040
B3: a | C3: =IF('0 Úvod'!$M$10="English",Slovnik!D410,Slovnik!C410) -> Scénář s projektem | D3: =IF('0 Úvod'!$M$10="English",Slovnik!$D$415,Slovnik!$C$415) -> Celkem
C4: Tržby z jízdného | D4: =SUM(E4:S4,E11:S11) -> 0
C5: =IF('0 Úvod'!$M$10="English",Slovnik!D412,Slovnik!C412) -> Provozní příjmy - nákladní doprava | D5: =SUM(E5:S5,E12:S12) -> 0
C6: Ostatní tržby z přepravy, pronájmy, apod. | D6: =SUM(E6:S6,E13:S13) -> 0
C7: =IF('0 Úvod'!$M$10="English",Slovnik!D414,Slovnik!C414) -> Celkové provozní příjmy (CZK) | D7: =SUM(E7:S7,E14:S14) -> 0 | E7: =SUM(E4:E6) -> 0 | F7: =SUM(F4:F6) -> 0 | G7: =SUM(G4:G6) -> 0 | H7: =SUM(H4:H6) -> 0 | I7: =SUM(I4:I6) -> 0 | J7: =SUM(J4:J6) -> 0 | K7: =SUM(K4:K6) -> 0 | L7: =SUM(L4:L6) -> 0 | ... S7: =SUM(S4:S6) -> 0
B9: =B2 -> 6.1. | C9: =C2 -> Celkové provozní příjmy (CZK) | E9: =S2+1 -> 2041 | F9: =E9+1 -> 2042 | G9: =F9+1 -> 2043 | H9: =G9+1 -> 2044 | I9: =H9+1 -> 2045 | J9: =I9+1 -> 2046 | K9: =J9+1 -> 2047 | L9: =K9+1 -> 2048 | M9: =L9+1 -> 2049 | ... S9: =R9+1 -> 2055
B10: b | C10: =C3 -> Scénář s projektem
C11: =C4 -> Tržby z jízdného
C12: =C5 -> Provozní příjmy - nákladní doprava
C13: =C6 -> Ostatní tržby z přepravy, pronájmy, apod.
C14: =C7 -> Celkové provozní příjmy (CZK) | E14: =SUM(E11:E13) -> 0 | F14: =SUM(F11:F13) -> 0 | G14: =SUM(G11:G13) -> 0 | H14: =SUM(H11:H13) -> 0 | I14: =SUM(I11:I13) -> 0 | J14: =SUM(J11:J13) -> 0 | K14: =SUM(K11:K13) -> 0 | L14: =SUM(L11:L13) -> 0 | ... S14: =SUM(S11:S13) -> 0
B16: 6.2. | C16: =C9 -> Celkové provozní příjmy (CZK) | E16: =E2 -> 2026 | F16: =E16+1 -> 2027 | G16: =F16+1 -> 2028 | H16: =G16+1 -> 2029 | I16: =H16+1 -> 2030 | J16: =I16+1 -> 2031 | K16: =J16+1 -> 2032 | L16: =K16+1 -> 2033 | M16: =L16+1 -> 2034 | ... S16: =R16+1 -> 2040
B17: a | C17: =IF('0 Úvod'!$M$10="English",Slovnik!$D$416,Slovnik!$C$416) -> Scénář bez projektu | D17: =D3 -> Celkem
C18: =C11 -> Tržby z jízdného | D18: =SUM(E18:S18,E25:S25) -> 0
C19: =C12 -> Provozní příjmy - nákladní doprava | D19: =SUM(E19:S19,E26:S26) -> 0
C20: =C13 -> Ostatní tržby z přepravy, pronájmy, apod. | D20: =SUM(E20:S20,E27:S27) -> 0
C21: =C14 -> Celkové provozní příjmy (CZK) | D21: =SUM(E21:S21,E28:S28) -> 0 | E21: =SUM(E18:E20) -> 0 | F21: =SUM(F18:F20) -> 0 | G21: =SUM(G18:G20) -> 0 | H21: =SUM(H18:H20) -> 0 | I21: =SUM(I18:I20) -> 0 | J21: =SUM(J18:J20) -> 0 | K21: =SUM(K18:K20) -> 0 | L21: =SUM(L18:L20) -> 0 | ... S21: =SUM(S18:S20) -> 0
B23: =B16 -> 6.2. | C23: =C16 -> Celkové provozní příjmy (CZK) | E23: =S16+1 -> 2041 | F23: =E23+1 -> 2042 | G23: =F23+1 -> 2043 | H23: =G23+1 -> 2044 | I23: =H23+1 -> 2045 | J23: =I23+1 -> 2046 | K23: =J23+1 -> 2047 | L23: =K23+1 -> 2048 | M23: =L23+1 -> 2049 | ... S23: =R23+1 -> 2055
B24: b | C24: =C17 -> Scénář bez projektu
C25: =C18 -> Tržby z jízdného
C26: =C19 -> Provozní příjmy - nákladní doprava
C27: =C20 -> Ostatní tržby z přepravy, pronájmy, apod.
C28: =C21 -> Celkové provozní příjmy (CZK) | E28: =SUM(E25:E27) -> 0 | F28: =SUM(F25:F27) -> 0 | G28: =SUM(G25:G27) -> 0 | H28: =SUM(H25:H27) -> 0 | I28: =SUM(I25:I27) -> 0 | J28: =SUM(J25:J27) -> 0 | K28: =SUM(K25:K27) -> 0 | L28: =SUM(L25:L27) -> 0 | ... S28: =SUM(S25:S27) -> 0
B30: 6.3. | C30: =IF('0 Úvod'!$M$10="English",Slovnik!D417,Slovnik!C417) -> Celkové přírůstkové provozní příjmy (CZK) | E30: =E2 -> 2026 | F30: =E30+1 -> 2027 | G30: =F30+1 -> 2028 | H30: =G30+1 -> 2029 | I30: =H30+1 -> 2030 | J30: =I30+1 -> 2031 | K30: =J30+1 -> 2032 | L30: =K30+1 -> 2033 | M30: =L30+1 -> 2034 | ... S30: =R30+1 -> 2040
B31: a | C31: =IF('0 Úvod'!$M$10="English",Slovnik!D418,Slovnik!C418) -> Přírůstek cash-flow | D31: =D17 -> Celkem
C32: =C25 -> Tržby z jízdného | D32: =SUM(E32:S32,E39:S39) -> 0 | E32: =E4-E18 -> 0 | F32: =F4-F18 -> 0 | G32: =G4-G18 -> 0 | H32: =H4-H18 -> 0 | I32: =I4-I18 -> 0 | J32: =J4-J18 -> 0 | K32: =K4-K18 -> 0 | L32: =L4-L18 -> 0 | ... S32: =S4-S18 -> 0
C33: =C26 -> Provozní příjmy - nákladní doprava | D33: =SUM(E33:S33,#REF!) -> #REF! | E33: =E5-E19 -> 0 | F33: =F5-F19 -> 0 | G33: =G5-G19 -> 0 | H33: =H5-H19 -> 0 | I33: =I5-I19 -> 0 | J33: =J5-J19 -> 0 | K33: =K5-K19 -> 0 | L33: =L5-L19 -> 0 | ... S33: =S5-S19 -> 0
C34: =C27 -> Ostatní tržby z přepravy, pronájmy, apod. | D34: =SUM(E34:S34,E40:S40) -> 0 | E34: =E6-E20 -> 0 | F34: =F6-F20 -> 0 | G34: =G6-G20 -> 0 | H34: =H6-H20 -> 0 | I34: =I6-I20 -> 0 | J34: =J6-J20 -> 0 | K34: =K6-K20 -> 0 | L34: =L6-L20 -> 0 | ... S34: =S6-S20 -> 0
C35: =C30 -> Celkové přírůstkové provozní příjmy (CZK) | D35: =SUM(E35:S35,E41:S41) -> 0 | E35: =E7-E21 -> 0 | F35: =F7-F21 -> 0 | G35: =G7-G21 -> 0 | H35: =H7-H21 -> 0 | I35: =I7-I21 -> 0 | J35: =J7-J21 -> 0 | K35: =K7-K21 -> 0 | L35: =L7-L21 -> 0 | ... S35: =S7-S21 -> 0
B37: =B30 -> 6.3. | C37: =C30 -> Celkové přírůstkové provozní příjmy (CZK) | E37: =S30+1 -> 2041 | F37: =E37+1 -> 2042 | G37: =F37+1 -> 2043 | H37: =G37+1 -> 2044 | I37: =H37+1 -> 2045 | J37: =I37+1 -> 2046 | K37: =J37+1 -> 2047 | L37: =K37+1 -> 2048 | M37: =L37+1 -> 2049 | ... S37: =R37+1 -> 2055
B38: b | C38: =C31 -> Přírůstek cash-flow
C39: =C32 -> Tržby z jízdného | E39: =E11-E25 -> 0 | F39: =F11-F25 -> 0 | G39: =G11-G25 -> 0 | H39: =H11-H25 -> 0 | I39: =I11-I25 -> 0 | J39: =J11-J25 -> 0 | K39: =K11-K25 -> 0 | L39: =L11-L25 -> 0 | ... S39: =S11-S25 -> 0
C40: =C34 -> Ostatní tržby z přepravy, pronájmy, apod. | E40: =E13-E27 -> 0 | F40: =F13-F27 -> 0 | G40: =G13-G27 -> 0 | H40: =H13-H27 -> 0 | I40: =I13-I27 -> 0 | J40: =J13-J27 -> 0 | K40: =K13-K27 -> 0 | L40: =L13-L27 -> 0 | ... S40: =S13-S27 -> 0
C41: =C35 -> Celkové přírůstkové provozní příjmy (CZK) | E41: =E14-E28 -> 0 | F41: =F14-F28 -> 0 | G41: =G14-G28 -> 0 | H41: =H14-H28 -> 0 | I41: =I14-I28 -> 0 | J41: =J14-J28 -> 0 | K41: =K14-K28 -> 0 | L41: =L14-L28 -> 0 | ... S41: =S14-S28 -> 0
C43: =IF('0 Úvod'!$M$10="English",Slovnik!D419,Slovnik!C419) -> Scénář s projektem (CZK) | D43: =D7 -> 0
C44: =IF('0 Úvod'!$M$10="English",Slovnik!D420,Slovnik!C420) -> Scénář bez projektu (CZK) | D44: =D21 -> 0
C45: =IF('0 Úvod'!$M$10="English",Slovnik!D421,Slovnik!C421) -> Přírůstek cash-flow (CZK) | D45: =D35 -> 0
B48: 8.4. | C48: =IF('0 Úvod'!$M$10="English",Slovnik!$D$422,Slovnik!$C$422) -> Celkové výkony | E48: =E2 -> 2026 | F48: =E48+1 -> 2027 | G48: =F48+1 -> 2028 | H48: =G48+1 -> 2029 | I48: =H48+1 -> 2030 | J48: =I48+1 -> 2031 | K48: =J48+1 -> 2032 | L48: =K48+1 -> 2033 | M48: =L48+1 -> 2034 | ... S48: =R48+1 -> 2040
B49: a | C49: =C10 -> Scénář s projektem | D49: =D31 -> Celkem
D50: =SUM(E50:S50,E66:S66) -> 0
D51: =SUM(E51:S51,E67:S67) -> 0
D52: =SUM(E52:S52,E68:S68) -> 0
D53: =SUM(E53:S53,E69:S69) -> 0
D54: =SUM(E54:S54,E70:S70) -> 0
D55: =SUM(E55:S55,E71:S71) -> 0
D56: =SUM(E56:S56,E72:S72) -> 0
D57: =SUM(E57:S57,E73:S73) -> 0
D58: =SUM(E58:S58,E74:S74) -> 0
D59: =SUM(E59:S59,E75:S75) -> 0
D60: =SUM(E60:S60,E76:S76) -> 0
D61: =SUM(E61:S61,E77:S77) -> 0
B64: =B48 -> 8.4. | C64: =C48 -> Celkové výkony | E64: =S48+1 -> 2041 | F64: =E64+1 -> 2042 | G64: =F64+1 -> 2043 | H64: =G64+1 -> 2044 | I64: =H64+1 -> 2045 | J64: =I64+1 -> 2046 | K64: =J64+1 -> 2047 | L64: =K64+1 -> 2048 | M64: =L64+1 -> 2049 | ... S64: =R64+1 -> 2055
B65: b | C65: =C49 -> Scénář s projektem
B66: =B50 -> 0 | C66: =C50 -> 0
B67: =B51 -> 0 | C67: =C51 -> 0
B68: =B52 -> 0 | C68: =C52 -> 0
B69: =B53 -> 0 | C69: =C53 -> 0
B70: =B54 -> 0 | C70: =C54 -> 0
B71: =B55 -> 0 | C71: =C55 -> 0
B72: =B56 -> 0 | C72: =C56 -> 0
B73: =B57 -> 0 | C73: =C57 -> 0
B74: =B58 -> 0 | C74: =C58 -> 0
B75: =B59 -> 0 | C75: =C59 -> 0
B76: =B60 -> 0 | C76: =C60 -> 0
B77: =B61 -> 0 | C77: =C61 -> 0
B80: 8.5. | C80: =C64 -> Celkové výkony | E80: =E48 -> 2026 | F80: =E80+1 -> 2027 | G80: =F80+1 -> 2028 | H80: =G80+1 -> 2029 | I80: =H80+1 -> 2030 | J80: =I80+1 -> 2031 | K80: =J80+1 -> 2032 | L80: =K80+1 -> 2033 | M80: =L80+1 -> 2034 | ... S80: =R80+1 -> 2040
B81: a | C81: =C24 -> Scénář bez projektu | D81: =D49 -> Celkem
D82: =SUM(E82:S82,E98:S98) -> 0
D83: =SUM(E83:S83,E99:S99) -> 0
D84: =SUM(E84:S84,E100:S100) -> 0
D85: =SUM(E85:S85,E101:S101) -> 0
D86: =SUM(E86:S86,E102:S102) -> 0
D87: =SUM(E87:S87,E103:S103) -> 0
D88: =SUM(E88:S88,E104:S104) -> 0
D89: =SUM(E89:S89,E105:S105) -> 0
D90: =SUM(E90:S90,E106:S106) -> 0
D91: =SUM(E91:S91,E107:S107) -> 0
D92: =SUM(E92:S92,E108:S108) -> 0
D93: =SUM(E93:S93,E109:S109) -> 0
B96: =B80 -> 8.5. | C96: =C80 -> Celkové výkony | E96: =S80+1 -> 2041 | F96: =E96+1 -> 2042 | G96: =F96+1 -> 2043 | H96: =G96+1 -> 2044 | I96: =H96+1 -> 2045 | J96: =I96+1 -> 2046 | K96: =J96+1 -> 2047 | L96: =K96+1 -> 2048 | M96: =L96+1 -> 2049 | ... S96: =R96+1 -> 2055
B97: b | C97: =C81 -> Scénář bez projektu
B98: =B82 -> 0 | C98: =C82 -> 0
B99: =B83 -> 0 | C99: =C83 -> 0
B100: =B84 -> 0 | C100: =C84 -> 0
B101: =B85 -> 0 | C101: =C85 -> 0
B102: =B86 -> 0 | C102: =C86 -> 0
B103: =B87 -> 0 | C103: =C87 -> 0
B104: =B88 -> 0 | C104: =C88 -> 0
B105: =B89 -> 0 | C105: =C89 -> 0
B106: =B90 -> 0 | C106: =C90 -> 0
B107: =B91 -> 0 | C107: =C91 -> 0
B108: =B92 -> 0 | C108: =C92 -> 0
B109: =B93 -> 0 | C109: =C93 -> 0
B112: =IF('0 Úvod'!$M$10="English",Slovnik!$D$423,Slovnik!$C$423) -> Komentáře
B114: Identifikujte příjmy z přepravy osob související s realizací projektu. Na řádku ostatní příjmy zadejte další provozní příjmy související s projektem (např. příjmy z pronájmů apod.). Přijaté provozní příspěvky, kompenzace (vyrovnávací platba) apod. jsou zadávány až jako zdroje financování na listu Finanční analýza.

Sheet 7 Finanční analýza
B2: 7.1. | C2: Finanční analýza projektu | E2: ='0 Úvod'!G18 -> 2026 | F2: =E2+1 -> 2027 | G2: =F2+1 -> 2028 | H2: =G2+1 -> 2029 | I2: =H2+1 -> 2030 | J2: =I2+1 -> 2031 | K2: =J2+1 -> 2032 | L2: =K2+1 -> 2033 | M2: =L2+1 -> 2034 | ... S2: =R2+1 -> 2040 | U2: PN infrastruktury | V2: PN vozidel
B3: a | D3: =IF('0 Úvod'!$M$10="English",Slovnik!$D$444,Slovnik!$C$444) -> Celkem | U3: ŽELEZNIČNÍ | V3: ŽELEZNIČNÍ
C4: =IF('0 Úvod'!$M$10="English",Slovnik!D434,Slovnik!C434) -> Celkové přírůstkové provozní příjmy | D4: =SUM(E4:S4,E25:S25) -> 0 | E4: =IF(E2<=('0 Úvod'!$G$18+'0 Úvod'!$J$18-1),'6 Příjmy'!E35,0) -> 0 | F4: =IF(F2<=('0 Úvod'!$G$18+'0 Úvod'!$J$18-1),'6 Příjmy'!F35,0) -> 0 | G4: =IF(G2<=('0 Úvod'!$G$18+'0 Úvod'!$J$18-1),'6 Příjmy'!G35,0) -> 0 | H4: =IF(H2<=('0 Úvod'!$G$18+'0 Úvod'!$J$18-1),'6 Příjmy'!H35,0) -> 0 | I4: =IF(I2<=('0 Úvod'!$G$18+'0 Úvod'!$J$18-1),'6 Příjmy'!I35,0) -> 0 | J4: =IF(J2<=('0 Úvod'!$G$18+'0 Úvod'!$J$18-1),'6 Příjmy'!J35,0) -> 0 | K4: =IF(K2<=('0 Úvod'!$G$18+'0 Úvod'!$J$18-1),'6 Příjmy'!K35,0) -> 0 | L4: =IF(L2<=('0 Úvod'!$G$18+'0 Úvod'!$J$18-1),'6 Příjmy'!L35,0) -> 0 | ... S4: =IF(S2<=('0 Úvod'!$G$18+'0 Úvod'!$J$18-1),'6 Příjmy'!S35,0) -> 0 | U4: SILNIČNÍ | V4: SILNIČNÍ
C5: =IF('0 Úvod'!$M$10="English",Slovnik!D435,Slovnik!C435) -> Celkové výnosy | D5: =SUM(D4) -> 0 | E5: =SUM(E4) -> 0 | F5: =SUM(F4) -> 0 | G5: =SUM(G4) -> 0 | H5: =SUM(H4) -> 0 | I5: =SUM(I4) -> 0 | J5: =SUM(J4) -> 0 | K5: =SUM(K4) -> 0 | ... S5: =SUM(S4) -> 0 | U5: VODNÍ | V5: VODNÍ
C6: =IF('0 Úvod'!$M$10="English",Slovnik!D436,Slovnik!C436) -> Celkové přírůstkové provozní náklady infrastruktury | D6: =SUM(E6:S6,E27:S27) -> 0 | E6: =IF(E2<=('0 Úvod'!$G$18+'0 Úvod'!$J$18-1),'4 PN infrastruktury'!E65,0) -> 0 | F6: =IF(F2<=('0 Úvod'!$G$18+'0 Úvod'!$J$18-1),'4 PN infrastruktury'!F65,0) -> 0 | G6: =IF(G2<=('0 Úvod'!$G$18+'0 Úvod'!$J$18-1),'4 PN infrastruktury'!G65,0) -> 0 | H6: =IF(H2<=('0 Úvod'!$G$18+'0 Úvod'!$J$18-1),'4 PN infrastruktury'!H65,0) -> 0 | I6: =IF(I2<=('0 Úvod'!$G$18+'0 Úvod'!$J$18-1),'4 PN infrastruktury'!I65,0) -> 0 | J6: =IF(J2<=('0 Úvod'!$G$18+'0 Úvod'!$J$18-1),'4 PN infrastruktury'!J65,0) -> 0 | K6: =IF(K2<=('0 Úvod'!$G$18+'0 Úvod'!$J$18-1),'4 PN infrastruktury'!K65,0) -> 0 | L6: =IF(L2<=('0 Úvod'!$G$18+'0 Úvod'!$J$18-1),'4 PN infrastruktury'!L65,0) -> 0 | ... S6: =IF(S2<=('0 Úvod'!$G$18+'0 Úvod'!$J$18-1),'4 PN infrastruktury'!S65,0) -> 0 | U6: OSTATNÍ | V6: MHD
C7: =IF('0 Úvod'!$M$10="English",Slovnik!D437,Slovnik!C437) -> Celkové přírůstkové provozní náklady vozidel | D7: =SUM(E7:S7,E28:S28) -> 0 | E7: =IF(E2<=('0 Úvod'!$G$18+'0 Úvod'!$J$18-1),'5 PN vozidel MHD'!E78,0) -> 0 | F7: =IF(F2<=('0 Úvod'!$G$18+'0 Úvod'!$J$18-1),'5 PN vozidel MHD'!F78,0) -> 0 | G7: =IF(G2<=('0 Úvod'!$G$18+'0 Úvod'!$J$18-1),'5 PN vozidel MHD'!G78,0) -> 0 | H7: =IF(H2<=('0 Úvod'!$G$18+'0 Úvod'!$J$18-1),'5 PN vozidel MHD'!H78,0) -> 0 | I7: =IF(I2<=('0 Úvod'!$G$18+'0 Úvod'!$J$18-1),'5 PN vozidel MHD'!I78,0) -> 0 | J7: =IF(J2<=('0 Úvod'!$G$18+'0 Úvod'!$J$18-1),'5 PN vozidel MHD'!J78,0) -> 0 | K7: =IF(K2<=('0 Úvod'!$G$18+'0 Úvod'!$J$18-1),'5 PN vozidel MHD'!K78,0) -> 0 | L7: =IF(L2<=('0 Úvod'!$G$18+'0 Úvod'!$J$18-1),'5 PN vozidel MHD'!L78,0) -> 0 | ... S7: =IF(S2<=('0 Úvod'!$G$18+'0 Úvod'!$J$18-1),'5 PN vozidel MHD'!S78,0) -> 0 | V7: MHD (vč. MĚSTSKÝ BUS)
C8: =IF('0 Úvod'!$M$10="English",Slovnik!D438,Slovnik!C438) -> Celkové invest. náklady bez rezervy | D8: =SUM(E8:S8,E29:S29) -> 0 | E8: ='1 CIN'!E10 -> 0 | F8: ='1 CIN'!F10 -> 0 | G8: ='1 CIN'!G10 -> 0 | H8: ='1 CIN'!H10 -> 0 | I8: ='1 CIN'!I10 -> 0 | J8: ='1 CIN'!J10 -> 0 | K8: ='1 CIN'!K10 -> 0 | L8: ='1 CIN'!L10 -> 0 | ... S8: ='1 CIN'!S10 -> 0
C9: =IF('0 Úvod'!$M$10="English",Slovnik!D439,Slovnik!C439) -> Zůstatková hodnota (záporná) | D9: =SUM(E9:S9,E30:S30) -> 0 | E9: =IF(E2='0 Úvod'!$G$18+'0 Úvod'!$J$18-1,-1*'2 ZH'!$D$47,0) -> 0 | F9: =IF(F2='0 Úvod'!$G$18+'0 Úvod'!$J$18-1,-1*'2 ZH'!$D$47,0) -> 0 | G9: =IF(G2='0 Úvod'!$G$18+'0 Úvod'!$J$18-1,-1*'2 ZH'!$D$47,0) -> 0 | H9: =IF(H2='0 Úvod'!$G$18+'0 Úvod'!$J$18-1,-1*'2 ZH'!$D$47,0) -> 0 | I9: =IF(I2='0 Úvod'!$G$18+'0 Úvod'!$J$18-1,-1*'2 ZH'!$D$47,0) -> 0 | J9: =IF(J2='0 Úvod'!$G$18+'0 Úvod'!$J$18-1,-1*'2 ZH'!$D$47,0) -> 0 | K9: =IF(K2='0 Úvod'!$G$18+'0 Úvod'!$J$18-1,-1*'2 ZH'!$D$47,0) -> 0 | L9: =IF(L2='0 Úvod'!$G$18+'0 Úvod'!$J$18-1,-1*'2 ZH'!$D$47,0) -> 0 | ... S9: =IF(S2='0 Úvod'!$G$18+'0 Úvod'!$J$18-1,-1*'2 ZH'!$D$47,0) -> 0
C10: =IF('0 Úvod'!$M$10="English",Slovnik!D440,Slovnik!C440) -> Celkové náklady | D10: =SUM(D6:D9) -> 0 | E10: =SUM(E6:E9) -> 0 | F10: =SUM(F6:F9) -> 0 | G10: =SUM(G6:G9) -> 0 | H10: =SUM(H6:H9) -> 0 | I10: =SUM(I6:I9) -> 0 | J10: =SUM(J6:J9) -> 0 | K10: =SUM(K6:K9) -> 0 | ... S10: =SUM(S6:S9) -> 0
C11: Čisté cash-flow | E11: =E5-E10 -> 0 | F11: =F5-F10 -> 0 | G11: =G5-G10 -> 0 | H11: =H5-H10 -> 0 | I11: =I5-I10 -> 0 | J11: =J5-J10 -> 0 | K11: =K5-K10 -> 0 | L11: =L5-L10 -> 0 | ... S11: =S5-S10 -> 0
C12: Grant EU | D12: =SUM(E12:S12,E33:S33) -> 0 | E12: =$E$44*'1 CIN'!E16 -> 0 | F12: =$E$44*'1 CIN'!F16 -> 0 | G12: =$E$44*'1 CIN'!G16 -> 0 | H12: =$E$44*'1 CIN'!H16 -> 0 | I12: =$E$44*'1 CIN'!I16 -> 0 | J12: =$E$44*'1 CIN'!J16 -> 0 | K12: =$E$44*'1 CIN'!K16 -> 0 | L12: =$E$44*'1 CIN'!L16 -> 0 | ... S12: =$E$44*'1 CIN'!S16 -> 0
C13: Čisté cash-flow + grant EU | E13: =E12+E11 -> 0 | F13: =F12+F11 -> 0 | G13: =G12+G11 -> 0 | H13: =H12+H11 -> 0 | I13: =I12+I11 -> 0 | J13: =J12+J11 -> 0 | K13: =K12+K11 -> 0 | L13: =L12+L11 -> 0 | ... S13: =S12+S11 -> 0
C14: Přijaté úvěry a půjčky
C15: Splátky úvěrů (jistina a úroky)
C16: Ostatní zdroje financování (specifikujte)
C17: Vlastní prostředky
C18: Celkové finanční zdroje | E18: =E12+E14-E15+E16+E17 -> 0 | F18: =F12+F14-F15+F16+F17 -> 0 | G18: =G12+G14-G15+G16+G17 -> 0 | H18: =H12+H14-H15+H16+H17 -> 0 | I18: =I12+I14-I15+I16+I17 -> 0 | J18: =J12+J14-J15+J16+J17 -> 0 | K18: =K12+K14-K15+K16+K17 -> 0 | L18: =L12+L14-L15+L16+L17 -> 0 | ... S18: =S12+S14-S15+S16+S17 -> 0
C19: Celkové finanční cash-flow | E19: =E18+E11 -> 0 | F19: =F18+F11 -> 0 | G19: =G18+G11 -> 0 | H19: =H18+H11 -> 0 | I19: =I18+I11 -> 0 | J19: =J18+J11 -> 0 | K19: =K18+K11 -> 0 | L19: =L18+L11 -> 0 | ... S19: =S18+S11 -> 0
C20: Kumulované celkové fin. cash-flow | E20: =E19 -> 0 | F20: =E20+F19 -> 0 | G20: =F20+G19 -> 0 | H20: =G20+H19 -> 0 | I20: =H20+I19 -> 0 | J20: =I20+J19 -> 0 | K20: =J20+K19 -> 0 | L20: =K20+L19 -> 0 | M20: =L20+M19 -> 0 | ... S20: =R20+S19 -> 0
C21: pomocný řádek | E21: =IF(E20>=0,0,999) -> 0 | F21: =IF(F20>=0,0,999) -> 0 | G21: =IF(G20>=0,0,999) -> 0 | H21: =IF(H20>=0,0,999) -> 0 | I21: =IF(I20>=0,0,999) -> 0 | J21: =IF(J20>=0,0,999) -> 0 | K21: =IF(K20>=0,0,999) -> 0 | L21: =IF(L20>=0,0,999) -> 0 | ... S21: =IF(S20>=0,0,999) -> 0
E22: =IF(E2>='0 Úvod'!$D$20,E4-E6-E7,0) -> 0 | F22: =IF(F2>='0 Úvod'!$D$20,F4-F6-F7,0) -> 0 | G22: =IF(G2>='0 Úvod'!$D$20,G4-G6-G7,0) -> 0 | H22: =IF(H2>='0 Úvod'!$D$20,H4-H6-H7,0) -> 0 | I22: =IF(I2>='0 Úvod'!$D$20,I4-I6-I7,0) -> 0 | J22: =IF(J2>='0 Úvod'!$D$20,J4-J6-J7,0) -> 0 | K22: =IF(K2>='0 Úvod'!$D$20,K4-K6-K7,0) -> 0 | L22: =IF(L2>='0 Úvod'!$D$20,L4-L6-L7,0) -> 0 | ... S22: =IF(S2>='0 Úvod'!$D$20,S4-S6-S7,0) -> 0
B23: 7.1. | C23: =C2 -> Finanční analýza projektu | E23: =S2+1 -> 2041 | F23: =E23+1 -> 2042 | G23: =F23+1 -> 2043 | H23: =G23+1 -> 2044 | I23: =H23+1 -> 2045 | J23: =I23+1 -> 2046 | K23: =J23+1 -> 2047 | L23: =K23+1 -> 2048 | M23: =L23+1 -> 2049 | ... S23: =R23+1 -> 2055
B24: b
C25: =C4 -> Celkové přírůstkové provozní příjmy | E25: =IF(E23<=('0 Úvod'!$G$18+'0 Úvod'!$J$18-1),'6 Příjmy'!E41,0) -> 0 | F25: =IF(F23<=('0 Úvod'!$G$18+'0 Úvod'!$J$18-1),'6 Příjmy'!F41,0) -> 0 | G25: =IF(G23<=('0 Úvod'!$G$18+'0 Úvod'!$J$18-1),'6 Příjmy'!G41,0) -> 0 | H25: =IF(H23<=('0 Úvod'!$G$18+'0 Úvod'!$J$18-1),'6 Příjmy'!H41,0) -> 0 | I25: =IF(I23<=('0 Úvod'!$G$18+'0 Úvod'!$J$18-1),'6 Příjmy'!I41,0) -> 0 | J25: =IF(J23<=('0 Úvod'!$G$18+'0 Úvod'!$J$18-1),'6 Příjmy'!J41,0) -> 0 | K25: =IF(K23<=('0 Úvod'!$G$18+'0 Úvod'!$J$18-1),'6 Příjmy'!K41,0) -> 0 | L25: =IF(L23<=('0 Úvod'!$G$18+'0 Úvod'!$J$18-1),'6 Příjmy'!L41,0) -> 0 | ... S25: =IF(S23<=('0 Úvod'!$G$18+'0 Úvod'!$J$18-1),'6 Příjmy'!S41,0) -> 0
C26: =C5 -> Celkové výnosy | E26: =SUM(E25) -> 0 | F26: =SUM(F25) -> 0 | G26: =SUM(G25) -> 0 | H26: =SUM(H25) -> 0 | I26: =SUM(I25) -> 0 | J26: =SUM(J25) -> 0 | K26: =SUM(K25) -> 0 | L26: =SUM(L25) -> 0 | ... S26: =SUM(S25) -> 0
C27: =C6 -> Celkové přírůstkové provozní náklady infrastruktury | E27: =IF(E23<=('0 Úvod'!$G$18+'0 Úvod'!$J$18-1),'4 PN infrastruktury'!E78,0) -> 0 | F27: =IF(F23<=('0 Úvod'!$G$18+'0 Úvod'!$J$18-1),'4 PN infrastruktury'!F78,0) -> 0 | G27: =IF(G23<=('0 Úvod'!$G$18+'0 Úvod'!$J$18-1),'4 PN infrastruktury'!G78,0) -> 0 | H27: =IF(H23<=('0 Úvod'!$G$18+'0 Úvod'!$J$18-1),'4 PN infrastruktury'!H78,0) -> 0 | I27: =IF(I23<=('0 Úvod'!$G$18+'0 Úvod'!$J$18-1),'4 PN infrastruktury'!I78,0) -> 0 | J27: =IF(J23<=('0 Úvod'!$G$18+'0 Úvod'!$J$18-1),'4 PN infrastruktury'!J78,0) -> 0 | K27: =IF(K23<=('0 Úvod'!$G$18+'0 Úvod'!$J$18-1),'4 PN infrastruktury'!K78,0) -> 0 | L27: =IF(L23<=('0 Úvod'!$G$18+'0 Úvod'!$J$18-1),'4 PN infrastruktury'!L78,0) -> 0 | ... S27: =IF(S23<=('0 Úvod'!$G$18+'0 Úvod'!$J$18-1),'4 PN infrastruktury'!S78,0) -> 0
C28: =C7 -> Celkové přírůstkové provozní náklady vozidel | E28: =IF(E23<=('0 Úvod'!$G$18+'0 Úvod'!$J$18-1),'5 PN vozidel MHD'!E87,0) -> 0 | F28: =IF(F23<=('0 Úvod'!$G$18+'0 Úvod'!$J$18-1),'5 PN vozidel MHD'!F87,0) -> 0 | G28: =IF(G23<=('0 Úvod'!$G$18+'0 Úvod'!$J$18-1),'5 PN vozidel MHD'!G87,0) -> 0 | H28: =IF(H23<=('0 Úvod'!$G$18+'0 Úvod'!$J$18-1),'5 PN vozidel MHD'!H87,0) -> 0 | I28: =IF(I23<=('0 Úvod'!$G$18+'0 Úvod'!$J$18-1),'5 PN vozidel MHD'!I87,0) -> 0 | J28: =IF(J23<=('0 Úvod'!$G$18+'0 Úvod'!$J$18-1),'5 PN vozidel MHD'!J87,0) -> 0 | K28: =IF(K23<=('0 Úvod'!$G$18+'0 Úvod'!$J$18-1),'5 PN vozidel MHD'!K87,0) -> 0 | L28: =IF(L23<=('0 Úvod'!$G$18+'0 Úvod'!$J$18-1),'5 PN vozidel MHD'!L87,0) -> 0 | ... S28: =IF(S23<=('0 Úvod'!$G$18+'0 Úvod'!$J$18-1),'5 PN vozidel MHD'!S87,0) -> 0
C29: =C8 -> Celkové invest. náklady bez rezervy | E29: 0 | F29: 0 | G29: 0 | H29: 0 | I29: 0 | J29: 0 | K29: 0 | L29: 0 | M29: 0 | N29: 0 | O29: 0 | P29: 0 | Q29: 0 | R29: 0 | S29: 0
C30: =C9 -> Zůstatková hodnota (záporná) | E30: =IF(E23='0 Úvod'!$G$18+'0 Úvod'!$J$18-1,-1*'2 ZH'!$D$47,0) -> 0 | F30: =IF(F23='0 Úvod'!$G$18+'0 Úvod'!$J$18-1,-1*'2 ZH'!$D$47,0) -> 0 | G30: =IF(G23='0 Úvod'!$G$18+'0 Úvod'!$J$18-1,-1*'2 ZH'!$D$47,0) -> 0 | H30: =IF(H23='0 Úvod'!$G$18+'0 Úvod'!$J$18-1,-1*'2 ZH'!$D$47,0) -> 0 | I30: =IF(I23='0 Úvod'!$G$18+'0 Úvod'!$J$18-1,-1*'2 ZH'!$D$47,0) -> 0 | J30: =IF(J23='0 Úvod'!$G$18+'0 Úvod'!$J$18-1,-1*'2 ZH'!$D$47,0) -> 0 | K30: =IF(K23='0 Úvod'!$G$18+'0 Úvod'!$J$18-1,-1*'2 ZH'!$D$47,0) -> 0 | L30: =IF(L23='0 Úvod'!$G$18+'0 Úvod'!$J$18-1,-1*'2 ZH'!$D$47,0) -> 0 | ... S30: =IF(S23='0 Úvod'!$G$18+'0 Úvod'!$J$18-1,-1*'2 ZH'!$D$47,0) -> 0
C31: =C10 -> Celkové náklady | E31: =SUM(E27:E30) -> 0 | F31: =SUM(F27:F30) -> 0 | G31: =SUM(G27:G30) -> 0 | H31: =SUM(H27:H30) -> 0 | I31: =SUM(I27:I30) -> 0 | J31: =SUM(J27:J30) -> 0 | K31: =SUM(K27:K30) -> 0 | L31: =SUM(L27:L30) -> 0 | ... S31: =SUM(S27:S30) -> 0
C32: =C11 -> Čisté cash-flow | E32: =E26-E31 -> 0 | F32: =F26-F31 -> 0 | G32: =G26-G31 -> 0 | H32: =H26-H31 -> 0 | I32: =I26-I31 -> 0 | J32: =J26-J31 -> 0 | K32: =K26-K31 -> 0 | L32: =L26-L31 -> 0 | ... S32: =S26-S31 -> 0
C33: Grant EU
C34: Čisté cash-flow + grant EU | E34: =E33+E32 -> 0 | F34: =F33+F32 -> 0 | G34: =G33+G32 -> 0 | H34: =H33+H32 -> 0 | I34: =I33+I32 -> 0 | J34: =J33+J32 -> 0 | K34: =K33+K32 -> 0 | L34: =L33+L32 -> 0 | ... S34: =S33+S32 -> 0
C35: Přijaté úvěry a půjčky
C36: Splátky úvěrů (jistina a úroky)
C37: =C16 -> Ostatní zdroje financování (specifikujte)
C38: Vlastní prostředky
C39: Celkové finanční zdroje | E39: =E33+E35-E36+E37+E38 -> 0 | F39: =F33+F35-F36+F37+F38 -> 0 | G39: =G33+G35-G36+G37+G38 -> 0 | H39: =H33+H35-H36+H37+H38 -> 0 | I39: =I33+I35-I36+I37+I38 -> 0 | J39: =J33+J35-J36+J37+J38 -> 0 | K39: =K33+K35-K36+K37+K38 -> 0 | L39: =L33+L35-L36+L37+L38 -> 0 | ... S39: =S33+S35-S36+S37+S38 -> 0
C40: Celkové finanční cash-flow | E40: =E39+E32 -> 0 | F40: =F39+F32 -> 0 | G40: =G39+G32 -> 0 | H40: =H39+H32 -> 0 | I40: =I39+I32 -> 0 | J40: =J39+J32 -> 0 | K40: =K39+K32 -> 0 | L40: =L39+L32 -> 0 | ... S40: =S39+S32 -> 0
C41: Kumulované celkové fin. cash-flow | E41: =E40+S20 -> 0 | F41: =E41+F40 -> 0 | G41: =F41+G40 -> 0 | H41: =G41+H40 -> 0 | I41: =H41+I40 -> 0 | J41: =I41+J40 -> 0 | K41: =J41+K40 -> 0 | L41: =K41+L40 -> 0 | M41: =L41+M40 -> 0 | ... S41: =R41+S40 -> 0
C42: pomocný řádek | E42: =IF(E41>=0,0,999) -> 0 | F42: =IF(F41>=0,0,999) -> 0 | G42: =IF(G41>=0,0,999) -> 0 | H42: =IF(H41>=0,0,999) -> 0 | I42: =IF(I41>=0,0,999) -> 0 | J42: =IF(J41>=0,0,999) -> 0 | K42: =IF(K41>=0,0,999) -> 0 | L42: =IF(L41>=0,0,999) -> 0 | ... S42: =IF(S41>=0,0,999) -> 0
E43: =IF(E23>='0 Úvod'!$D$20,E25-E27-E28,0) -> 0 | F43: =IF(F23>='0 Úvod'!$D$20,F25-F27-F28,0) -> 0 | G43: =IF(G23>='0 Úvod'!$D$20,G25-G27-G28,0) -> 0 | H43: =IF(H23>='0 Úvod'!$D$20,H25-H27-H28,0) -> 0 | I43: =IF(I23>='0 Úvod'!$D$20,I25-I27-I28,0) -> 0 | J43: =IF(J23>='0 Úvod'!$D$20,J25-J27-J28,0) -> 0 | K43: =IF(K23>='0 Úvod'!$D$20,K25-K27-K28,0) -> 0 | L43: =IF(L23>='0 Úvod'!$D$20,L25-L27-L28,0) -> 0 | ... S43: =IF(S23>='0 Úvod'!$D$20,S25-S27-S28,0) -> 0
B44: Míra podpory | E44: =IF('0 Úvod'!G20="nová výstavba",0.85,IF('0 Úvod'!G20="modernizace",0.95*0.85,0)) -> 0.85 | G44: =IF(E44=0,"Zvol typ projektu na záložce 0 Úvod.","")
B46: =IF('0 Úvod'!$M$10="English",Slovnik!D445,Slovnik!C445) -> Finanční vnitřní výnosové procento investice FRR/C | E46: =IFERROR(ROUND(IRR((E11:S11,E32:S32)),4),"n.a.") -> n.a. | G46: =IF(E46="n.a.","",IF(E46>'0 Úvod'!J20,"Projekt je samofinancovatelný.",""))
B47: =IF('0 Úvod'!$M$10="English",Slovnik!D446,Slovnik!C446) -> Finanční čistá současná hodnota investice FNPV/C (CZK) | E47: =E11+NPV('0 Úvod'!J20,(F11:S11,E32:S32)) -> 0
B48: Finanční vnitřní výnosové procento národního kapitálu FRR/K | E48: =IFERROR(ROUND(IRR((E13:S13,E34:S34)),4),"n.a.") -> n.a. | G48: =IF(E48="n.a.","",IF(E48>0.1,"Vysvětlete příjmy projektu včetně dopadů na vyrovnácí platby nebo jiné provozní dotace.",""))
B49: Finanční čistá současná hodnota národního kapitálu FNPV/K (CZK) | E49: =E13+NPV('0 Úvod'!J20,(F13:S13,E34:S34)) -> 0
B50: Udržitelnost projektu | E50: =IF(SUM(E21:S21,E42:S42)>0,"NE","ANO") -> ANO | G50: =IF(E50="NE","Doplňte zdroje financování.","")
B53: =IF('0 Úvod'!$M$10="English",Slovnik!$D$613,Slovnik!$C$613) -> Komentáře

Sheet 8 Úspory času
B2: 8.1. | C2: Počet osob dotčených úsporou času (počet osob za rok) | F2: ='0 Úvod'!G18 -> 2026 | G2: =F2+1 -> 2027 | H2: =G2+1 -> 2028 | I2: =H2+1 -> 2029 | J2: =I2+1 -> 2030 | K2: =J2+1 -> 2031 | L2: =K2+1 -> 2032 | M2: =L2+1 -> 2033 | N2: =M2+1 -> 2034 | ... T2: =S2+1 -> 2040
B3: a | D3: úspora na osobu (min.) | E3: Celkem
C4: specifikujte | E4: =SUM(F4:T4,F13:T13) -> 0
C5: specifikujte | E5: =SUM(F5:T5,F14:T14) -> 0
C6: specifikujte | E6: =SUM(F6:T6,F15:T15) -> 0
C7: specifikujte | E7: =SUM(F7:T7,F16:T16) -> 0
C8: specifikujte | E8: =SUM(F8:T8,F17:T17) -> 0
C9: Počet osob dotčených úsporou času celkem | E9: =SUM(F9:T9,F18:T18) -> 0 | F9: =SUM(F4:F8) -> 0 | G9: =SUM(G4:G8) -> 0 | H9: =SUM(H4:H8) -> 0 | I9: =SUM(I4:I8) -> 0 | J9: =SUM(J4:J8) -> 0 | K9: =SUM(K4:K8) -> 0 | L9: =SUM(L4:L8) -> 0 | M9: =SUM(M4:M8) -> 0 | ... T9: =SUM(T4:T8) -> 0
B11: =B2 -> 8.1. | C11: =C2 -> Počet osob dotčených úsporou času (počet osob za rok) | F11: =T2+1 -> 2041 | G11: =F11+1 -> 2042 | H11: =G11+1 -> 2043 | I11: =H11+1 -> 2044 | J11: =I11+1 -> 2045 | K11: =J11+1 -> 2046 | L11: =K11+1 -> 2047 | M11: =L11+1 -> 2048 | N11: =M11+1 -> 2049 | ... T11: =S11+1 -> 2055
B12: b
C13: =C4 -> specifikujte
C14: =C5 -> specifikujte
C15: =C6 -> specifikujte
C16: =C7 -> specifikujte
C17: =C8 -> specifikujte
C18: =C9 -> Počet osob dotčených úsporou času celkem | F18: =SUM(F13:F17) -> 0 | G18: =SUM(G13:G17) -> 0 | H18: =SUM(H13:H17) -> 0 | I18: =SUM(I13:I17) -> 0 | J18: =SUM(J13:J17) -> 0 | K18: =SUM(K13:K17) -> 0 | L18: =SUM(L13:L17) -> 0 | M18: =SUM(M13:M17) -> 0 | ... T18: =SUM(T13:T17) -> 0
B20: 8.2. | C20: Úspory z cestovních dob (osobohodiny za rok) | F20: =F2 -> 2026 | G20: =F20+1 -> 2027 | H20: =G20+1 -> 2028 | I20: =H20+1 -> 2029 | J20: =I20+1 -> 2030 | K20: =J20+1 -> 2031 | L20: =K20+1 -> 2032 | M20: =L20+1 -> 2033 | N20: =M20+1 -> 2034 | ... T20: =S20+1 -> 2040
B21: a | E21: =E3 -> Celkem
C22: =C4 -> specifikujte | E22: =SUM(F22:T22,F31:T31) -> 0 | F22: =$D4*F4/60 -> 0 | G22: =$D4*G4/60 -> 0 | H22: =$D4*H4/60 -> 0 | I22: =$D4*I4/60 -> 0 | J22: =$D4*J4/60 -> 0 | K22: =$D4*K4/60 -> 0 | L22: =$D4*L4/60 -> 0 | M22: =$D4*M4/60 -> 0 | ... T22: =$D4*T4/60 -> 0
C23: =C5 -> specifikujte | E23: =SUM(F23:T23,F32:T32) -> 0 | F23: =$D5*F5/60 -> 0 | G23: =$D5*G5/60 -> 0 | H23: =$D5*H5/60 -> 0 | I23: =$D5*I5/60 -> 0 | J23: =$D5*J5/60 -> 0 | K23: =$D5*K5/60 -> 0 | L23: =$D5*L5/60 -> 0 | M23: =$D5*M5/60 -> 0 | ... T23: =$D5*T5/60 -> 0
C24: =C6 -> specifikujte | E24: =SUM(F24:T24,F33:T33) -> 0 | F24: =$D6*F6/60 -> 0 | G24: =$D6*G6/60 -> 0 | H24: =$D6*H6/60 -> 0 | I24: =$D6*I6/60 -> 0 | J24: =$D6*J6/60 -> 0 | K24: =$D6*K6/60 -> 0 | L24: =$D6*L6/60 -> 0 | M24: =$D6*M6/60 -> 0 | ... T24: =$D6*T6/60 -> 0
C25: =C7 -> specifikujte | E25: =SUM(F25:T25,F34:T34) -> 0 | F25: =$D7*F7/60 -> 0 | G25: =$D7*G7/60 -> 0 | H25: =$D7*H7/60 -> 0 | I25: =$D7*I7/60 -> 0 | J25: =$D7*J7/60 -> 0 | K25: =$D7*K7/60 -> 0 | L25: =$D7*L7/60 -> 0 | M25: =$D7*M7/60 -> 0 | ... T25: =$D7*T7/60 -> 0
C26: =C8 -> specifikujte | E26: =SUM(F26:T26,F35:T35) -> 0 | F26: =$D8*F8/60 -> 0 | G26: =$D8*G8/60 -> 0 | H26: =$D8*H8/60 -> 0 | I26: =$D8*I8/60 -> 0 | J26: =$D8*J8/60 -> 0 | K26: =$D8*K8/60 -> 0 | L26: =$D8*L8/60 -> 0 | M26: =$D8*M8/60 -> 0 | ... T26: =$D8*T8/60 -> 0
C27: Úspory osobohodin celkem | E27: =SUM(F27:T27,F36:T36) -> 0 | F27: =SUM(F22:F26) -> 0 | G27: =SUM(G22:G26) -> 0 | H27: =SUM(H22:H26) -> 0 | I27: =SUM(I22:I26) -> 0 | J27: =SUM(J22:J26) -> 0 | K27: =SUM(K22:K26) -> 0 | L27: =SUM(L22:L26) -> 0 | M27: =SUM(M22:M26) -> 0 | ... T27: =SUM(T22:T26) -> 0
B29: 8.2. | C29: =C20 -> Úspory z cestovních dob (osobohodiny za rok) | F29: =T20+1 -> 2041 | G29: =F29+1 -> 2042 | H29: =G29+1 -> 2043 | I29: =H29+1 -> 2044 | J29: =I29+1 -> 2045 | K29: =J29+1 -> 2046 | L29: =K29+1 -> 2047 | M29: =L29+1 -> 2048 | N29: =M29+1 -> 2049 | ... T29: =S29+1 -> 2055
B30: b
C31: =C22 -> specifikujte | F31: =$D4*F13/60 -> 0 | G31: =$D4*G13/60 -> 0 | H31: =$D4*H13/60 -> 0 | I31: =$D4*I13/60 -> 0 | J31: =$D4*J13/60 -> 0 | K31: =$D4*K13/60 -> 0 | L31: =$D4*L13/60 -> 0 | M31: =$D4*M13/60 -> 0 | ... T31: =$D4*T13/60 -> 0
C32: =C23 -> specifikujte | F32: =$D5*F14/60 -> 0 | G32: =$D5*G14/60 -> 0 | H32: =$D5*H14/60 -> 0 | I32: =$D5*I14/60 -> 0 | J32: =$D5*J14/60 -> 0 | K32: =$D5*K14/60 -> 0 | L32: =$D5*L14/60 -> 0 | M32: =$D5*M14/60 -> 0 | ... T32: =$D5*T14/60 -> 0
C33: =C24 -> specifikujte | F33: =$D6*F15/60 -> 0 | G33: =$D6*G15/60 -> 0 | H33: =$D6*H15/60 -> 0 | I33: =$D6*I15/60 -> 0 | J33: =$D6*J15/60 -> 0 | K33: =$D6*K15/60 -> 0 | L33: =$D6*L15/60 -> 0 | M33: =$D6*M15/60 -> 0 | ... T33: =$D6*T15/60 -> 0
C34: =C25 -> specifikujte | F34: =$D7*F16/60 -> 0 | G34: =$D7*G16/60 -> 0 | H34: =$D7*H16/60 -> 0 | I34: =$D7*I16/60 -> 0 | J34: =$D7*J16/60 -> 0 | K34: =$D7*K16/60 -> 0 | L34: =$D7*L16/60 -> 0 | M34: =$D7*M16/60 -> 0 | ... T34: =$D7*T16/60 -> 0
C35: =C26 -> specifikujte | F35: =$D8*F17/60 -> 0 | G35: =$D8*G17/60 -> 0 | H35: =$D8*H17/60 -> 0 | I35: =$D8*I17/60 -> 0 | J35: =$D8*J17/60 -> 0 | K35: =$D8*K17/60 -> 0 | L35: =$D8*L17/60 -> 0 | M35: =$D8*M17/60 -> 0 | ... T35: =$D8*T17/60 -> 0
C36: =C27 -> Úspory osobohodin celkem | F36: =SUM(F31:F35) -> 0 | G36: =SUM(G31:G35) -> 0 | H36: =SUM(H31:H35) -> 0 | I36: =SUM(I31:I35) -> 0 | J36: =SUM(J31:J35) -> 0 | K36: =SUM(K31:K35) -> 0 | L36: =SUM(L31:L35) -> 0 | M36: =SUM(M31:M35) -> 0 | ... T36: =SUM(T31:T35) -> 0
B38: 8.3. | C38: =IF('0 Úvod'!$M$10="English",Slovnik!$D$207,Slovnik!$C$207) -> Celkové úspory z cestovních dob (CZK) | F38: =F20 -> 2026 | G38: =F38+1 -> 2027 | H38: =G38+1 -> 2028 | I38: =H38+1 -> 2029 | J38: =I38+1 -> 2030 | K38: =J38+1 -> 2031 | L38: =K38+1 -> 2032 | M38: =L38+1 -> 2033 | N38: =M38+1 -> 2034 | ... T38: =S38+1 -> 2040
B39: a | E39: =E21 -> Celkem
C40: =C4 -> specifikujte | E40: =SUM(F40:T40,F49:T49) -> 0 | F40: =F22*$N$72*F$84 -> 0 | G40: =G22*$N$72*G$84 -> 0 | H40: =H22*$N$72*H$84 -> 0 | I40: =I22*$N$72*I$84 -> 0 | J40: =J22*$N$72*J$84 -> 0 | K40: =K22*$N$72*K$84 -> 0 | L40: =L22*$N$72*L$84 -> 0 | M40: =M22*$N$72*M$84 -> 0 | ... T40: =T22*$N$72*T$84 -> 0
C41: =C5 -> specifikujte | E41: =SUM(F41:T41,F50:T50) -> 0 | F41: =F23*$N$72*F$84 -> 0 | G41: =G23*$N$72*G$84 -> 0 | H41: =H23*$N$72*H$84 -> 0 | I41: =I23*$N$72*I$84 -> 0 | J41: =J23*$N$72*J$84 -> 0 | K41: =K23*$N$72*K$84 -> 0 | L41: =L23*$N$72*L$84 -> 0 | M41: =M23*$N$72*M$84 -> 0 | ... T41: =T23*$N$72*T$84 -> 0
C42: =C6 -> specifikujte | E42: =SUM(F42:T42,F51:T51) -> 0 | F42: =F24*$N$72*F$84 -> 0 | G42: =G24*$N$72*G$84 -> 0 | H42: =H24*$N$72*H$84 -> 0 | I42: =I24*$N$72*I$84 -> 0 | J42: =J24*$N$72*J$84 -> 0 | K42: =K24*$N$72*K$84 -> 0 | L42: =L24*$N$72*L$84 -> 0 | M42: =M24*$N$72*M$84 -> 0 | ... T42: =T24*$N$72*T$84 -> 0
C43: =C7 -> specifikujte | E43: =SUM(F43:T43,F52:T52) -> 0 | F43: =F25*$N$72*F$84 -> 0 | G43: =G25*$N$72*G$84 -> 0 | H43: =H25*$N$72*H$84 -> 0 | I43: =I25*$N$72*I$84 -> 0 | J43: =J25*$N$72*J$84 -> 0 | K43: =K25*$N$72*K$84 -> 0 | L43: =L25*$N$72*L$84 -> 0 | M43: =M25*$N$72*M$84 -> 0 | ... T43: =T25*$N$72*T$84 -> 0
C44: =C8 -> specifikujte | E44: =SUM(F44:T44,F53:T53) -> 0 | F44: =F26*$N$72*F$84 -> 0 | G44: =G26*$N$72*G$84 -> 0 | H44: =H26*$N$72*H$84 -> 0 | I44: =I26*$N$72*I$84 -> 0 | J44: =J26*$N$72*J$84 -> 0 | K44: =K26*$N$72*K$84 -> 0 | L44: =L26*$N$72*L$84 -> 0 | M44: =M26*$N$72*M$84 -> 0 | ... T44: =T26*$N$72*T$84 -> 0
C45: =IF('0 Úvod'!$M$10="English",Slovnik!D212,Slovnik!C212) -> Celkové úspory z cestovních dob | E45: =SUM(F45:T45,F54:T54) -> 0 | F45: =SUM(F40:F44) -> 0 | G45: =SUM(G40:G44) -> 0 | H45: =SUM(H40:H44) -> 0 | I45: =SUM(I40:I44) -> 0 | J45: =SUM(J40:J44) -> 0 | K45: =SUM(K40:K44) -> 0 | L45: =SUM(L40:L44) -> 0 | M45: =SUM(M40:M44) -> 0 | ... T45: =SUM(T40:T44) -> 0
B47: =B38 -> 8.3. | C47: =C38 -> Celkové úspory z cestovních dob (CZK) | F47: =T38+1 -> 2041 | G47: =F47+1 -> 2042 | H47: =G47+1 -> 2043 | I47: =H47+1 -> 2044 | J47: =I47+1 -> 2045 | K47: =J47+1 -> 2046 | L47: =K47+1 -> 2047 | M47: =L47+1 -> 2048 | N47: =M47+1 -> 2049 | ... T47: =S47+1 -> 2055
B48: b
C49: =C40 -> specifikujte | F49: =F31*$N$72*F$91 -> 0 | G49: =G31*$N$72*G$91 -> 0 | H49: =H31*$N$72*H$91 -> 0 | I49: =I31*$N$72*I$91 -> 0 | J49: =J31*$N$72*J$91 -> 0 | K49: =K31*$N$72*K$91 -> 0 | L49: =L31*$N$72*L$91 -> 0 | M49: =M31*$N$72*M$91 -> 0 | ... T49: =T31*$N$72*T$91 -> 0
C50: =C41 -> specifikujte | F50: =F32*$N$72*F$91 -> 0 | G50: =G32*$N$72*G$91 -> 0 | H50: =H32*$N$72*H$91 -> 0 | I50: =I32*$N$72*I$91 -> 0 | J50: =J32*$N$72*J$91 -> 0 | K50: =K32*$N$72*K$91 -> 0 | L50: =L32*$N$72*L$91 -> 0 | M50: =M32*$N$72*M$91 -> 0 | ... T50: =T32*$N$72*T$91 -> 0
C51: =C42 -> specifikujte | F51: =F33*$N$72*F$91 -> 0 | G51: =G33*$N$72*G$91 -> 0 | H51: =H33*$N$72*H$91 -> 0 | I51: =I33*$N$72*I$91 -> 0 | J51: =J33*$N$72*J$91 -> 0 | K51: =K33*$N$72*K$91 -> 0 | L51: =L33*$N$72*L$91 -> 0 | M51: =M33*$N$72*M$91 -> 0 | ... T51: =T33*$N$72*T$91 -> 0
C52: =C43 -> specifikujte | F52: =F34*$N$72*F$91 -> 0 | G52: =G34*$N$72*G$91 -> 0 | H52: =H34*$N$72*H$91 -> 0 | I52: =I34*$N$72*I$91 -> 0 | J52: =J34*$N$72*J$91 -> 0 | K52: =K34*$N$72*K$91 -> 0 | L52: =L34*$N$72*L$91 -> 0 | M52: =M34*$N$72*M$91 -> 0 | ... T52: =T34*$N$72*T$91 -> 0
C53: =C44 -> specifikujte | F53: =F35*$N$72*F$91 -> 0 | G53: =G35*$N$72*G$91 -> 0 | H53: =H35*$N$72*H$91 -> 0 | I53: =I35*$N$72*I$91 -> 0 | J53: =J35*$N$72*J$91 -> 0 | K53: =K35*$N$72*K$91 -> 0 | L53: =L35*$N$72*L$91 -> 0 | M53: =M35*$N$72*M$91 -> 0 | ... T53: =T35*$N$72*T$91 -> 0
C54: =C45 -> Celkové úspory z cestovních dob | F54: =SUM(F49:F53) -> 0 | G54: =SUM(G49:G53) -> 0 | H54: =SUM(H49:H53) -> 0 | I54: =SUM(I49:I53) -> 0 | J54: =SUM(J49:J53) -> 0 | K54: =SUM(K49:K53) -> 0 | L54: =SUM(L49:L53) -> 0 | M54: =SUM(M49:M53) -> 0 | ... T54: =SUM(T49:T53) -> 0
C56: =IF('0 Úvod'!$M$10="English",Slovnik!D217,Slovnik!C217) -> Celkové úspory z cestovních dob (CZK) | E56: =E45 -> 0
L57: 8.5.
F58: =IF('0 Úvod'!$M$10="English",Slovnik!$D$228,Slovnik!$C$228) -> CÚ | L58: =IF('0 Úvod'!$M$10="English",Slovnik!$D$239,Slovnik!$C$239) -> Poměr cest
B59: 8.4. | C59: =IF('0 Úvod'!$M$10="English",Slovnik!$D$218,Slovnik!$C$218) -> HODNOTY ČASU | F59: 2017 | G59: ='0 Úvod'!D18 -> 2025
B60: =IF('0 Úvod'!$M$10="English",Slovnik!$D$219,Slovnik!$C$219) -> Osobní doprava | F60: =IF('0 Úvod'!$M$10="English",Slovnik!$D$229,Slovnik!$C$229) -> CZK/oshod | G60: =IF('0 Úvod'!$M$10="English",Slovnik!$D$229,Slovnik!$C$229) -> CZK/oshod | L60: =IF('0 Úvod'!$M$10="English",Slovnik!$D$240,Slovnik!$C$240) -> krátké | M60: =IF('0 Úvod'!$M$10="English",Slovnik!$D$241,Slovnik!$C$241) -> dlouhé | N60: =IF('0 Úvod'!$M$10="English",Slovnik!$D$242,Slovnik!$C$242) -> BUS | O60: =IF('0 Úvod'!$M$10="English",Slovnik!$D$243,Slovnik!$C$243) -> IAD
B61: =IF('0 Úvod'!$M$10="English",Slovnik!$D$220,Slovnik!$C$220) -> Pracovní čas | E61: =IF('0 Úvod'!$M$10="English",Slovnik!$D$226,Slovnik!$C$226) -> Bus | F61: 481.7 | G61: =F61*G77 -> 757.97761 | N61: 0.1
E62: =IF('0 Úvod'!$M$10="English",Slovnik!$D$227,Slovnik!$C$227) -> Auto, vlak | F62: 600.34
B63: =IF('0 Úvod'!$M$10="English",Slovnik!$D$221,Slovnik!$C$221) -> Nepracovní čas | C63: =IF('0 Úvod'!$M$10="English",Slovnik!$D$222,Slovnik!$C$222) -> Krátká dojížďka | E63: =IF('0 Úvod'!$M$10="English",Slovnik!$D$226,Slovnik!$C$226) -> Bus | F63: 168.01 | G63: =F63*G77 -> 264.37164 | N63: 0.9
E64: =IF('0 Úvod'!$M$10="English",Slovnik!$D$227,Slovnik!$C$227) -> Auto, vlak | F64: 233.92
C65: =IF('0 Úvod'!$M$10="English",Slovnik!$D$223,Slovnik!$C$223) -> Dlouhá dojížďka | E65: =IF('0 Úvod'!$M$10="English",Slovnik!$D$226,Slovnik!$C$226) -> Bus | F65: 216.02
E66: =IF('0 Úvod'!$M$10="English",Slovnik!$D$227,Slovnik!$C$227) -> Auto, vlak | F66: 300.23
C67: =IF('0 Úvod'!$M$10="English",Slovnik!$D$224,Slovnik!$C$224) -> Ostatní - krátká vzdálenost | E67: =IF('0 Úvod'!$M$10="English",Slovnik!$D$226,Slovnik!$C$226) -> Bus | F67: 140.76
E68: =IF('0 Úvod'!$M$10="English",Slovnik!$D$227,Slovnik!$C$227) -> Auto, vlak | F68: 196.08
C69: =IF('0 Úvod'!$M$10="English",Slovnik!$D$225,Slovnik!$C$225) -> Ostatní - dlouhá vzdálenost | E69: =IF('0 Úvod'!$M$10="English",Slovnik!$D$226,Slovnik!$C$226) -> Bus | F69: 181.03
E70: =IF('0 Úvod'!$M$10="English",Slovnik!$D$227,Slovnik!$C$227) -> Auto, vlak | F70: 251.41
B71: =IF('0 Úvod'!$M$10="English",Slovnik!$D$230,Slovnik!$C$230) -> Nákladní doprava | F71: =IF('0 Úvod'!$M$10="English",Slovnik!$D$238,Slovnik!$C$238) -> CZK/thod | G71: =IF('0 Úvod'!$M$10="English",Slovnik!$D$238,Slovnik!$C$238) -> CZK/thod
B72: =IF('0 Úvod'!$M$10="English",Slovnik!$D$231,Slovnik!$C$231) -> Dle dopravního módu | E72: =IF('0 Úvod'!$M$10="English",Slovnik!D233,Slovnik!C233) -> Silnice | F72: 86.66 | L72: =SUMPRODUCT($G$61:$G$70,L61:L70) -> 0 | M72: =SUMPRODUCT($G$61:$G$70,M61:M70) -> 0 | N72: =SUMPRODUCT($G$61:$G$70,N61:N70) -> 313.73223 | O72: =SUMPRODUCT($G$61:$G$70,O61:O70) -> 0
E73: =IF('0 Úvod'!$M$10="English",Slovnik!D234,Slovnik!C234) -> Železnice | F73: 35.34
B74: =IF('0 Úvod'!$M$10="English",Slovnik!$D$232,Slovnik!$C$232) -> Dle přepravovaných komodit | E74: =IF('0 Úvod'!$M$10="English",Slovnik!D235,Slovnik!C235) -> Nízká přidaná hodnota | F74: 0.31
E75: =IF('0 Úvod'!$M$10="English",Slovnik!D236,Slovnik!C236) -> Běžný náklad | F75: 6.13
E76: =IF('0 Úvod'!$M$10="English",Slovnik!D237,Slovnik!C237) -> Vysoká přidaná hodnota | F76: 18.39
C77: pomocný koeficient | G77: =IFERROR(HLOOKUP('8 Úspory času'!G59,'0 Úvod'!D90:M97,6,FALSE),1) -> 1.573547
B78: =IF('0 Úvod'!$M$10="English",Slovnik!$E$237,Slovnik!$E$236) -> Zdroj: "HEATCO" a „Rezortní metodika pro hodnocení ekonomické efektivnosti projektů dopravních staveb", 2017
B80: 8.6. | C80: =IF('0 Úvod'!$M$10="English",Slovnik!$D$261,Slovnik!$C$261) -> Změna měrných hodnot času | F80: =F38 -> 2026 | G80: =F80+1 -> 2027 | H80: =G80+1 -> 2028 | I80: =H80+1 -> 2029 | J80: =I80+1 -> 2030 | K80: =J80+1 -> 2031 | L80: =K80+1 -> 2032 | M80: =L80+1 -> 2033 | N80: =M80+1 -> 2034 | ... T80: =S80+1 -> 2040
B81: a | E81: =IF('0 Úvod'!$M$10="English",Slovnik!$D$265,Slovnik!$C$265) -> Elasticita
C82: =IF('0 Úvod'!$M$10="English",Slovnik!D262,Slovnik!C262) -> Hodnota růstu HDP na hlavu (resp. prognóza) | F82: 0 | G82: =IF(HLOOKUP(G$80,'0 Úvod'!$D$56:$N$57,1,TRUE)=G$80,HLOOKUP(G$80,'0 Úvod'!$D$56:$N$57,2,TRUE),'0 Úvod'!$D$100) -> 0.0171 | H82: =IF(HLOOKUP(H$80,'0 Úvod'!$D$56:$N$57,1,TRUE)=H$80,HLOOKUP(H$80,'0 Úvod'!$D$56:$N$57,2,TRUE),'0 Úvod'!$D$100) -> 0.0171 | I82: =IF(HLOOKUP(I$80,'0 Úvod'!$D$56:$N$57,1,TRUE)=I$80,HLOOKUP(I$80,'0 Úvod'!$D$56:$N$57,2,TRUE),'0 Úvod'!$D$100) -> 0.0171 | J82: =IF(HLOOKUP(J$80,'0 Úvod'!$D$56:$N$57,1,TRUE)=J$80,HLOOKUP(J$80,'0 Úvod'!$D$56:$N$57,2,TRUE),'0 Úvod'!$D$100) -> 0.0171 | K82: =IF(HLOOKUP(K$80,'0 Úvod'!$D$56:$N$57,1,TRUE)=K$80,HLOOKUP(K$80,'0 Úvod'!$D$56:$N$57,2,TRUE),'0 Úvod'!$D$100) -> 0.0171 | L82: =IF(HLOOKUP(L$80,'0 Úvod'!$D$56:$N$57,1,TRUE)=L$80,HLOOKUP(L$80,'0 Úvod'!$D$56:$N$57,2,TRUE),'0 Úvod'!$D$100) -> 0.0171 | M82: =IF(HLOOKUP(M$80,'0 Úvod'!$D$56:$N$57,1,TRUE)=M$80,HLOOKUP(M$80,'0 Úvod'!$D$56:$N$57,2,TRUE),'0 Úvod'!$D$100) -> 0.0171 | N82: =IF(HLOOKUP(N$80,'0 Úvod'!$D$56:$N$57,1,TRUE)=N$80,HLOOKUP(N$80,'0 Úvod'!$D$56:$N$57,2,TRUE),'0 Úvod'!$D$100) -> 0.0171 | ... T82: =IF(HLOOKUP(T$80,'0 Úvod'!$D$56:$N$57,1,TRUE)=T$80,HLOOKUP(T$80,'0 Úvod'!$D$56:$N$57,2,TRUE),'0 Úvod'!$D$100) -> 0.0171
C83: =IF('0 Úvod'!$M$10="English",Slovnik!D263,Slovnik!C263) -> Výsledný růstový koef. - osobní (PRACOVNÍ čas) a nákladní doprava | E83: 0.5 | F83: 1 | G83: =F83*(1+G82*$E$83) -> 1.00855 | H83: =G83*(1+H82*$E$83) -> 1.0171731 | I83: =H83*(1+I82*$E$83) -> 1.0258699 | J83: =I83*(1+J82*$E$83) -> 1.0346411 | K83: =J83*(1+K82*$E$83) -> 1.0434873 | L83: =K83*(1+L82*$E$83) -> 1.0524091 | M83: =L83*(1+M82*$E$83) -> 1.0614072 | N83: =M83*(1+N82*$E$83) -> 1.0704822 | ... T83: =S83*(1+T82*$E$83) -> 1.1265853
C84: Výsledný růstový koef. - MHD ( 10 % pracovní, 90 % nepracovní čas) | E84: =0.9*E85+0.1*E83 -> 0.41 | F84: 1 | G84: =F84*(1+G82*$E$84) -> 1.007011 | H84: =G84*(1+H82*$E$84) -> 1.0140712 | I84: =H84*(1+I82*$E$84) -> 1.0211808 | J84: =I84*(1+J82*$E$84) -> 1.0283403 | K84: =J84*(1+K82*$E$84) -> 1.03555 | L84: =K84*(1+L82*$E$84) -> 1.0428102 | M84: =L84*(1+M82*$E$84) -> 1.0501214 | N84: =M84*(1+N82*$E$84) -> 1.0574838 | ... T84: =S84*(1+T82*$E$84) -> 1.1027549
C85: =IF('0 Úvod'!$M$10="English",Slovnik!D264,Slovnik!C264) -> Výsledný růstový koef. - osobní (NEPRACOVNÍ čas) doprava | E85: 0.4 | F85: 1 | G85: =F85*(1+G82*$E$85) -> 1.00684 | H85: =G85*(1+H82*$E$85) -> 1.0137268 | I85: =H85*(1+I82*$E$85) -> 1.0206607 | J85: =I85*(1+J82*$E$85) -> 1.027642 | K85: =J85*(1+K82*$E$85) -> 1.0346711 | L85: =K85*(1+L82*$E$85) -> 1.0417482 | M85: =L85*(1+M82*$E$85) -> 1.0488738 | N85: =M85*(1+N82*$E$85) -> 1.0560481 | ... T85: =S85*(1+T82*$E$85) -> 1.1001362
B87: =B80 -> 8.6. | C87: =C80 -> Změna měrných hodnot času | F87: =T80+1 -> 2041 | G87: =F87+1 -> 2042 | H87: =G87+1 -> 2043 | I87: =H87+1 -> 2044 | J87: =I87+1 -> 2045 | K87: =J87+1 -> 2046 | L87: =K87+1 -> 2047 | M87: =L87+1 -> 2048 | N87: =M87+1 -> 2049 | ... T87: =S87+1 -> 2055
B88: b
C89: =C82 -> Hodnota růstu HDP na hlavu (resp. prognóza) | F89: =IF(HLOOKUP(F$87,'0 Úvod'!$D$56:$N$57,1,TRUE)=F$87,HLOOKUP(F$87,'0 Úvod'!$D$56:$N$57,2,TRUE),'0 Úvod'!$D$100) -> 0.0171 | G89: =IF(HLOOKUP(G$87,'0 Úvod'!$D$56:$N$57,1,TRUE)=G$87,HLOOKUP(G$87,'0 Úvod'!$D$56:$N$57,2,TRUE),'0 Úvod'!$D$100) -> 0.0171 | H89: =IF(HLOOKUP(H$87,'0 Úvod'!$D$56:$N$57,1,TRUE)=H$87,HLOOKUP(H$87,'0 Úvod'!$D$56:$N$57,2,TRUE),'0 Úvod'!$D$100) -> 0.0171 | I89: =IF(HLOOKUP(I$87,'0 Úvod'!$D$56:$N$57,1,TRUE)=I$87,HLOOKUP(I$87,'0 Úvod'!$D$56:$N$57,2,TRUE),'0 Úvod'!$D$100) -> 0.0171 | J89: =IF(HLOOKUP(J$87,'0 Úvod'!$D$56:$N$57,1,TRUE)=J$87,HLOOKUP(J$87,'0 Úvod'!$D$56:$N$57,2,TRUE),'0 Úvod'!$D$100) -> 0.0171 | K89: =IF(HLOOKUP(K$87,'0 Úvod'!$D$56:$N$57,1,TRUE)=K$87,HLOOKUP(K$87,'0 Úvod'!$D$56:$N$57,2,TRUE),'0 Úvod'!$D$100) -> 0.0171 | L89: =IF(HLOOKUP(L$87,'0 Úvod'!$D$56:$N$57,1,TRUE)=L$87,HLOOKUP(L$87,'0 Úvod'!$D$56:$N$57,2,TRUE),'0 Úvod'!$D$100) -> 0.0171 | M89: =IF(HLOOKUP(M$87,'0 Úvod'!$D$56:$N$57,1,TRUE)=M$87,HLOOKUP(M$87,'0 Úvod'!$D$56:$N$57,2,TRUE),'0 Úvod'!$D$100) -> 0.0171 | ... T89: =IF(HLOOKUP(T$87,'0 Úvod'!$D$56:$N$57,1,TRUE)=T$87,HLOOKUP(T$87,'0 Úvod'!$D$56:$N$57,2,TRUE),'0 Úvod'!$D$100) -> 0.0171
C90: =C83 -> Výsledný růstový koef. - osobní (PRACOVNÍ čas) a nákladní doprava | F90: =T83*(1+F89*$E$83) -> 1.1362176 | G90: =F90*(1+G89*$E$83) -> 1.1459322 | H90: =G90*(1+H89*$E$83) -> 1.15573 | I90: =H90*(1+I89*$E$83) -> 1.1656115 | J90: =I90*(1+J89*$E$83) -> 1.1755774 | K90: =J90*(1+K89*$E$83) -> 1.1856286 | L90: =K90*(1+L89*$E$83) -> 1.1957657 | M90: =L90*(1+M89*$E$83) -> 1.2059895 | N90: =M90*(1+N89*$E$83) -> 1.2163008 | ... T90: =S90*(1+T89*$E$83) -> 1.280046
C91: Výsledný růstový koef. - MHD ( 10 % pracovní, 90 % nepracovní čas) | F91: =T84*(1+F89*$E$84) -> 1.1104863 | G91: =F91*(1+G89*$E$84) -> 1.118272 | H91: =G91*(1+H89*$E$84) -> 1.1261122 | I91: =H91*(1+I89*$E$84) -> 1.1340073 | J91: =I91*(1+J89*$E$84) -> 1.1419579 | K91: =J91*(1+K89*$E$84) -> 1.1499641 | L91: =K91*(1+L89*$E$84) -> 1.1580265 | M91: =L91*(1+M89*$E$84) -> 1.1661454 | N91: =M91*(1+N89*$E$84) -> 1.1743213 | ... T91: =S91*(1+T89*$E$84) -> 1.2245943
C92: =C85 -> Výsledný růstový koef. - osobní (NEPRACOVNÍ čas) doprava | F92: =T85*(1+F89*$E$85) -> 1.1076611 | G92: =F92*(1+G89*$E$85) -> 1.1152375 | H92: =G92*(1+H89*$E$85) -> 1.1228658 | I92: =H92*(1+I89*$E$85) -> 1.1305462 | J92: =I92*(1+J89*$E$85) -> 1.1382791 | K92: =J92*(1+K89*$E$85) -> 1.1460649 | L92: =K92*(1+L89*$E$85) -> 1.153904 | M92: =L92*(1+M89*$E$85) -> 1.1617967 | N92: =M92*(1+N89*$E$85) -> 1.1697434 | ... T92: =S92*(1+T89*$E$85) -> 1.2185781
B94: =IF('0 Úvod'!$M$10="English",Slovnik!$D$266,Slovnik!$C$266) -> Komentáře

Sheet 9 Hluk a nehodovost
B2: 9.1. | C2: =IF('0 Úvod'!$M$10="English",Slovnik!D276,Slovnik!C276) -> Externí náklady (CZK) | E2: ='1 CIN'!E3 -> 2026 | F2: =E2+1 -> 2027 | G2: =F2+1 -> 2028 | H2: =G2+1 -> 2029 | I2: =H2+1 -> 2030 | J2: =I2+1 -> 2031 | K2: =J2+1 -> 2032 | L2: =K2+1 -> 2033 | M2: =L2+1 -> 2034 | ... S2: =R2+1 -> 2040
B3: a | C3: =IF('0 Úvod'!$M$10="English",Slovnik!D277,Slovnik!C277) -> Scénář s projektem | D3: =IF('0 Úvod'!$M$10="English",Slovnik!$D$284,Slovnik!$C$284) -> Celkem
B4: BUS | C4: =IF('0 Úvod'!$M$10="English",Slovnik!D278,Slovnik!C278) -> Nehody | D4: =SUM(E4:S4,E18:S18) -> 0 | E4: =E175*$E140*E$155 -> 0 | F4: =F175*$E140*F$155 -> 0 | G4: =G175*$E140*G$155 -> 0 | H4: =H175*$E140*H$155 -> 0 | I4: =I175*$E140*I$155 -> 0 | J4: =J175*$E140*J$155 -> 0 | K4: =K175*$E140*K$155 -> 0 | L4: =L175*$E140*L$155 -> 0 | ... S4: =S175*$E140*S$155 -> 0
C5: =IF('0 Úvod'!$M$10="English",Slovnik!D279,Slovnik!C279) -> Hluk | D5: =SUM(E5:S5,E19:S19) -> 0 | E5: =E176*$E141*E$155 -> 0 | F5: =F176*$E141*F$155 -> 0 | G5: =G176*$E141*G$155 -> 0 | H5: =H176*$E141*H$155 -> 0 | I5: =I176*$E141*I$155 -> 0 | J5: =J176*$E141*J$155 -> 0 | K5: =K176*$E141*K$155 -> 0 | L5: =L176*$E141*L$155 -> 0 | ... S5: =S176*$E141*S$155 -> 0
B6: Trolejbus | C6: =IF('0 Úvod'!$M$10="English",Slovnik!D278,Slovnik!C278) -> Nehody | D6: =SUM(E6:S6,E20:S20) -> 0 | E6: =E177*$E142*E$155 -> 0 | F6: =F177*$E142*F$155 -> 0 | G6: =G177*$E142*G$155 -> 0 | H6: =H177*$E142*H$155 -> 0 | I6: =I177*$E142*I$155 -> 0 | J6: =J177*$E142*J$155 -> 0 | K6: =K177*$E142*K$155 -> 0 | L6: =L177*$E142*L$155 -> 0 | ... S6: =S177*$E142*S$155 -> 0
C7: =IF('0 Úvod'!$M$10="English",Slovnik!D279,Slovnik!C279) -> Hluk | D7: =SUM(E7:S7,E21:S21) -> 0 | E7: =E178*$E143*E$155 -> 0 | F7: =F178*$E143*F$155 -> 0 | G7: =G178*$E143*G$155 -> 0 | H7: =H178*$E143*H$155 -> 0 | I7: =I178*$E143*I$155 -> 0 | J7: =J178*$E143*J$155 -> 0 | K7: =K178*$E143*K$155 -> 0 | L7: =L178*$E143*L$155 -> 0 | ... S7: =S178*$E143*S$155 -> 0
B8: Tramvaj | C8: =IF('0 Úvod'!$M$10="English",Slovnik!D278,Slovnik!C278) -> Nehody | D8: =SUM(E8:S8,E22:S22) -> 0 | E8: =E179*$E144*E$155 -> 0 | F8: =F179*$E144*F$155 -> 0 | G8: =G179*$E144*G$155 -> 0 | H8: =H179*$E144*H$155 -> 0 | I8: =I179*$E144*I$155 -> 0 | J8: =J179*$E144*J$155 -> 0 | K8: =K179*$E144*K$155 -> 0 | L8: =L179*$E144*L$155 -> 0 | ... S8: =S179*$E144*S$155 -> 0
C9: =IF('0 Úvod'!$M$10="English",Slovnik!D279,Slovnik!C279) -> Hluk | D9: =SUM(E9:S9,E23:S23) -> 0 | E9: =E180*$E145*E$155 -> 0 | F9: =F180*$E145*F$155 -> 0 | G9: =G180*$E145*G$155 -> 0 | H9: =H180*$E145*H$155 -> 0 | I9: =I180*$E145*I$155 -> 0 | J9: =J180*$E145*J$155 -> 0 | K9: =K180*$E145*K$155 -> 0 | L9: =L180*$E145*L$155 -> 0 | ... S9: =S180*$E145*S$155 -> 0
B10: Metro | C10: =IF('0 Úvod'!$M$10="English",Slovnik!D278,Slovnik!C278) -> Nehody | D10: =SUM(E10:S10,E24:S24) -> 0 | E10: =E181*$E146*E$155 -> 0 | F10: =F181*$E146*F$155 -> 0 | G10: =G181*$E146*G$155 -> 0 | H10: =H181*$E146*H$155 -> 0 | I10: =I181*$E146*I$155 -> 0 | J10: =J181*$E146*J$155 -> 0 | K10: =K181*$E146*K$155 -> 0 | L10: =L181*$E146*L$155 -> 0 | ... S10: =S181*$E146*S$155 -> 0
C11: =IF('0 Úvod'!$M$10="English",Slovnik!D279,Slovnik!C279) -> Hluk | D11: =SUM(E11:S11,E25:S25) -> 0 | E11: =E182*$E147*E$155 -> 0 | F11: =F182*$E147*F$155 -> 0 | G11: =G182*$E147*G$155 -> 0 | H11: =H182*$E147*H$155 -> 0 | I11: =I182*$E147*I$155 -> 0 | J11: =J182*$E147*J$155 -> 0 | K11: =K182*$E147*K$155 -> 0 | L11: =L182*$E147*L$155 -> 0 | ... S11: =S182*$E147*S$155 -> 0
B12: IAD | C12: =IF('0 Úvod'!$M$10="English",Slovnik!D278,Slovnik!C278) -> Nehody | D12: =SUM(E12:S12,E26:S26) -> 0 | E12: =E183*$E148*E$155 -> 0 | F12: =F183*$E148*F$155 -> 0 | G12: =G183*$E148*G$155 -> 0 | H12: =H183*$E148*H$155 -> 0 | I12: =I183*$E148*I$155 -> 0 | J12: =J183*$E148*J$155 -> 0 | K12: =K183*$E148*K$155 -> 0 | L12: =L183*$E148*L$155 -> 0 | ... S12: =S183*$E148*S$155 -> 0
C13: =IF('0 Úvod'!$M$10="English",Slovnik!D279,Slovnik!C279) -> Hluk | D13: =SUM(E13:S13,E27:S27) -> 0 | E13: =E184*$E149*E$155 -> 0 | F13: =F184*$E149*F$155 -> 0 | G13: =G184*$E149*G$155 -> 0 | H13: =H184*$E149*H$155 -> 0 | I13: =I184*$E149*I$155 -> 0 | J13: =J184*$E149*J$155 -> 0 | K13: =K184*$E149*K$155 -> 0 | L13: =L184*$E149*L$155 -> 0 | ... S13: =S184*$E149*S$155 -> 0
C14: =IF('0 Úvod'!$M$10="English",Slovnik!D282,Slovnik!C282) -> Celkové externí náklady | D14: =SUM(E14:S14,E28:S28) -> 0 | E14: =SUM(E4:E13) -> 0 | F14: =SUM(F4:F13) -> 0 | G14: =SUM(G4:G13) -> 0 | H14: =SUM(H4:H13) -> 0 | I14: =SUM(I4:I13) -> 0 | J14: =SUM(J4:J13) -> 0 | K14: =SUM(K4:K13) -> 0 | L14: =SUM(L4:L13) -> 0 | ... S14: =SUM(S4:S13) -> 0
B16: =B2 -> 9.1. | C16: =C2 -> Externí náklady (CZK) | E16: =S2+1 -> 2041 | F16: =E16+1 -> 2042 | G16: =F16+1 -> 2043 | H16: =G16+1 -> 2044 | I16: =H16+1 -> 2045 | J16: =I16+1 -> 2046 | K16: =J16+1 -> 2047 | L16: =K16+1 -> 2048 | M16: =L16+1 -> 2049 | ... S16: =R16+1 -> 2055
B17: b | C17: =C3 -> Scénář s projektem
B18: =B4 -> BUS | C18: =C4 -> Nehody | E18: =E189*$E140*E$160 -> 0 | F18: =F189*$E140*F$160 -> 0 | G18: =G189*$E140*G$160 -> 0 | H18: =H189*$E140*H$160 -> 0 | I18: =I189*$E140*I$160 -> 0 | J18: =J189*$E140*J$160 -> 0 | K18: =K189*$E140*K$160 -> 0 | L18: =L189*$E140*L$160 -> 0 | ... S18: =S189*$E140*S$160 -> 0
C19: =C5 -> Hluk | E19: =E190*$E141*E$160 -> 0 | F19: =F190*$E141*F$160 -> 0 | G19: =G190*$E141*G$160 -> 0 | H19: =H190*$E141*H$160 -> 0 | I19: =I190*$E141*I$160 -> 0 | J19: =J190*$E141*J$160 -> 0 | K19: =K190*$E141*K$160 -> 0 | L19: =L190*$E141*L$160 -> 0 | ... S19: =S190*$E141*S$160 -> 0
B20: =B6 -> Trolejbus | C20: =C6 -> Nehody | E20: =E191*$E142*E$160 -> 0 | F20: =F191*$E142*F$160 -> 0 | G20: =G191*$E142*G$160 -> 0 | H20: =H191*$E142*H$160 -> 0 | I20: =I191*$E142*I$160 -> 0 | J20: =J191*$E142*J$160 -> 0 | K20: =K191*$E142*K$160 -> 0 | L20: =L191*$E142*L$160 -> 0 | ... S20: =S191*$E142*S$160 -> 0
C21: =C7 -> Hluk | E21: =E192*$E143*E$160 -> 0 | F21: =F192*$E143*F$160 -> 0 | G21: =G192*$E143*G$160 -> 0 | H21: =H192*$E143*H$160 -> 0 | I21: =I192*$E143*I$160 -> 0 | J21: =J192*$E143*J$160 -> 0 | K21: =K192*$E143*K$160 -> 0 | L21: =L192*$E143*L$160 -> 0 | ... S21: =S192*$E143*S$160 -> 0
B22: =B8 -> Tramvaj | C22: =C8 -> Nehody | E22: =E193*$E144*E$160 -> 0 | F22: =F193*$E144*F$160 -> 0 | G22: =G193*$E144*G$160 -> 0 | H22: =H193*$E144*H$160 -> 0 | I22: =I193*$E144*I$160 -> 0 | J22: =J193*$E144*J$160 -> 0 | K22: =K193*$E144*K$160 -> 0 | L22: =L193*$E144*L$160 -> 0 | ... S22: =S193*$E144*S$160 -> 0
C23: =C9 -> Hluk | E23: =E194*$E145*E$160 -> 0 | F23: =F194*$E145*F$160 -> 0 | G23: =G194*$E145*G$160 -> 0 | H23: =H194*$E145*H$160 -> 0 | I23: =I194*$E145*I$160 -> 0 | J23: =J194*$E145*J$160 -> 0 | K23: =K194*$E145*K$160 -> 0 | L23: =L194*$E145*L$160 -> 0 | ... S23: =S194*$E145*S$160 -> 0
B24: =B10 -> Metro | C24: =C10 -> Nehody | E24: =E195*$E146*E$160 -> 0 | F24: =F195*$E146*F$160 -> 0 | G24: =G195*$E146*G$160 -> 0 | H24: =H195*$E146*H$160 -> 0 | I24: =I195*$E146*I$160 -> 0 | J24: =J195*$E146*J$160 -> 0 | K24: =K195*$E146*K$160 -> 0 | L24: =L195*$E146*L$160 -> 0 | ... S24: =S195*$E146*S$160 -> 0
C25: =C11 -> Hluk | E25: =E196*$E147*E$160 -> 0 | F25: =F196*$E147*F$160 -> 0 | G25: =G196*$E147*G$160 -> 0 | H25: =H196*$E147*H$160 -> 0 | I25: =I196*$E147*I$160 -> 0 | J25: =J196*$E147*J$160 -> 0 | K25: =K196*$E147*K$160 -> 0 | L25: =L196*$E147*L$160 -> 0 | ... S25: =S196*$E147*S$160 -> 0
B26: =B12 -> IAD | C26: =C12 -> Nehody | E26: =E197*$E148*E$160 -> 0 | F26: =F197*$E148*F$160 -> 0 | G26: =G197*$E148*G$160 -> 0 | H26: =H197*$E148*H$160 -> 0 | I26: =I197*$E148*I$160 -> 0 | J26: =J197*$E148*J$160 -> 0 | K26: =K197*$E148*K$160 -> 0 | L26: =L197*$E148*L$160 -> 0 | ... S26: =S197*$E148*S$160 -> 0
C27: =C13 -> Hluk | E27: =E198*$E149*E$160 -> 0 | F27: =F198*$E149*F$160 -> 0 | G27: =G198*$E149*G$160 -> 0 | H27: =H198*$E149*H$160 -> 0 | I27: =I198*$E149*I$160 -> 0 | J27: =J198*$E149*J$160 -> 0 | K27: =K198*$E149*K$160 -> 0 | L27: =L198*$E149*L$160 -> 0 | ... S27: =S198*$E149*S$160 -> 0
C28: =C14 -> Celkové externí náklady | E28: =SUM(E18:E27) -> 0 | F28: =SUM(F18:F27) -> 0 | G28: =SUM(G18:G27) -> 0 | H28: =SUM(H18:H27) -> 0 | I28: =SUM(I18:I27) -> 0 | J28: =SUM(J18:J27) -> 0 | K28: =SUM(K18:K27) -> 0 | L28: =SUM(L18:L27) -> 0 | ... S28: =SUM(S18:S27) -> 0
B30: 9.2. | C30: =C16 -> Externí náklady (CZK) | E30: =E2 -> 2026 | F30: =E30+1 -> 2027 | G30: =F30+1 -> 2028 | H30: =G30+1 -> 2029 | I30: =H30+1 -> 2030 | J30: =I30+1 -> 2031 | K30: =J30+1 -> 2032 | L30: =K30+1 -> 2033 | M30: =L30+1 -> 2034 | ... S30: =R30+1 -> 2040
B31: a | C31: =IF('0 Úvod'!$M$10="English",Slovnik!$D$283,Slovnik!$C$283) -> Scénář bez projektu | D31: =D3 -> Celkem
B32: =B18 -> BUS | C32: =C18 -> Nehody | D32: =SUM(E32:S32,E46:S46) -> 0 | E32: =E203*$E140*E$155 -> 0 | F32: =F203*$E140*F$155 -> 0 | G32: =G203*$E140*G$155 -> 0 | H32: =H203*$E140*H$155 -> 0 | I32: =I203*$E140*I$155 -> 0 | J32: =J203*$E140*J$155 -> 0 | K32: =K203*$E140*K$155 -> 0 | L32: =L203*$E140*L$155 -> 0 | ... S32: =S203*$E140*S$155 -> 0
C33: =C19 -> Hluk | D33: =SUM(E33:S33,E47:S47) -> 0 | E33: =E204*$E141*E$155 -> 0 | F33: =F204*$E141*F$155 -> 0 | G33: =G204*$E141*G$155 -> 0 | H33: =H204*$E141*H$155 -> 0 | I33: =I204*$E141*I$155 -> 0 | J33: =J204*$E141*J$155 -> 0 | K33: =K204*$E141*K$155 -> 0 | L33: =L204*$E141*L$155 -> 0 | ... S33: =S204*$E141*S$155 -> 0
B34: =B20 -> Trolejbus | C34: =C20 -> Nehody | D34: =SUM(E34:S34,E48:S48) -> 0 | E34: =E205*$E142*E$155 -> 0 | F34: =F205*$E142*F$155 -> 0 | G34: =G205*$E142*G$155 -> 0 | H34: =H205*$E142*H$155 -> 0 | I34: =I205*$E142*I$155 -> 0 | J34: =J205*$E142*J$155 -> 0 | K34: =K205*$E142*K$155 -> 0 | L34: =L205*$E142*L$155 -> 0 | ... S34: =S205*$E142*S$155 -> 0
C35: =C21 -> Hluk | D35: =SUM(E35:S35,E49:S49) -> 0 | E35: =E206*$E143*E$155 -> 0 | F35: =F206*$E143*F$155 -> 0 | G35: =G206*$E143*G$155 -> 0 | H35: =H206*$E143*H$155 -> 0 | I35: =I206*$E143*I$155 -> 0 | J35: =J206*$E143*J$155 -> 0 | K35: =K206*$E143*K$155 -> 0 | L35: =L206*$E143*L$155 -> 0 | ... S35: =S206*$E143*S$155 -> 0
B36: =B22 -> Tramvaj | C36: =C22 -> Nehody | D36: =SUM(E36:S36,E50:S50) -> 0 | E36: =E207*$E144*E$155 -> 0 | F36: =F207*$E144*F$155 -> 0 | G36: =G207*$E144*G$155 -> 0 | H36: =H207*$E144*H$155 -> 0 | I36: =I207*$E144*I$155 -> 0 | J36: =J207*$E144*J$155 -> 0 | K36: =K207*$E144*K$155 -> 0 | L36: =L207*$E144*L$155 -> 0 | ... S36: =S207*$E144*S$155 -> 0
C37: =C23 -> Hluk | D37: =SUM(E37:S37,E51:S51) -> 0 | E37: =E208*$E145*E$155 -> 0 | F37: =F208*$E145*F$155 -> 0 | G37: =G208*$E145*G$155 -> 0 | H37: =H208*$E145*H$155 -> 0 | I37: =I208*$E145*I$155 -> 0 | J37: =J208*$E145*J$155 -> 0 | K37: =K208*$E145*K$155 -> 0 | L37: =L208*$E145*L$155 -> 0 | ... S37: =S208*$E145*S$155 -> 0
B38: =B24 -> Metro | C38: =C24 -> Nehody | D38: =SUM(E38:S38,E52:S52) -> 0 | E38: =E209*$E146*E$155 -> 0 | F38: =F209*$E146*F$155 -> 0 | G38: =G209*$E146*G$155 -> 0 | H38: =H209*$E146*H$155 -> 0 | I38: =I209*$E146*I$155 -> 0 | J38: =J209*$E146*J$155 -> 0 | K38: =K209*$E146*K$155 -> 0 | L38: =L209*$E146*L$155 -> 0 | ... S38: =S209*$E146*S$155 -> 0
C39: =C25 -> Hluk | D39: =SUM(E39:S39,E53:S53) -> 0 | E39: =E210*$E147*E$155 -> 0 | F39: =F210*$E147*F$155 -> 0 | G39: =G210*$E147*G$155 -> 0 | H39: =H210*$E147*H$155 -> 0 | I39: =I210*$E147*I$155 -> 0 | J39: =J210*$E147*J$155 -> 0 | K39: =K210*$E147*K$155 -> 0 | L39: =L210*$E147*L$155 -> 0 | ... S39: =S210*$E147*S$155 -> 0
B40: =B26 -> IAD | C40: =C26 -> Nehody | D40: =SUM(E40:S40,E54:S54) -> 0 | E40: =E211*$E148*E$155 -> 0 | F40: =F211*$E148*F$155 -> 0 | G40: =G211*$E148*G$155 -> 0 | H40: =H211*$E148*H$155 -> 0 | I40: =I211*$E148*I$155 -> 0 | J40: =J211*$E148*J$155 -> 0 | K40: =K211*$E148*K$155 -> 0 | L40: =L211*$E148*L$155 -> 0 | ... S40: =S211*$E148*S$155 -> 0
C41: =C27 -> Hluk | D41: =SUM(E41:S41,E55:S55) -> 0 | E41: =E212*$E149*E$155 -> 0 | F41: =F212*$E149*F$155 -> 0 | G41: =G212*$E149*G$155 -> 0 | H41: =H212*$E149*H$155 -> 0 | I41: =I212*$E149*I$155 -> 0 | J41: =J212*$E149*J$155 -> 0 | K41: =K212*$E149*K$155 -> 0 | L41: =L212*$E149*L$155 -> 0 | ... S41: =S212*$E149*S$155 -> 0
C42: =C28 -> Celkové externí náklady | D42: =SUM(E42:S42,E56:S56) -> 0 | E42: =SUM(E32:E41) -> 0 | F42: =SUM(F32:F41) -> 0 | G42: =SUM(G32:G41) -> 0 | H42: =SUM(H32:H41) -> 0 | I42: =SUM(I32:I41) -> 0 | J42: =SUM(J32:J41) -> 0 | K42: =SUM(K32:K41) -> 0 | L42: =SUM(L32:L41) -> 0 | ... S42: =SUM(S32:S41) -> 0
B44: =B30 -> 9.2. | C44: =C30 -> Externí náklady (CZK) | E44: =S30+1 -> 2041 | F44: =E44+1 -> 2042 | G44: =F44+1 -> 2043 | H44: =G44+1 -> 2044 | I44: =H44+1 -> 2045 | J44: =I44+1 -> 2046 | K44: =J44+1 -> 2047 | L44: =K44+1 -> 2048 | M44: =L44+1 -> 2049 | ... S44: =R44+1 -> 2055
B45: b | C45: =C31 -> Scénář bez projektu | E45: =S31+1 -> 1
B46: =B32 -> BUS | C46: =C32 -> Nehody | E46: =E217*$E140*E$160 -> 0 | F46: =F217*$E140*F$160 -> 0 | G46: =G217*$E140*G$160 -> 0 | H46: =H217*$E140*H$160 -> 0 | I46: =I217*$E140*I$160 -> 0 | J46: =J217*$E140*J$160 -> 0 | K46: =K217*$E140*K$160 -> 0 | L46: =L217*$E140*L$160 -> 0 | ... S46: =S217*$E140*S$160 -> 0
C47: =C33 -> Hluk | E47: =E218*$E141*E$160 -> 0 | F47: =F218*$E141*F$160 -> 0 | G47: =G218*$E141*G$160 -> 0 | H47: =H218*$E141*H$160 -> 0 | I47: =I218*$E141*I$160 -> 0 | J47: =J218*$E141*J$160 -> 0 | K47: =K218*$E141*K$160 -> 0 | L47: =L218*$E141*L$160 -> 0 | ... S47: =S218*$E141*S$160 -> 0
B48: =B34 -> Trolejbus | C48: =C34 -> Nehody | E48: =E219*$E142*E$160 -> 0 | F48: =F219*$E142*F$160 -> 0 | G48: =G219*$E142*G$160 -> 0 | H48: =H219*$E142*H$160 -> 0 | I48: =I219*$E142*I$160 -> 0 | J48: =J219*$E142*J$160 -> 0 | K48: =K219*$E142*K$160 -> 0 | L48: =L219*$E142*L$160 -> 0 | ... S48: =S219*$E142*S$160 -> 0
C49: =C35 -> Hluk | E49: =E220*$E143*E$160 -> 0 | F49: =F220*$E143*F$160 -> 0 | G49: =G220*$E143*G$160 -> 0 | H49: =H220*$E143*H$160 -> 0 | I49: =I220*$E143*I$160 -> 0 | J49: =J220*$E143*J$160 -> 0 | K49: =K220*$E143*K$160 -> 0 | L49: =L220*$E143*L$160 -> 0 | ... S49: =S220*$E143*S$160 -> 0
B50: =B36 -> Tramvaj | C50: =C36 -> Nehody | E50: =E221*$E144*E$160 -> 0 | F50: =F221*$E144*F$160 -> 0 | G50: =G221*$E144*G$160 -> 0 | H50: =H221*$E144*H$160 -> 0 | I50: =I221*$E144*I$160 -> 0 | J50: =J221*$E144*J$160 -> 0 | K50: =K221*$E144*K$160 -> 0 | L50: =L221*$E144*L$160 -> 0 | ... S50: =S221*$E144*S$160 -> 0
C51: =C37 -> Hluk | E51: =E222*$E145*E$160 -> 0 | F51: =F222*$E145*F$160 -> 0 | G51: =G222*$E145*G$160 -> 0 | H51: =H222*$E145*H$160 -> 0 | I51: =I222*$E145*I$160 -> 0 | J51: =J222*$E145*J$160 -> 0 | K51: =K222*$E145*K$160 -> 0 | L51: =L222*$E145*L$160 -> 0 | ... S51: =S222*$E145*S$160 -> 0
B52: =B38 -> Metro | C52: =C38 -> Nehody | E52: =E223*$E146*E$160 -> 0 | F52: =F223*$E146*F$160 -> 0 | G52: =G223*$E146*G$160 -> 0 | H52: =H223*$E146*H$160 -> 0 | I52: =I223*$E146*I$160 -> 0 | J52: =J223*$E146*J$160 -> 0 | K52: =K223*$E146*K$160 -> 0 | L52: =L223*$E146*L$160 -> 0 | ... S52: =S223*$E146*S$160 -> 0
C53: =C39 -> Hluk | E53: =E224*$E147*E$160 -> 0 | F53: =F224*$E147*F$160 -> 0 | G53: =G224*$E147*G$160 -> 0 | H53: =H224*$E147*H$160 -> 0 | I53: =I224*$E147*I$160 -> 0 | J53: =J224*$E147*J$160 -> 0 | K53: =K224*$E147*K$160 -> 0 | L53: =L224*$E147*L$160 -> 0 | ... S53: =S224*$E147*S$160 -> 0
B54: =B40 -> IAD | C54: =C40 -> Nehody | E54: =E225*$E148*E$160 -> 0 | F54: =F225*$E148*F$160 -> 0 | G54: =G225*$E148*G$160 -> 0 | H54: =H225*$E148*H$160 -> 0 | I54: =I225*$E148*I$160 -> 0 | J54: =J225*$E148*J$160 -> 0 | K54: =K225*$E148*K$160 -> 0 | L54: =L225*$E148*L$160 -> 0 | ... S54: =S225*$E148*S$160 -> 0
C55: =C41 -> Hluk | E55: =E226*$E149*E$160 -> 0 | F55: =F226*$E149*F$160 -> 0 | G55: =G226*$E149*G$160 -> 0 | H55: =H226*$E149*H$160 -> 0 | I55: =I226*$E149*I$160 -> 0 | J55: =J226*$E149*J$160 -> 0 | K55: =K226*$E149*K$160 -> 0 | L55: =L226*$E149*L$160 -> 0 | ... S55: =S226*$E149*S$160 -> 0
C56: =C42 -> Celkové externí náklady | E56: =SUM(E46:E55) -> 0 | F56: =SUM(F46:F55) -> 0 | G56: =SUM(G46:G55) -> 0 | H56: =SUM(H46:H55) -> 0 | I56: =SUM(I46:I55) -> 0 | J56: =SUM(J46:J55) -> 0 | K56: =SUM(K46:K55) -> 0 | L56: =SUM(L46:L55) -> 0 | ... S56: =SUM(S46:S55) -> 0
B58: 9.3. | C58: =IF('0 Úvod'!$M$10="English",Slovnik!$D$288,Slovnik!$C$288) -> Celkem externí efekty - úspory (CZK) | E58: =E2 -> 2026 | F58: =E58+1 -> 2027 | G58: =F58+1 -> 2028 | H58: =G58+1 -> 2029 | I58: =H58+1 -> 2030 | J58: =I58+1 -> 2031 | K58: =J58+1 -> 2032 | L58: =K58+1 -> 2033 | M58: =L58+1 -> 2034 | ... S58: =R58+1 -> 2040
B59: a | D59: =D31 -> Celkem
B60: =IF('0 Úvod'!$M$10="English",Slovnik!$D$285,Slovnik!$C$285) -> Osobní | C60: =C4 -> Nehody | D60: =SUM(E60:S60,E66:S66) -> 0 | E60: =E32+E34+E36+E38+E40-E4-E6-E8-E10-E12 -> 0 | F60: =F32+F34+F36+F38+F40-F4-F6-F8-F10-F12 -> 0 | G60: =G32+G34+G36+G38+G40-G4-G6-G8-G10-G12 -> 0 | H60: =H32+H34+H36+H38+H40-H4-H6-H8-H10-H12 -> 0 | I60: =I32+I34+I36+I38+I40-I4-I6-I8-I10-I12 -> 0 | J60: =J32+J34+J36+J38+J40-J4-J6-J8-J10-J12 -> 0 | K60: =K32+K34+K36+K38+K40-K4-K6-K8-K10-K12 -> 0 | L60: =L32+L34+L36+L38+L40-L4-L6-L8-L10-L12 -> 0 | ... S60: =S32+S34+S36+S38+S40-S4-S6-S8-S10-S12 -> 0
C61: =C5 -> Hluk | D61: =SUM(E61:S61,E67:S67) -> 0 | E61: =E33+E35+E37+E39+E41-E5-E7-E9-E11-E13 -> 0 | F61: =F33+F35+F37+F39+F41-F5-F7-F9-F11-F13 -> 0 | G61: =G33+G35+G37+G39+G41-G5-G7-G9-G11-G13 -> 0 | H61: =H33+H35+H37+H39+H41-H5-H7-H9-H11-H13 -> 0 | I61: =I33+I35+I37+I39+I41-I5-I7-I9-I11-I13 -> 0 | J61: =J33+J35+J37+J39+J41-J5-J7-J9-J11-J13 -> 0 | K61: =K33+K35+K37+K39+K41-K5-K7-K9-K11-K13 -> 0 | L61: =L33+L35+L37+L39+L41-L5-L7-L9-L11-L13 -> 0 | ... S61: =S33+S35+S37+S39+S41-S5-S7-S9-S11-S13 -> 0
C62: =IF('0 Úvod'!$M$10="English",Slovnik!$D$287,Slovnik!$C$287) -> Celkem externí efekty - úspory | D62: =SUM(E62:S62,E68:S68) -> 0 | E62: =SUM(E60:E61) -> 0 | F62: =SUM(F60:F61) -> 0 | G62: =SUM(G60:G61) -> 0 | H62: =SUM(H60:H61) -> 0 | I62: =SUM(I60:I61) -> 0 | J62: =SUM(J60:J61) -> 0 | K62: =SUM(K60:K61) -> 0 | L62: =SUM(L60:L61) -> 0 | ... S62: =SUM(S60:S61) -> 0
B64: =B58 -> 9.3. | C64: =C58 -> Celkem externí efekty - úspory (CZK) | E64: =S58+1 -> 2041 | F64: =E64+1 -> 2042 | G64: =F64+1 -> 2043 | H64: =G64+1 -> 2044 | I64: =H64+1 -> 2045 | J64: =I64+1 -> 2046 | K64: =J64+1 -> 2047 | L64: =K64+1 -> 2048 | M64: =L64+1 -> 2049 | ... S64: =R64+1 -> 2055
B65: b | E65: =S59+1 -> 1
B66: =B60 -> Osobní | C66: =C60 -> Nehody | E66: =E46+E48+E50+E52+E54-E18-E20-E22-E24-E26 -> 0 | F66: =F46+F48+F50+F52+F54-F18-F20-F22-F24-F26 -> 0 | G66: =G46+G48+G50+G52+G54-G18-G20-G22-G24-G26 -> 0 | H66: =H46+H48+H50+H52+H54-H18-H20-H22-H24-H26 -> 0 | I66: =I46+I48+I50+I52+I54-I18-I20-I22-I24-I26 -> 0 | J66: =J46+J48+J50+J52+J54-J18-J20-J22-J24-J26 -> 0 | K66: =K46+K48+K50+K52+K54-K18-K20-K22-K24-K26 -> 0 | L66: =L46+L48+L50+L52+L54-L18-L20-L22-L24-L26 -> 0 | ... S66: =S46+S48+S50+S52+S54-S18-S20-S22-S24-S26 -> 0
C67: =C61 -> Hluk | E67: =E47+E49+E51+E53+E55-E19-E21-E23-E25-E27 -> 0 | F67: =F47+F49+F51+F53+F55-F19-F21-F23-F25-F27 -> 0 | G67: =G47+G49+G51+G53+G55-G19-G21-G23-G25-G27 -> 0 | H67: =H47+H49+H51+H53+H55-H19-H21-H23-H25-H27 -> 0 | I67: =I47+I49+I51+I53+I55-I19-I21-I23-I25-I27 -> 0 | J67: =J47+J49+J51+J53+J55-J19-J21-J23-J25-J27 -> 0 | K67: =K47+K49+K51+K53+K55-K19-K21-K23-K25-K27 -> 0 | L67: =L47+L49+L51+L53+L55-L19-L21-L23-L25-L27 -> 0 | ... S67: =S47+S49+S51+S53+S55-S19-S21-S23-S25-S27 -> 0
C68: =C62 -> Celkem externí efekty - úspory | E68: =SUM(E66:E67) -> 0 | F68: =SUM(F66:F67) -> 0 | G68: =SUM(G66:G67) -> 0 | H68: =SUM(H66:H67) -> 0 | I68: =SUM(I66:I67) -> 0 | J68: =SUM(J66:J67) -> 0 | K68: =SUM(K66:K67) -> 0 | L68: =SUM(L66:L67) -> 0 | ... S68: =SUM(S66:S67) -> 0
C71: Náklady za nehody a hluk, scénář s projektem (CZK) | D71: =D14 -> 0
C72: Náklady za nehody a hluk, scénář bez projektu (CZK) | D72: =D42 -> 0
C73: Úspora nákladů za nehody a hluk (CZK) | D73: =D62 -> 0
B75: pomocný koeficient pro přepočet | E75: =IFERROR(HLOOKUP(E79,'0 Úvod'!D90:M97,7,FALSE),1) -> 1.610546
B77: 9.4. a | C77: =IF('0 Úvod'!$M$10="English",Slovnik!$D$292,Slovnik!$C$292) -> Společenské náklady NEHODOVOSTI
C78: =IF('0 Úvod'!$M$10="English",Slovnik!D293,Slovnik!C293) -> nehoda | D78: =IF('0 Úvod'!$M$10="English",Slovnik!$D$299,Slovnik!$C$299) -> měrná hodnota | F78: =IF('0 Úvod'!$M$10="English",Slovnik!$D$300,Slovnik!$C$300) -> jednotka
C79: =IF('0 Úvod'!$M$10="English",Slovnik!D294,Slovnik!C294) -> CÚ | D79: 2017 | E79: ='0 Úvod'!D18 -> 2025
C80: =IF('0 Úvod'!$M$10="English",Slovnik!D295,Slovnik!C295) -> s úmrtím | D80: 20790000 | E80: =D80*$E$75 -> 33483251 | F80: =IF('0 Úvod'!$M$10="English",Slovnik!$D$301,Slovnik!$C$301) -> CZK/osoba
C81: =IF('0 Úvod'!$M$10="English",Slovnik!D296,Slovnik!C296) -> s těžkým zraněním | D81: 5033600 | E81: =D81*$E$75 -> 8106844.3
C82: =IF('0 Úvod'!$M$10="English",Slovnik!D297,Slovnik!C297) -> s lehkým zraněním | D82: 649800 | E82: =D82*$E$75 -> 1046532.8
C83: =IF('0 Úvod'!$M$10="English",Slovnik!D298,Slovnik!C298) -> s hmotnou škodou | D83: 344900 | E83: =D83*$E$75 -> 555477.31 | F83: =IF('0 Úvod'!$M$10="English",Slovnik!$D$302,Slovnik!$C$302) -> CZK/nehoda
C84: =IF('0 Úvod'!$M$10="English",Slovnik!$D$303,Slovnik!$C$303) -> Zdroj: Centrum dopravního výzkumu v.v.i.
B86: 9.4. b | C86: =IF('0 Úvod'!$M$10="English",Slovnik!$D$304,Slovnik!$C$304) -> Zjednodušené externí NÁKLADY NEHOD | H86: Koeficient nehodovosti pro vybrané módy (BUS = 100 %)
C87: =IF('0 Úvod'!$M$10="English",Slovnik!$D$305,Slovnik!$C$305) -> druh dopravy, jednotka | D87: =IF('0 Úvod'!$M$10="English",Slovnik!$D$308,Slovnik!$C$308) -> dopravní mód | E87: =IF('0 Úvod'!$M$10="English",Slovnik!$D$317,Slovnik!$C$317) -> měrné náklady | H87: 9.4. c | I87: BUS | J87: 1
D88: =C79 -> CÚ | E88: 2017 | F88: ='0 Úvod'!D18 -> 2025 | I88: tramvaj | J88: 0.8
C89: =IF('0 Úvod'!$M$10="English",Slovnik!$D$306,Slovnik!$C$306) -> OSOBNÍ DOPRAVA [CZK/1000 oskm] | D89: =IF('0 Úvod'!$M$10="English",Slovnik!D309,Slovnik!C309) -> IAD | E89: 1039 | F89: =E89*$E$75 -> 1673.3573 | I89: trolejbus | J89: 0.95
D90: =IF('0 Úvod'!$M$10="English",Slovnik!D310,Slovnik!C310) -> BUS | E90: 396 | F90: =E90*$E$75 -> 637.77621
D91: =IF('0 Úvod'!$M$10="English",Slovnik!D311,Slovnik!C311) -> silniční CELKEM | E91: 1080 | F91: =E91*$E$75 -> 1739.3897
D92: =IF('0 Úvod'!$M$10="English",Slovnik!D312,Slovnik!C312) -> železniční | E92: 19 | F92: =E92*$E$75 -> 30.600374
C93: =IF('0 Úvod'!$M$10="English",Slovnik!$D$307,Slovnik!$C$307) -> NÁKLADNÍ DOPRAVA [CZK/1000 tkm] | D93: =IF('0 Úvod'!$M$10="English",Slovnik!D313,Slovnik!C313) -> LNV | E93: 1808 | F93: =E93*$E$75 -> 2911.8671
D94: =IF('0 Úvod'!$M$10="English",Slovnik!D314,Slovnik!C314) -> TNV | E94: 328 | F94: =E94*$E$75 -> 528.25908
D95: =IF('0 Úvod'!$M$10="English",Slovnik!D315,Slovnik!C315) -> silniční CELKEM | E95: 547 | F95: =E95*$E$75 -> 880.96865
D96: =IF('0 Úvod'!$M$10="English",Slovnik!D316,Slovnik!C316) -> železniční | E96: 6 | F96: =E96*$E$75 -> 9.6632759
C97: =IF('0 Úvod'!$M$10="English",Slovnik!$D$318,Slovnik!$C$318) -> Zdroj: External Costs of Transport in Europe, Delft 2011 | H97: Zdroj: vlastní šetření na datech za Prahu, Brno a Ostravu, roky 2016-2021, 2022.
B100: 9.5. a | C100: =IF('0 Úvod'!$M$10="English",Slovnik!$D$319,Slovnik!$C$319) -> Společenské náklady HLUKU
C101: =IF('0 Úvod'!$M$10="English",Slovnik!D320,Slovnik!C320) -> dopravní mód | D101: =IF('0 Úvod'!$M$10="English",Slovnik!$D$324,Slovnik!$C$324) -> měrné hodnoty | I101: =F78 -> jednotka
C102: =IF('0 Úvod'!$M$10="English",Slovnik!D321,Slovnik!C321) -> hladina hluku v dB(A) | D102: 55 - 59 | E102: 60 - 64 | F102: 65 - 69 | G102: 70 - 74 | H102: 75 - 79
C103: =D88 -> CÚ | D103: 2017
C104: =IF('0 Úvod'!$M$10="English",Slovnik!D322,Slovnik!C322) -> silnice | D104: 2252 | E104: 3828 | F104: 5436 | G104: 8363 | H104: 11032 | I104: =IF('0 Úvod'!$M$10="English",Slovnik!$D$325,Slovnik!$C$325) -> CZK/os/rok
C105: =IF('0 Úvod'!$M$10="English",Slovnik!D323,Slovnik!C323) -> železnice | D105: 643 | E105: 2252 | F105: 3828 | G105: 6755 | H105: 9424
C106: =D88 -> CÚ | D106: ='0 Úvod'!D18 -> 2025
C107: =IF('0 Úvod'!$M$10="English",Slovnik!D322,Slovnik!C322) -> silnice | D107: =D104*$E$75 -> 3626.9496 | E107: =E104*$E$75 -> 6165.17 | F107: =F104*$E$75 -> 8754.928 | G107: =G104*$E$75 -> 13468.996 | H107: =H104*$E$75 -> 17767.543 | I107: =IF('0 Úvod'!$M$10="English",Slovnik!$D$325,Slovnik!$C$325) -> CZK/os/rok
C108: =IF('0 Úvod'!$M$10="English",Slovnik!D323,Slovnik!C323) -> železnice | D108: =D105*$E$75 -> 1035.5811 | E108: =E105*$E$75 -> 3626.9496 | F108: =F105*$E$75 -> 6165.17 | G108: =G105*$E$75 -> 10879.238 | H108: =H105*$E$75 -> 15177.785
C109: =C97 -> Zdroj: External Costs of Transport in Europe, Delft 2011
B111: =B100 -> 9.5. a | C111: =IF('0 Úvod'!$M$10="English",Slovnik!$D$326,Slovnik!$C$326) -> Zjednodušené externí NÁKLADY HLUKU
C112: =IF('0 Úvod'!$M$10="English",Slovnik!$D$327,Slovnik!$C$327) -> druh dopravy, jednotka | D112: =D87 -> dopravní mód | E112: =E87 -> měrné náklady
D113: =D88 -> CÚ | E113: 2017 | F113: ='0 Úvod'!D18 -> 2025
C114: =IF('0 Úvod'!$M$10="English",Slovnik!$D$328,Slovnik!$C$328) -> OSOBNÍ DOPRAVA [CZK/1000 oskm] | D114: =D89 -> IAD | E114: 55 | F114: =E114*$E$75 -> 88.580029
...

Sheet 10 Emise a ŽP
B2: 10.1. | C2: Měrná trakční spotřeba elektrické energie (kWh/vzkm) | E2: ='0 Úvod'!G18 -> 2026 | F2: =E2+1 -> 2027 | G2: =F2+1 -> 2028 | H2: =G2+1 -> 2029 | I2: =H2+1 -> 2030 | J2: =I2+1 -> 2031 | K2: =J2+1 -> 2032 | L2: =K2+1 -> 2033 | M2: =L2+1 -> 2034 | ... S2: =R2+1 -> 2040
B3: a | C3: Scénář s projektem | D3: Celkem
C4: měrná trakční spotřeba, BUS (koeficient = 1,0) | E4: 1 | F4: 1 | G4: 1 | H4: 1 | I4: 1 | J4: 1 | K4: 1 | L4: 1 | M4: 1 | N4: 1 | O4: 1 | P4: 1 | Q4: 1 | R4: 1 | S4: 1
C5: měrná trakční spotřeba, trolejbus (kWh/vzkm)
C6: měrná trakční spotřeba, tramvaj (kWh/vzkm)
C7: měrná trakční spotřeba, metro (kWh/vzkm)
C8: měrná trakční spotřeba IAD (koeficient = 1,0) | E8: 1 | F8: 1 | G8: 1 | H8: 1 | I8: 1 | J8: 1 | K8: 1 | L8: 1 | M8: 1 | N8: 1 | O8: 1 | P8: 1 | Q8: 1 | R8: 1 | S8: 1
C9: ostatní spotřeba el. energie (kWh/rok)* | D9: =SUM(E9:S9,E19:S19) -> 0
C10: =D3 -> Celkem
B12: =B2 -> 10.1. | C12: =C2 -> Měrná trakční spotřeba elektrické energie (kWh/vzkm) | E12: =S2+1 -> 2041 | F12: =E12+1 -> 2042 | G12: =F12+1 -> 2043 | H12: =G12+1 -> 2044 | I12: =H12+1 -> 2045 | J12: =I12+1 -> 2046 | K12: =J12+1 -> 2047 | L12: =K12+1 -> 2048 | M12: =L12+1 -> 2049 | ... S12: =R12+1 -> 2055
B13: b | C13: =C3 -> Scénář s projektem
C14: =C4 -> měrná trakční spotřeba, BUS (koeficient = 1,0) | E14: 1 | F14: 1 | G14: 1 | H14: 1 | I14: 1 | J14: 1 | K14: 1 | L14: 1 | M14: 1 | N14: 1 | O14: 1 | P14: 1 | Q14: 1 | R14: 1 | S14: 1
C15: =C5 -> měrná trakční spotřeba, trolejbus (kWh/vzkm)
C16: =C6 -> měrná trakční spotřeba, tramvaj (kWh/vzkm)
C17: =C7 -> měrná trakční spotřeba, metro (kWh/vzkm)
C18: =C8 -> měrná trakční spotřeba IAD (koeficient = 1,0) | E18: 1 | F18: 1 | G18: 1 | H18: 1 | I18: 1 | J18: 1 | K18: 1 | L18: 1 | M18: 1 | N18: 1 | O18: 1 | P18: 1 | Q18: 1 | R18: 1 | S18: 1
C19: =C9 -> ostatní spotřeba el. energie (kWh/rok)*
C20: =C10 -> Celkem
B22: 10.2. | C22: =C2 -> Měrná trakční spotřeba elektrické energie (kWh/vzkm) | E22: =E2 -> 2026 | F22: =E22+1 -> 2027 | G22: =F22+1 -> 2028 | H22: =G22+1 -> 2029 | I22: =H22+1 -> 2030 | J22: =I22+1 -> 2031 | K22: =J22+1 -> 2032 | L22: =K22+1 -> 2033 | M22: =L22+1 -> 2034 | ... S22: =R22+1 -> 2040
B23: a | C23: Scénář bez projektu | D23: =C10 -> Celkem
C24: =C14 -> měrná trakční spotřeba, BUS (koeficient = 1,0) | E24: 1 | F24: 1 | G24: 1 | H24: 1 | I24: 1 | J24: 1 | K24: 1 | L24: 1 | M24: 1 | N24: 1 | O24: 1 | P24: 1 | Q24: 1 | R24: 1 | S24: 1
C25: =C15 -> měrná trakční spotřeba, trolejbus (kWh/vzkm)
C26: =C16 -> měrná trakční spotřeba, tramvaj (kWh/vzkm)
C27: =C17 -> měrná trakční spotřeba, metro (kWh/vzkm)
C28: =C18 -> měrná trakční spotřeba IAD (koeficient = 1,0) | E28: 1 | F28: 1 | G28: 1 | H28: 1 | I28: 1 | J28: 1 | K28: 1 | L28: 1 | M28: 1 | N28: 1 | O28: 1 | P28: 1 | Q28: 1 | R28: 1 | S28: 1
C29: =C19 -> ostatní spotřeba el. energie (kWh/rok)* | D29: =SUM(E29:S29,E39:S39) -> 0
C30: =D23 -> Celkem
B32: =B22 -> 10.2. | C32: =C22 -> Měrná trakční spotřeba elektrické energie (kWh/vzkm) | E32: =S22+1 -> 2041 | F32: =E32+1 -> 2042 | G32: =F32+1 -> 2043 | H32: =G32+1 -> 2044 | I32: =H32+1 -> 2045 | J32: =I32+1 -> 2046 | K32: =J32+1 -> 2047 | L32: =K32+1 -> 2048 | M32: =L32+1 -> 2049 | ... S32: =R32+1 -> 2055
B33: b | C33: =C23 -> Scénář bez projektu | E33: =S23+1 -> 1
C34: =C24 -> měrná trakční spotřeba, BUS (koeficient = 1,0) | E34: 1 | F34: 1 | G34: 1 | H34: 1 | I34: 1 | J34: 1 | K34: 1 | L34: 1 | M34: 1 | N34: 1 | O34: 1 | P34: 1 | Q34: 1 | R34: 1 | S34: 1
C35: =C25 -> měrná trakční spotřeba, trolejbus (kWh/vzkm)
C36: =C26 -> měrná trakční spotřeba, tramvaj (kWh/vzkm)
C37: =C27 -> měrná trakční spotřeba, metro (kWh/vzkm)
C38: =C28 -> měrná trakční spotřeba IAD (koeficient = 1,0) | E38: 1 | F38: 1 | G38: 1 | H38: 1 | I38: 1 | J38: 1 | K38: 1 | L38: 1 | M38: 1 | N38: 1 | O38: 1 | P38: 1 | Q38: 1 | R38: 1 | S38: 1
C39: =C29 -> ostatní spotřeba el. energie (kWh/rok)*
C40: =C30 -> Celkem
B42: 10.3. | C42: Externí náklady emisí, vlivy na ŽP (CZK) | E42: ='1 CIN'!E3 -> 2026 | F42: =E42+1 -> 2027 | G42: =F42+1 -> 2028 | H42: =G42+1 -> 2029 | I42: =H42+1 -> 2030 | J42: =I42+1 -> 2031 | K42: =J42+1 -> 2032 | L42: =K42+1 -> 2033 | M42: =L42+1 -> 2034 | ... S42: =R42+1 -> 2040
B43: a | C43: =IF('0 Úvod'!$M$10="English",Slovnik!D277,Slovnik!C277) -> Scénář s projektem | D43: =IF('0 Úvod'!$M$10="English",Slovnik!$D$284,Slovnik!$C$284) -> Celkem
B44: BUS | C44: Znečištění ovzduší (emise) | D44: =SUM(E44:S44,E54:S54) -> 0 | E44: =E4*E211*E$191*$H180*'11 Klima'!D237 -> 0 | F44: =F4*F211*F$191*$H180*'11 Klima'!E237 -> 0 | G44: =G4*G211*G$191*$H180*'11 Klima'!F237 -> 0 | H44: =H4*H211*H$191*$H180*'11 Klima'!G237 -> 0 | I44: =I4*I211*I$191*$H180*'11 Klima'!H237 -> 0 | J44: =J4*J211*J$191*$H180*'11 Klima'!I237 -> 0 | K44: =K4*K211*K$191*$H180*'11 Klima'!J237 -> 0 | L44: =L4*L211*L$191*$H180*'11 Klima'!K237 -> 0 | ... S44: =S4*S211*S$191*$H180*'11 Klima'!R237 -> 0
B45: Trolejbus | C45: Znečištění ovzduší (emise) | D45: =SUM(E45:S45,E55:S55) -> 0 | E45: =E5*E212*E$191*$H181*'11 Klima'!D238 -> 0 | F45: =F5*F212*F$191*$H181*'11 Klima'!E238 -> 0 | G45: =G5*G212*G$191*$H181*'11 Klima'!F238 -> 0 | H45: =H5*H212*H$191*$H181*'11 Klima'!G238 -> 0 | I45: =I5*I212*I$191*$H181*'11 Klima'!H238 -> 0 | J45: =J5*J212*J$191*$H181*'11 Klima'!I238 -> 0 | K45: =K5*K212*K$191*$H181*'11 Klima'!J238 -> 0 | L45: =L5*L212*L$191*$H181*'11 Klima'!K238 -> 0 | ... S45: =S5*S212*S$191*$H181*'11 Klima'!R238 -> 0
B46: Tramvaj | C46: Znečištění ovzduší (emise) | D46: =SUM(E46:S46,E56:S56) -> 0 | E46: =E6*E213*E$191*$H182*'11 Klima'!D239 -> 0 | F46: =F6*F213*F$191*$H182*'11 Klima'!E239 -> 0 | G46: =G6*G213*G$191*$H182*'11 Klima'!F239 -> 0 | H46: =H6*H213*H$191*$H182*'11 Klima'!G239 -> 0 | I46: =I6*I213*I$191*$H182*'11 Klima'!H239 -> 0 | J46: =J6*J213*J$191*$H182*'11 Klima'!I239 -> 0 | K46: =K6*K213*K$191*$H182*'11 Klima'!J239 -> 0 | L46: =L6*L213*L$191*$H182*'11 Klima'!K239 -> 0 | ... S46: =S6*S213*S$191*$H182*'11 Klima'!R239 -> 0
B47: Metro | C47: Znečištění ovzduší (emise) | D47: =SUM(E47:S47,E57:S57) -> 0 | E47: =E7*E214*E$191*$H183*'11 Klima'!D240 -> 0 | F47: =F7*F214*F$191*$H183*'11 Klima'!E240 -> 0 | G47: =G7*G214*G$191*$H183*'11 Klima'!F240 -> 0 | H47: =H7*H214*H$191*$H183*'11 Klima'!G240 -> 0 | I47: =I7*I214*I$191*$H183*'11 Klima'!H240 -> 0 | J47: =J7*J214*J$191*$H183*'11 Klima'!I240 -> 0 | K47: =K7*K214*K$191*$H183*'11 Klima'!J240 -> 0 | L47: =L7*L214*L$191*$H183*'11 Klima'!K240 -> 0 | ... S47: =S7*S214*S$191*$H183*'11 Klima'!R240 -> 0
B48: IAD | C48: Znečištění ovzduší (emise) | D48: =SUM(E48:S48,E58:S58) -> 0 | E48: =E8*E215*E$191*$H184*'11 Klima'!D241 -> 0 | F48: =F8*F215*F$191*$H184*'11 Klima'!E241 -> 0 | G48: =G8*G215*G$191*$H184*'11 Klima'!F241 -> 0 | H48: =H8*H215*H$191*$H184*'11 Klima'!G241 -> 0 | I48: =I8*I215*I$191*$H184*'11 Klima'!H241 -> 0 | J48: =J8*J215*J$191*$H184*'11 Klima'!I241 -> 0 | K48: =K8*K215*K$191*$H184*'11 Klima'!J241 -> 0 | L48: =L8*L215*L$191*$H184*'11 Klima'!K241 -> 0 | ... S48: =S8*S215*S$191*$H184*'11 Klima'!R241 -> 0
B49: bez rozlišení | C49: Znečištění ovzduší (emise) | D49: =SUM(E49:S49,E59:S59) -> 0 | E49: =E9*E216*E$191*$H185*'11 Klima'!D242 -> 0 | F49: =F9*F216*F$191*$H185*'11 Klima'!E242 -> 0 | G49: =G9*G216*G$191*$H185*'11 Klima'!F242 -> 0 | H49: =H9*H216*H$191*$H185*'11 Klima'!G242 -> 0 | I49: =I9*I216*I$191*$H185*'11 Klima'!H242 -> 0 | J49: =J9*J216*J$191*$H185*'11 Klima'!I242 -> 0 | K49: =K9*K216*K$191*$H185*'11 Klima'!J242 -> 0 | L49: =L9*L216*L$191*$H185*'11 Klima'!K242 -> 0 | ... S49: =S9*S216*S$191*$H185*'11 Klima'!R242 -> 0
C50: =IF('0 Úvod'!$M$10="English",Slovnik!D282,Slovnik!C282) -> Celkové externí náklady | D50: =SUM(E50:S50,E60:S60) -> 0 | E50: =SUM(E44:E49) -> 0 | F50: =SUM(F44:F49) -> 0 | G50: =SUM(G44:G49) -> 0 | H50: =SUM(H44:H49) -> 0 | I50: =SUM(I44:I49) -> 0 | J50: =SUM(J44:J49) -> 0 | K50: =SUM(K44:K49) -> 0 | L50: =SUM(L44:L49) -> 0 | ... S50: =SUM(S44:S49) -> 0
B52: =B42 -> 10.3. | C52: =C42 -> Externí náklady emisí, vlivy na ŽP (CZK) | E52: =S42+1 -> 2041 | F52: =E52+1 -> 2042 | G52: =F52+1 -> 2043 | H52: =G52+1 -> 2044 | I52: =H52+1 -> 2045 | J52: =I52+1 -> 2046 | K52: =J52+1 -> 2047 | L52: =K52+1 -> 2048 | M52: =L52+1 -> 2049 | ... S52: =R52+1 -> 2055
B53: b | C53: =C43 -> Scénář s projektem
B54: =B44 -> BUS | C54: =C44 -> Znečištění ovzduší (emise) | E54: =E14*E221*E$196*$H180*'11 Klima'!D244 -> 0 | F54: =F14*F221*F$196*$H180*'11 Klima'!E244 -> 0 | G54: =G14*G221*G$196*$H180*'11 Klima'!F244 -> 0 | H54: =H14*H221*H$196*$H180*'11 Klima'!G244 -> 0 | I54: =I14*I221*I$196*$H180*'11 Klima'!H244 -> 0 | J54: =J14*J221*J$196*$H180*'11 Klima'!I244 -> 0 | K54: =K14*K221*K$196*$H180*'11 Klima'!J244 -> 0 | L54: =L14*L221*L$196*$H180*'11 Klima'!K244 -> 0 | ... S54: =S14*S221*S$196*$H180*'11 Klima'!R244 -> 0
B55: =B45 -> Trolejbus | C55: =C45 -> Znečištění ovzduší (emise) | E55: =E15*E222*E$196*$H181*'11 Klima'!D245 -> 0 | F55: =F15*F222*F$196*$H181*'11 Klima'!E245 -> 0 | G55: =G15*G222*G$196*$H181*'11 Klima'!F245 -> 0 | H55: =H15*H222*H$196*$H181*'11 Klima'!G245 -> 0 | I55: =I15*I222*I$196*$H181*'11 Klima'!H245 -> 0 | J55: =J15*J222*J$196*$H181*'11 Klima'!I245 -> 0 | K55: =K15*K222*K$196*$H181*'11 Klima'!J245 -> 0 | L55: =L15*L222*L$196*$H181*'11 Klima'!K245 -> 0 | ... S55: =S15*S222*S$196*$H181*'11 Klima'!R245 -> 0
B56: =B46 -> Tramvaj | C56: =C46 -> Znečištění ovzduší (emise) | E56: =E16*E223*E$196*$H182*'11 Klima'!D246 -> 0 | F56: =F16*F223*F$196*$H182*'11 Klima'!E246 -> 0 | G56: =G16*G223*G$196*$H182*'11 Klima'!F246 -> 0 | H56: =H16*H223*H$196*$H182*'11 Klima'!G246 -> 0 | I56: =I16*I223*I$196*$H182*'11 Klima'!H246 -> 0 | J56: =J16*J223*J$196*$H182*'11 Klima'!I246 -> 0 | K56: =K16*K223*K$196*$H182*'11 Klima'!J246 -> 0 | L56: =L16*L223*L$196*$H182*'11 Klima'!K246 -> 0 | ... S56: =S16*S223*S$196*$H182*'11 Klima'!R246 -> 0
B57: =B47 -> Metro | C57: =C47 -> Znečištění ovzduší (emise) | E57: =E17*E224*E$196*$H183*'11 Klima'!D247 -> 0 | F57: =F17*F224*F$196*$H183*'11 Klima'!E247 -> 0 | G57: =G17*G224*G$196*$H183*'11 Klima'!F247 -> 0 | H57: =H17*H224*H$196*$H183*'11 Klima'!G247 -> 0 | I57: =I17*I224*I$196*$H183*'11 Klima'!H247 -> 0 | J57: =J17*J224*J$196*$H183*'11 Klima'!I247 -> 0 | K57: =K17*K224*K$196*$H183*'11 Klima'!J247 -> 0 | L57: =L17*L224*L$196*$H183*'11 Klima'!K247 -> 0 | ... S57: =S17*S224*S$196*$H183*'11 Klima'!R247 -> 0
B58: =B48 -> IAD | C58: =C48 -> Znečištění ovzduší (emise) | E58: =E18*E225*E$196*$H184*'11 Klima'!D248 -> 0 | F58: =F18*F225*F$196*$H184*'11 Klima'!E248 -> 0 | G58: =G18*G225*G$196*$H184*'11 Klima'!F248 -> 0 | H58: =H18*H225*H$196*$H184*'11 Klima'!G248 -> 0 | I58: =I18*I225*I$196*$H184*'11 Klima'!H248 -> 0 | J58: =J18*J225*J$196*$H184*'11 Klima'!I248 -> 0 | K58: =K18*K225*K$196*$H184*'11 Klima'!J248 -> 0 | L58: =L18*L225*L$196*$H184*'11 Klima'!K248 -> 0 | ... S58: =S18*S225*S$196*$H184*'11 Klima'!R248 -> 0
B59: =B49 -> bez rozlišení | C59: =C49 -> Znečištění ovzduší (emise) | E59: =E19*E226*E$196*$H185*'11 Klima'!D249 -> 0 | F59: =F19*F226*F$196*$H185*'11 Klima'!E249 -> 0 | G59: =G19*G226*G$196*$H185*'11 Klima'!F249 -> 0 | H59: =H19*H226*H$196*$H185*'11 Klima'!G249 -> 0 | I59: =I19*I226*I$196*$H185*'11 Klima'!H249 -> 0 | J59: =J19*J226*J$196*$H185*'11 Klima'!I249 -> 0 | K59: =K19*K226*K$196*$H185*'11 Klima'!J249 -> 0 | L59: =L19*L226*L$196*$H185*'11 Klima'!K249 -> 0 | ... S59: =S19*S226*S$196*$H185*'11 Klima'!R249 -> 0
C60: =C50 -> Celkové externí náklady | E60: =SUM(E54:E59) -> 0 | F60: =SUM(F54:F59) -> 0 | G60: =SUM(G54:G59) -> 0 | H60: =SUM(H54:H59) -> 0 | I60: =SUM(I54:I59) -> 0 | J60: =SUM(J54:J59) -> 0 | K60: =SUM(K54:K59) -> 0 | L60: =SUM(L54:L59) -> 0 | ... S60: =SUM(S54:S59) -> 0
B62: 10.4. | C62: =C52 -> Externí náklady emisí, vlivy na ŽP (CZK) | E62: =E42 -> 2026 | F62: =E62+1 -> 2027 | G62: =F62+1 -> 2028 | H62: =G62+1 -> 2029 | I62: =H62+1 -> 2030 | J62: =I62+1 -> 2031 | K62: =J62+1 -> 2032 | L62: =K62+1 -> 2033 | M62: =L62+1 -> 2034 | ... S62: =R62+1 -> 2040
B63: a | C63: =IF('0 Úvod'!$M$10="English",Slovnik!$D$283,Slovnik!$C$283) -> Scénář bez projektu | D63: =D43 -> Celkem
B64: =B54 -> BUS | C64: =C54 -> Znečištění ovzduší (emise) | D64: =SUM(E64:S64,E74:S74) -> 0 | E64: =E24*E231*E$191*$H180*'11 Klima'!D237 -> 0 | F64: =F24*F231*F$191*$H180*'11 Klima'!E237 -> 0 | G64: =G24*G231*G$191*$H180*'11 Klima'!F237 -> 0 | H64: =H24*H231*H$191*$H180*'11 Klima'!G237 -> 0 | I64: =I24*I231*I$191*$H180*'11 Klima'!H237 -> 0 | J64: =J24*J231*J$191*$H180*'11 Klima'!I237 -> 0 | K64: =K24*K231*K$191*$H180*'11 Klima'!J237 -> 0 | L64: =L24*L231*L$191*$H180*'11 Klima'!K237 -> 0 | ... S64: =S24*S231*S$191*$H180*'11 Klima'!R237 -> 0
B65: =B55 -> Trolejbus | C65: =C55 -> Znečištění ovzduší (emise) | D65: =SUM(E65:S65,E75:S75) -> 0 | E65: =E25*E232*E$191*$H181*'11 Klima'!D238 -> 0 | F65: =F25*F232*F$191*$H181*'11 Klima'!E238 -> 0 | G65: =G25*G232*G$191*$H181*'11 Klima'!F238 -> 0 | H65: =H25*H232*H$191*$H181*'11 Klima'!G238 -> 0 | I65: =I25*I232*I$191*$H181*'11 Klima'!H238 -> 0 | J65: =J25*J232*J$191*$H181*'11 Klima'!I238 -> 0 | K65: =K25*K232*K$191*$H181*'11 Klima'!J238 -> 0 | L65: =L25*L232*L$191*$H181*'11 Klima'!K238 -> 0 | ... S65: =S25*S232*S$191*$H181*'11 Klima'!R238 -> 0
B66: =B56 -> Tramvaj | C66: =C56 -> Znečištění ovzduší (emise) | D66: =SUM(E66:S66,E76:S76) -> 0 | E66: =E26*E233*E$191*$H182*'11 Klima'!D239 -> 0 | F66: =F26*F233*F$191*$H182*'11 Klima'!E239 -> 0 | G66: =G26*G233*G$191*$H182*'11 Klima'!F239 -> 0 | H66: =H26*H233*H$191*$H182*'11 Klima'!G239 -> 0 | I66: =I26*I233*I$191*$H182*'11 Klima'!H239 -> 0 | J66: =J26*J233*J$191*$H182*'11 Klima'!I239 -> 0 | K66: =K26*K233*K$191*$H182*'11 Klima'!J239 -> 0 | L66: =L26*L233*L$191*$H182*'11 Klima'!K239 -> 0 | ... S66: =S26*S233*S$191*$H182*'11 Klima'!R239 -> 0
B67: =B57 -> Metro | C67: =C57 -> Znečištění ovzduší (emise) | D67: =SUM(E67:S67,E77:S77) -> 0 | E67: =E27*E234*E$191*$H183*'11 Klima'!D240 -> 0 | F67: =F27*F234*F$191*$H183*'11 Klima'!E240 -> 0 | G67: =G27*G234*G$191*$H183*'11 Klima'!F240 -> 0 | H67: =H27*H234*H$191*$H183*'11 Klima'!G240 -> 0 | I67: =I27*I234*I$191*$H183*'11 Klima'!H240 -> 0 | J67: =J27*J234*J$191*$H183*'11 Klima'!I240 -> 0 | K67: =K27*K234*K$191*$H183*'11 Klima'!J240 -> 0 | L67: =L27*L234*L$191*$H183*'11 Klima'!K240 -> 0 | ... S67: =S27*S234*S$191*$H183*'11 Klima'!R240 -> 0
B68: =B58 -> IAD | C68: =C58 -> Znečištění ovzduší (emise) | D68: =SUM(E68:S68,E78:S78) -> 0 | E68: =E28*E235*E$191*$H184*'11 Klima'!D241 -> 0 | F68: =F28*F235*F$191*$H184*'11 Klima'!E241 -> 0 | G68: =G28*G235*G$191*$H184*'11 Klima'!F241 -> 0 | H68: =H28*H235*H$191*$H184*'11 Klima'!G241 -> 0 | I68: =I28*I235*I$191*$H184*'11 Klima'!H241 -> 0 | J68: =J28*J235*J$191*$H184*'11 Klima'!I241 -> 0 | K68: =K28*K235*K$191*$H184*'11 Klima'!J241 -> 0 | L68: =L28*L235*L$191*$H184*'11 Klima'!K241 -> 0 | ... S68: =S28*S235*S$191*$H184*'11 Klima'!R241 -> 0
B69: =B59 -> bez rozlišení | C69: =C59 -> Znečištění ovzduší (emise) | D69: =SUM(E69:S69,E79:S79) -> 0 | E69: =E29*E236*E$191*$H185*'11 Klima'!D242 -> 0 | F69: =F29*F236*F$191*$H185*'11 Klima'!E242 -> 0 | G69: =G29*G236*G$191*$H185*'11 Klima'!F242 -> 0 | H69: =H29*H236*H$191*$H185*'11 Klima'!G242 -> 0 | I69: =I29*I236*I$191*$H185*'11 Klima'!H242 -> 0 | J69: =J29*J236*J$191*$H185*'11 Klima'!I242 -> 0 | K69: =K29*K236*K$191*$H185*'11 Klima'!J242 -> 0 | L69: =L29*L236*L$191*$H185*'11 Klima'!K242 -> 0 | ... S69: =S29*S236*S$191*$H185*'11 Klima'!R242 -> 0
C70: =C60 -> Celkové externí náklady | D70: =SUM(E70:S70,E80:S80) -> 0 | E70: =SUM(E64:E69) -> 0 | F70: =SUM(F64:F69) -> 0 | G70: =SUM(G64:G69) -> 0 | H70: =SUM(H64:H69) -> 0 | I70: =SUM(I64:I69) -> 0 | J70: =SUM(J64:J69) -> 0 | K70: =SUM(K64:K69) -> 0 | L70: =SUM(L64:L69) -> 0 | ... S70: =SUM(S64:S69) -> 0
B72: =B62 -> 10.4. | C72: =C62 -> Externí náklady emisí, vlivy na ŽP (CZK) | E72: =S62+1 -> 2041 | F72: =E72+1 -> 2042 | G72: =F72+1 -> 2043 | H72: =G72+1 -> 2044 | I72: =H72+1 -> 2045 | J72: =I72+1 -> 2046 | K72: =J72+1 -> 2047 | L72: =K72+1 -> 2048 | M72: =L72+1 -> 2049 | ... S72: =R72+1 -> 2055
B73: b | C73: =C63 -> Scénář bez projektu | E73: =S63+1 -> 1
B74: =B64 -> BUS | C74: =C64 -> Znečištění ovzduší (emise) | E74: =E34*E241*E$196*$H180*'11 Klima'!D244 -> 0 | F74: =F34*F241*F$196*$H180*'11 Klima'!E244 -> 0 | G74: =G34*G241*G$196*$H180*'11 Klima'!F244 -> 0 | H74: =H34*H241*H$196*$H180*'11 Klima'!G244 -> 0 | I74: =I34*I241*I$196*$H180*'11 Klima'!H244 -> 0 | J74: =J34*J241*J$196*$H180*'11 Klima'!I244 -> 0 | K74: =K34*K241*K$196*$H180*'11 Klima'!J244 -> 0 | L74: =L34*L241*L$196*$H180*'11 Klima'!K244 -> 0 | ... S74: =S34*S241*S$196*$H180*'11 Klima'!R244 -> 0
B75: =B65 -> Trolejbus | C75: =C65 -> Znečištění ovzduší (emise) | E75: =E35*E242*E$196*$H181*'11 Klima'!D245 -> 0 | F75: =F35*F242*F$196*$H181*'11 Klima'!E245 -> 0 | G75: =G35*G242*G$196*$H181*'11 Klima'!F245 -> 0 | H75: =H35*H242*H$196*$H181*'11 Klima'!G245 -> 0 | I75: =I35*I242*I$196*$H181*'11 Klima'!H245 -> 0 | J75: =J35*J242*J$196*$H181*'11 Klima'!I245 -> 0 | K75: =K35*K242*K$196*$H181*'11 Klima'!J245 -> 0 | L75: =L35*L242*L$196*$H181*'11 Klima'!K245 -> 0 | ... S75: =S35*S242*S$196*$H181*'11 Klima'!R245 -> 0
B76: =B66 -> Tramvaj | C76: =C66 -> Znečištění ovzduší (emise) | E76: =E36*E243*E$196*$H182*'11 Klima'!D246 -> 0 | F76: =F36*F243*F$196*$H182*'11 Klima'!E246 -> 0 | G76: =G36*G243*G$196*$H182*'11 Klima'!F246 -> 0 | H76: =H36*H243*H$196*$H182*'11 Klima'!G246 -> 0 | I76: =I36*I243*I$196*$H182*'11 Klima'!H246 -> 0 | J76: =J36*J243*J$196*$H182*'11 Klima'!I246 -> 0 | K76: =K36*K243*K$196*$H182*'11 Klima'!J246 -> 0 | L76: =L36*L243*L$196*$H182*'11 Klima'!K246 -> 0 | ... S76: =S36*S243*S$196*$H182*'11 Klima'!R246 -> 0
B77: =B67 -> Metro | C77: =C67 -> Znečištění ovzduší (emise) | E77: =E37*E244*E$196*$H183*'11 Klima'!D247 -> 0 | F77: =F37*F244*F$196*$H183*'11 Klima'!E247 -> 0 | G77: =G37*G244*G$196*$H183*'11 Klima'!F247 -> 0 | H77: =H37*H244*H$196*$H183*'11 Klima'!G247 -> 0 | I77: =I37*I244*I$196*$H183*'11 Klima'!H247 -> 0 | J77: =J37*J244*J$196*$H183*'11 Klima'!I247 -> 0 | K77: =K37*K244*K$196*$H183*'11 Klima'!J247 -> 0 | L77: =L37*L244*L$196*$H183*'11 Klima'!K247 -> 0 | ... S77: =S37*S244*S$196*$H183*'11 Klima'!R247 -> 0
B78: =B68 -> IAD | C78: =C68 -> Znečištění ovzduší (emise) | E78: =E38*E245*E$196*$H184*'11 Klima'!D248 -> 0 | F78: =F38*F245*F$196*$H184*'11 Klima'!E248 -> 0 | G78: =G38*G245*G$196*$H184*'11 Klima'!F248 -> 0 | H78: =H38*H245*H$196*$H184*'11 Klima'!G248 -> 0 | I78: =I38*I245*I$196*$H184*'11 Klima'!H248 -> 0 | J78: =J38*J245*J$196*$H184*'11 Klima'!I248 -> 0 | K78: =K38*K245*K$196*$H184*'11 Klima'!J248 -> 0 | L78: =L38*L245*L$196*$H184*'11 Klima'!K248 -> 0 | ... S78: =S38*S245*S$196*$H184*'11 Klima'!R248 -> 0
B79: =B69 -> bez rozlišení | C79: =C69 -> Znečištění ovzduší (emise) | E79: =E39*E246*E$196*$H185*'11 Klima'!D249 -> 0 | F79: =F39*F246*F$196*$H185*'11 Klima'!E249 -> 0 | G79: =G39*G246*G$196*$H185*'11 Klima'!F249 -> 0 | H79: =H39*H246*H$196*$H185*'11 Klima'!G249 -> 0 | I79: =I39*I246*I$196*$H185*'11 Klima'!H249 -> 0 | J79: =J39*J246*J$196*$H185*'11 Klima'!I249 -> 0 | K79: =K39*K246*K$196*$H185*'11 Klima'!J249 -> 0 | L79: =L39*L246*L$196*$H185*'11 Klima'!K249 -> 0 | ... S79: =S39*S246*S$196*$H185*'11 Klima'!R249 -> 0
C80: =C70 -> Celkové externí náklady | E80: =SUM(E74:E79) -> 0 | F80: =SUM(F74:F79) -> 0 | G80: =SUM(G74:G79) -> 0 | H80: =SUM(H74:H79) -> 0 | I80: =SUM(I74:I79) -> 0 | J80: =SUM(J74:J79) -> 0 | K80: =SUM(K74:K79) -> 0 | L80: =SUM(L74:L79) -> 0 | ... S80: =SUM(S74:S79) -> 0
B82: 10.5. | C82: =IF('0 Úvod'!$M$10="English",Slovnik!$D$288,Slovnik!$C$288) -> Celkem externí efekty - úspory (CZK) | E82: =E42 -> 2026 | F82: =E82+1 -> 2027 | G82: =F82+1 -> 2028 | H82: =G82+1 -> 2029 | I82: =H82+1 -> 2030 | J82: =I82+1 -> 2031 | K82: =J82+1 -> 2032 | L82: =K82+1 -> 2033 | M82: =L82+1 -> 2034 | ... S82: =R82+1 -> 2040
B83: a | D83: =D63 -> Celkem
C84: =C44 -> Znečištění ovzduší (emise) | D84: =SUM(E84:S84,E89:S89) -> 0 | E84: =E70-E50 -> 0 | F84: =F70-F50 -> 0 | G84: =G70-G50 -> 0 | H84: =H70-H50 -> 0 | I84: =I70-I50 -> 0 | J84: =J70-J50 -> 0 | K84: =K70-K50 -> 0 | L84: =L70-L50 -> 0 | ... S84: =S70-S50 -> 0
C85: =IF('0 Úvod'!$M$10="English",Slovnik!$D$287,Slovnik!$C$287) -> Celkem externí efekty - úspory | D85: =SUM(E85:S85,E90:S90) -> 0 | E85: =SUM(E84:E84) -> 0 | F85: =SUM(F84:F84) -> 0 | G85: =SUM(G84:G84) -> 0 | H85: =SUM(H84:H84) -> 0 | I85: =SUM(I84:I84) -> 0 | J85: =SUM(J84:J84) -> 0 | K85: =SUM(K84:K84) -> 0 | L85: =SUM(L84:L84) -> 0 | ... S85: =SUM(S84:S84) -> 0
B87: =B82 -> 10.5. | C87: =C82 -> Celkem externí efekty - úspory (CZK) | E87: =S82+1 -> 2041 | F87: =E87+1 -> 2042 | G87: =F87+1 -> 2043 | H87: =G87+1 -> 2044 | I87: =H87+1 -> 2045 | J87: =I87+1 -> 2046 | K87: =J87+1 -> 2047 | L87: =K87+1 -> 2048 | M87: =L87+1 -> 2049 | ... S87: =R87+1 -> 2055
B88: b | E88: =S83+1 -> 1
C89: =C84 -> Znečištění ovzduší (emise) | E89: =E80-E60 -> 0 | F89: =F80-F60 -> 0 | G89: =G80-G60 -> 0 | H89: =H80-H60 -> 0 | I89: =I80-I60 -> 0 | J89: =J80-J60 -> 0 | K89: =K80-K60 -> 0 | L89: =L80-L60 -> 0 | ... S89: =S80-S60 -> 0
C90: =C85 -> Celkem externí efekty - úspory | E90: =SUM(E89:E89) -> 0 | F90: =SUM(F89:F89) -> 0 | G90: =SUM(G89:G89) -> 0 | H90: =SUM(H89:H89) -> 0 | I90: =SUM(I89:I89) -> 0 | J90: =SUM(J89:J89) -> 0 | K90: =SUM(K89:K89) -> 0 | L90: =SUM(L89:L89) -> 0 | ... S90: =SUM(S89:S89) -> 0
C93: Náklady za emise a ŽP, scénář s projektem (CZK) | D93: =D50 -> 0
C94: Náklady za emise a ŽP, scénář bez projektu (CZK) | D94: =D70 -> 0
C95: Úspora nákladů za emise a ŽP (CZK) | D95: =D85 -> 0
B97: pomocný koeficient pro přepočet (NOx…) | E97: =IFERROR(HLOOKUP($D$107,'0 Úvod'!$D$90:$M$97,7,FALSE),1) -> 1.610546
B98: pomocný koeficient pro přepočet (CO2) | E98: =IFERROR(HLOOKUP($D$107,'0 Úvod'!$D$90:$M$97,8,FALSE),1) -> 1.5211239
B100: 10.6. | C100: =IF('0 Úvod'!$M$10="English",Slovnik!$D$330,Slovnik!$C$330) -> Společenské náklady ZNEČIŠTĚNÍ ŽIVOTNÍHO PROSTŘEDÍ a emisí SKLENÍKOVÝCH PLYNŮ
C101: =IF('0 Úvod'!$M$10="English",Slovnik!D331,Slovnik!C331) -> charakter zástavby
C102: polutant | D102: CO2* | E102: NOx | F102: SO2 | G102: NM VOC | H102: PM2,5 | I102: PM10
C103: CÚ | D103: 2017
C104: =IF('0 Úvod'!$M$10="English",Slovnik!D334,Slovnik!C333) -> mimo město | D104: 2877 | E104: 504724 | F104: 451145 | G104: 52685 | H104: 1375556 | I104: 551095 | J104: CZK/t
C105: =IF('0 Úvod'!$M$10="English",Slovnik!D335,Slovnik!C334) -> předměstí | H105: 2187533 | I105: 875725
C106: =IF('0 Úvod'!$M$10="English",Slovnik!D336,Slovnik!C335) -> město | H106: 6894628 | I106: 2760095
C107: CÚ | D107: ='0 Úvod'!D18 -> 2025
C108: =IF('0 Úvod'!$M$10="English",Slovnik!D334,Slovnik!C333) -> mimo město | D108: =D104*$E$97 -> 4633.5408 | E108: =E104*$E$97 -> 812881.21 | F108: =F104*$E$97 -> 726589.77 | G108: =G104*$E$97 -> 84851.615 | H108: =H104*$E$97 -> 2215396.2 | I108: =I104*$E$97 -> 887563.84 | J108: CZK/t
C109: =IF('0 Úvod'!$M$10="English",Slovnik!D335,Slovnik!C334) -> předměstí | H109: =H105*$E$97 -> 3523122.5 | I109: =I105*$E$97 -> 1410395.4
C110: =IF('0 Úvod'!$M$10="English",Slovnik!D336,Slovnik!C335) -> město | H110: =H106*$E$97 -> 11104115 | I110: =I106*$E$97 -> 4445259.9
C111: =IF('0 Úvod'!$M$10="English",Slovnik!$E$342,Slovnik!$E$341) -> Zdroj: Aktualizovaná příručka o externích nákladech dopravy, RICARDO-AEA, zpráva pro EK, GŘ pro dopravu a mobilitu, vyd. 01/2014
C112: =IF('0 Úvod'!$M$10="English",Slovnik!$E$345,Slovnik!$E$344) -> Pozn: město - nad 1500 obyvatel/km2; předměstí - 300 obyvatel/km2; mimo město - méně než 150 obyvatel/km2; *hodnoty CO2 platné pouze do roku 2021!
C114: použité hodnoty | E114: NOx | F114: SO2 | G114: PM2,5 | H114: PM10
E115: =E108 -> 812881.21 | F115: =F108 -> 726589.77 | G115: =H110 -> 11104115 | H115: =I110 -> 4445259.9
...

Sheet 11 Klima
B2: 11.1. | C2: Externí náklady na CO2, vlivy na klima (CZK) | E2: ='1 CIN'!E3 -> 2026 | F2: =E2+1 -> 2027 | G2: =F2+1 -> 2028 | H2: =G2+1 -> 2029 | I2: =H2+1 -> 2030 | J2: =I2+1 -> 2031 | K2: =J2+1 -> 2032 | L2: =K2+1 -> 2033 | M2: =L2+1 -> 2034 | ... S2: =R2+1 -> 2040
B3: a | C3: =IF('0 Úvod'!$M$10="English",Slovnik!D277,Slovnik!C277) -> Scénář s projektem | D3: =IF('0 Úvod'!$M$10="English",Slovnik!$D$284,Slovnik!$C$284) -> Celkem
B4: BUS | C4: Znečištění ovzduší (klima) | D4: =SUM(E4:S4,E14:S14) -> 0 | E4: ='10 Emise a ŽP'!E4*'10 Emise a ŽP'!E211*'11 Klima'!$E159*'11 Klima'!D$106*D237 -> 0 | F4: ='10 Emise a ŽP'!F4*'10 Emise a ŽP'!F211*'11 Klima'!$E159*'11 Klima'!E$106*E237 -> 0 | G4: ='10 Emise a ŽP'!G4*'10 Emise a ŽP'!G211*'11 Klima'!$E159*'11 Klima'!F$106*F237 -> 0 | H4: ='10 Emise a ŽP'!H4*'10 Emise a ŽP'!H211*'11 Klima'!$E159*'11 Klima'!G$106*G237 -> 0 | I4: ='10 Emise a ŽP'!I4*'10 Emise a ŽP'!I211*'11 Klima'!$E159*'11 Klima'!H$106*H237 -> 0 | J4: ='10 Emise a ŽP'!J4*'10 Emise a ŽP'!J211*'11 Klima'!$E159*'11 Klima'!I$106*I237 -> 0 | K4: ='10 Emise a ŽP'!K4*'10 Emise a ŽP'!K211*'11 Klima'!$E159*'11 Klima'!J$106*J237 -> 0 | L4: ='10 Emise a ŽP'!L4*'10 Emise a ŽP'!L211*'11 Klima'!$E159*'11 Klima'!K$106*K237 -> 0 | ... S4: ='10 Emise a ŽP'!S4*'10 Emise a ŽP'!S211*'11 Klima'!$E159*'11 Klima'!R$106*R237 -> 0
B5: Trolejbus | C5: Znečištění ovzduší (klima) | D5: =SUM(E5:S5,E15:S15) -> 0 | E5: ='10 Emise a ŽP'!E5*'10 Emise a ŽP'!E212*'11 Klima'!$E160*'11 Klima'!D$106*D238 -> 0 | F5: ='10 Emise a ŽP'!F5*'10 Emise a ŽP'!F212*'11 Klima'!$E160*'11 Klima'!E$106*E238 -> 0 | G5: ='10 Emise a ŽP'!G5*'10 Emise a ŽP'!G212*'11 Klima'!$E160*'11 Klima'!F$106*F238 -> 0 | H5: ='10 Emise a ŽP'!H5*'10 Emise a ŽP'!H212*'11 Klima'!$E160*'11 Klima'!G$106*G238 -> 0 | I5: ='10 Emise a ŽP'!I5*'10 Emise a ŽP'!I212*'11 Klima'!$E160*'11 Klima'!H$106*H238 -> 0 | J5: ='10 Emise a ŽP'!J5*'10 Emise a ŽP'!J212*'11 Klima'!$E160*'11 Klima'!I$106*I238 -> 0 | K5: ='10 Emise a ŽP'!K5*'10 Emise a ŽP'!K212*'11 Klima'!$E160*'11 Klima'!J$106*J238 -> 0 | L5: ='10 Emise a ŽP'!L5*'10 Emise a ŽP'!L212*'11 Klima'!$E160*'11 Klima'!K$106*K238 -> 0 | ... S5: ='10 Emise a ŽP'!S5*'10 Emise a ŽP'!S212*'11 Klima'!$E160*'11 Klima'!R$106*R238 -> 0
B6: Tramvaj | C6: Znečištění ovzduší (klima) | D6: =SUM(E6:S6,E16:S16) -> 0 | E6: ='10 Emise a ŽP'!E6*'10 Emise a ŽP'!E213*'11 Klima'!$E161*'11 Klima'!D$106*D239 -> 0 | F6: ='10 Emise a ŽP'!F6*'10 Emise a ŽP'!F213*'11 Klima'!$E161*'11 Klima'!E$106*E239 -> 0 | G6: ='10 Emise a ŽP'!G6*'10 Emise a ŽP'!G213*'11 Klima'!$E161*'11 Klima'!F$106*F239 -> 0 | H6: ='10 Emise a ŽP'!H6*'10 Emise a ŽP'!H213*'11 Klima'!$E161*'11 Klima'!G$106*G239 -> 0 | I6: ='10 Emise a ŽP'!I6*'10 Emise a ŽP'!I213*'11 Klima'!$E161*'11 Klima'!H$106*H239 -> 0 | J6: ='10 Emise a ŽP'!J6*'10 Emise a ŽP'!J213*'11 Klima'!$E161*'11 Klima'!I$106*I239 -> 0 | K6: ='10 Emise a ŽP'!K6*'10 Emise a ŽP'!K213*'11 Klima'!$E161*'11 Klima'!J$106*J239 -> 0 | L6: ='10 Emise a ŽP'!L6*'10 Emise a ŽP'!L213*'11 Klima'!$E161*'11 Klima'!K$106*K239 -> 0 | ... S6: ='10 Emise a ŽP'!S6*'10 Emise a ŽP'!S213*'11 Klima'!$E161*'11 Klima'!R$106*R239 -> 0
B7: Metro | C7: Znečištění ovzduší (klima) | D7: =SUM(E7:S7,E17:S17) -> 0 | E7: ='10 Emise a ŽP'!E7*'10 Emise a ŽP'!E214*'11 Klima'!$E162*'11 Klima'!D$106*D240 -> 0 | F7: ='10 Emise a ŽP'!F7*'10 Emise a ŽP'!F214*'11 Klima'!$E162*'11 Klima'!E$106*E240 -> 0 | G7: ='10 Emise a ŽP'!G7*'10 Emise a ŽP'!G214*'11 Klima'!$E162*'11 Klima'!F$106*F240 -> 0 | H7: ='10 Emise a ŽP'!H7*'10 Emise a ŽP'!H214*'11 Klima'!$E162*'11 Klima'!G$106*G240 -> 0 | I7: ='10 Emise a ŽP'!I7*'10 Emise a ŽP'!I214*'11 Klima'!$E162*'11 Klima'!H$106*H240 -> 0 | J7: ='10 Emise a ŽP'!J7*'10 Emise a ŽP'!J214*'11 Klima'!$E162*'11 Klima'!I$106*I240 -> 0 | K7: ='10 Emise a ŽP'!K7*'10 Emise a ŽP'!K214*'11 Klima'!$E162*'11 Klima'!J$106*J240 -> 0 | L7: ='10 Emise a ŽP'!L7*'10 Emise a ŽP'!L214*'11 Klima'!$E162*'11 Klima'!K$106*K240 -> 0 | ... S7: ='10 Emise a ŽP'!S7*'10 Emise a ŽP'!S214*'11 Klima'!$E162*'11 Klima'!R$106*R240 -> 0
B8: IAD | C8: Znečištění ovzduší (klima) | D8: =SUM(E8:S8,E18:S18) -> 0 | E8: ='10 Emise a ŽP'!E8*'10 Emise a ŽP'!E215*'11 Klima'!$E163*'11 Klima'!D$106*D241 -> 0 | F8: ='10 Emise a ŽP'!F8*'10 Emise a ŽP'!F215*'11 Klima'!$E163*'11 Klima'!E$106*E241 -> 0 | G8: ='10 Emise a ŽP'!G8*'10 Emise a ŽP'!G215*'11 Klima'!$E163*'11 Klima'!F$106*F241 -> 0 | H8: ='10 Emise a ŽP'!H8*'10 Emise a ŽP'!H215*'11 Klima'!$E163*'11 Klima'!G$106*G241 -> 0 | I8: ='10 Emise a ŽP'!I8*'10 Emise a ŽP'!I215*'11 Klima'!$E163*'11 Klima'!H$106*H241 -> 0 | J8: ='10 Emise a ŽP'!J8*'10 Emise a ŽP'!J215*'11 Klima'!$E163*'11 Klima'!I$106*I241 -> 0 | K8: ='10 Emise a ŽP'!K8*'10 Emise a ŽP'!K215*'11 Klima'!$E163*'11 Klima'!J$106*J241 -> 0 | L8: ='10 Emise a ŽP'!L8*'10 Emise a ŽP'!L215*'11 Klima'!$E163*'11 Klima'!K$106*K241 -> 0 | ... S8: ='10 Emise a ŽP'!S8*'10 Emise a ŽP'!S215*'11 Klima'!$E163*'11 Klima'!R$106*R241 -> 0
B9: bez rozlišení | C9: Znečištění ovzduší (klima) | D9: =SUM(E9:S9,E19:S19) -> 0 | E9: ='10 Emise a ŽP'!E9*'10 Emise a ŽP'!E216*'11 Klima'!$E164*'11 Klima'!D$106*D242 -> 0 | F9: ='10 Emise a ŽP'!F9*'10 Emise a ŽP'!F216*'11 Klima'!$E164*'11 Klima'!E$106*E242 -> 0 | G9: ='10 Emise a ŽP'!G9*'10 Emise a ŽP'!G216*'11 Klima'!$E164*'11 Klima'!F$106*F242 -> 0 | H9: ='10 Emise a ŽP'!H9*'10 Emise a ŽP'!H216*'11 Klima'!$E164*'11 Klima'!G$106*G242 -> 0 | I9: ='10 Emise a ŽP'!I9*'10 Emise a ŽP'!I216*'11 Klima'!$E164*'11 Klima'!H$106*H242 -> 0 | J9: ='10 Emise a ŽP'!J9*'10 Emise a ŽP'!J216*'11 Klima'!$E164*'11 Klima'!I$106*I242 -> 0 | K9: ='10 Emise a ŽP'!K9*'10 Emise a ŽP'!K216*'11 Klima'!$E164*'11 Klima'!J$106*J242 -> 0 | L9: ='10 Emise a ŽP'!L9*'10 Emise a ŽP'!L216*'11 Klima'!$E164*'11 Klima'!K$106*K242 -> 0 | ... S9: ='10 Emise a ŽP'!S9*'10 Emise a ŽP'!S216*'11 Klima'!$E164*'11 Klima'!R$106*R242 -> 0
C10: =IF('0 Úvod'!$M$10="English",Slovnik!D282,Slovnik!C282) -> Celkové externí náklady | D10: =SUM(E10:S10,E20:S20) -> 0 | E10: =SUM(E4:E9) -> 0 | F10: =SUM(F4:F9) -> 0 | G10: =SUM(G4:G9) -> 0 | H10: =SUM(H4:H9) -> 0 | I10: =SUM(I4:I9) -> 0 | J10: =SUM(J4:J9) -> 0 | K10: =SUM(K4:K9) -> 0 | L10: =SUM(L4:L9) -> 0 | ... S10: =SUM(S4:S9) -> 0
B12: =B2 -> 11.1. | C12: =C2 -> Externí náklady na CO2, vlivy na klima (CZK) | E12: =S2+1 -> 2041 | F12: =E12+1 -> 2042 | G12: =F12+1 -> 2043 | H12: =G12+1 -> 2044 | I12: =H12+1 -> 2045 | J12: =I12+1 -> 2046 | K12: =J12+1 -> 2047 | L12: =K12+1 -> 2048 | M12: =L12+1 -> 2049 | ... S12: =R12+1 -> 2055
B13: b | C13: =C3 -> Scénář s projektem
B14: =B4 -> BUS | C14: =C4 -> Znečištění ovzduší (klima) | E14: ='10 Emise a ŽP'!E14*'10 Emise a ŽP'!E221*'11 Klima'!$E159*'11 Klima'!D$109*D244 -> 0 | F14: ='10 Emise a ŽP'!F14*'10 Emise a ŽP'!F221*'11 Klima'!$E159*'11 Klima'!E$109*E244 -> 0 | G14: ='10 Emise a ŽP'!G14*'10 Emise a ŽP'!G221*'11 Klima'!$E159*'11 Klima'!F$109*F244 -> 0 | H14: ='10 Emise a ŽP'!H14*'10 Emise a ŽP'!H221*'11 Klima'!$E159*'11 Klima'!G$109*G244 -> 0 | I14: ='10 Emise a ŽP'!I14*'10 Emise a ŽP'!I221*'11 Klima'!$E159*'11 Klima'!H$109*H244 -> 0 | J14: ='10 Emise a ŽP'!J14*'10 Emise a ŽP'!J221*'11 Klima'!$E159*'11 Klima'!I$109*I244 -> 0 | K14: ='10 Emise a ŽP'!K14*'10 Emise a ŽP'!K221*'11 Klima'!$E159*'11 Klima'!J$109*J244 -> 0 | L14: ='10 Emise a ŽP'!L14*'10 Emise a ŽP'!L221*'11 Klima'!$E159*'11 Klima'!K$109*K244 -> 0 | ... S14: ='10 Emise a ŽP'!S14*'10 Emise a ŽP'!S221*'11 Klima'!$E159*'11 Klima'!R$109*R244 -> 0
B15: =B5 -> Trolejbus | C15: =C5 -> Znečištění ovzduší (klima) | E15: ='10 Emise a ŽP'!E15*'10 Emise a ŽP'!E222*'11 Klima'!$E160*'11 Klima'!D$109*D245 -> 0 | F15: ='10 Emise a ŽP'!F15*'10 Emise a ŽP'!F222*'11 Klima'!$E160*'11 Klima'!E$109*E245 -> 0 | G15: ='10 Emise a ŽP'!G15*'10 Emise a ŽP'!G222*'11 Klima'!$E160*'11 Klima'!F$109*F245 -> 0 | H15: ='10 Emise a ŽP'!H15*'10 Emise a ŽP'!H222*'11 Klima'!$E160*'11 Klima'!G$109*G245 -> 0 | I15: ='10 Emise a ŽP'!I15*'10 Emise a ŽP'!I222*'11 Klima'!$E160*'11 Klima'!H$109*H245 -> 0 | J15: ='10 Emise a ŽP'!J15*'10 Emise a ŽP'!J222*'11 Klima'!$E160*'11 Klima'!I$109*I245 -> 0 | K15: ='10 Emise a ŽP'!K15*'10 Emise a ŽP'!K222*'11 Klima'!$E160*'11 Klima'!J$109*J245 -> 0 | L15: ='10 Emise a ŽP'!L15*'10 Emise a ŽP'!L222*'11 Klima'!$E160*'11 Klima'!K$109*K245 -> 0 | ... S15: ='10 Emise a ŽP'!S15*'10 Emise a ŽP'!S222*'11 Klima'!$E160*'11 Klima'!R$109*R245 -> 0
B16: =B6 -> Tramvaj | C16: =C6 -> Znečištění ovzduší (klima) | E16: ='10 Emise a ŽP'!E16*'10 Emise a ŽP'!E223*'11 Klima'!$E161*'11 Klima'!D$109*D246 -> 0 | F16: ='10 Emise a ŽP'!F16*'10 Emise a ŽP'!F223*'11 Klima'!$E161*'11 Klima'!E$109*E246 -> 0 | G16: ='10 Emise a ŽP'!G16*'10 Emise a ŽP'!G223*'11 Klima'!$E161*'11 Klima'!F$109*F246 -> 0 | H16: ='10 Emise a ŽP'!H16*'10 Emise a ŽP'!H223*'11 Klima'!$E161*'11 Klima'!G$109*G246 -> 0 | I16: ='10 Emise a ŽP'!I16*'10 Emise a ŽP'!I223*'11 Klima'!$E161*'11 Klima'!H$109*H246 -> 0 | J16: ='10 Emise a ŽP'!J16*'10 Emise a ŽP'!J223*'11 Klima'!$E161*'11 Klima'!I$109*I246 -> 0 | K16: ='10 Emise a ŽP'!K16*'10 Emise a ŽP'!K223*'11 Klima'!$E161*'11 Klima'!J$109*J246 -> 0 | L16: ='10 Emise a ŽP'!L16*'10 Emise a ŽP'!L223*'11 Klima'!$E161*'11 Klima'!K$109*K246 -> 0 | ... S16: ='10 Emise a ŽP'!S16*'10 Emise a ŽP'!S223*'11 Klima'!$E161*'11 Klima'!R$109*R246 -> 0
B17: =B7 -> Metro | C17: =C7 -> Znečištění ovzduší (klima) | E17: ='10 Emise a ŽP'!E17*'10 Emise a ŽP'!E224*'11 Klima'!$E162*'11 Klima'!D$109*D247 -> 0 | F17: ='10 Emise a ŽP'!F17*'10 Emise a ŽP'!F224*'11 Klima'!$E162*'11 Klima'!E$109*E247 -> 0 | G17: ='10 Emise a ŽP'!G17*'10 Emise a ŽP'!G224*'11 Klima'!$E162*'11 Klima'!F$109*F247 -> 0 | H17: ='10 Emise a ŽP'!H17*'10 Emise a ŽP'!H224*'11 Klima'!$E162*'11 Klima'!G$109*G247 -> 0 | I17: ='10 Emise a ŽP'!I17*'10 Emise a ŽP'!I224*'11 Klima'!$E162*'11 Klima'!H$109*H247 -> 0 | J17: ='10 Emise a ŽP'!J17*'10 Emise a ŽP'!J224*'11 Klima'!$E162*'11 Klima'!I$109*I247 -> 0 | K17: ='10 Emise a ŽP'!K17*'10 Emise a ŽP'!K224*'11 Klima'!$E162*'11 Klima'!J$109*J247 -> 0 | L17: ='10 Emise a ŽP'!L17*'10 Emise a ŽP'!L224*'11 Klima'!$E162*'11 Klima'!K$109*K247 -> 0 | ... S17: ='10 Emise a ŽP'!S17*'10 Emise a ŽP'!S224*'11 Klima'!$E162*'11 Klima'!R$109*R247 -> 0
B18: =B8 -> IAD | C18: =C8 -> Znečištění ovzduší (klima) | E18: ='10 Emise a ŽP'!E18*'10 Emise a ŽP'!E225*'11 Klima'!$E163*'11 Klima'!D$109*D248 -> 0 | F18: ='10 Emise a ŽP'!F18*'10 Emise a ŽP'!F225*'11 Klima'!$E163*'11 Klima'!E$109*E248 -> 0 | G18: ='10 Emise a ŽP'!G18*'10 Emise a ŽP'!G225*'11 Klima'!$E163*'11 Klima'!F$109*F248 -> 0 | H18: ='10 Emise a ŽP'!H18*'10 Emise a ŽP'!H225*'11 Klima'!$E163*'11 Klima'!G$109*G248 -> 0 | I18: ='10 Emise a ŽP'!I18*'10 Emise a ŽP'!I225*'11 Klima'!$E163*'11 Klima'!H$109*H248 -> 0 | J18: ='10 Emise a ŽP'!J18*'10 Emise a ŽP'!J225*'11 Klima'!$E163*'11 Klima'!I$109*I248 -> 0 | K18: ='10 Emise a ŽP'!K18*'10 Emise a ŽP'!K225*'11 Klima'!$E163*'11 Klima'!J$109*J248 -> 0 | L18: ='10 Emise a ŽP'!L18*'10 Emise a ŽP'!L225*'11 Klima'!$E163*'11 Klima'!K$109*K248 -> 0 | ... S18: ='10 Emise a ŽP'!S18*'10 Emise a ŽP'!S225*'11 Klima'!$E163*'11 Klima'!R$109*R248 -> 0
B19: =B9 -> bez rozlišení | C19: =C9 -> Znečištění ovzduší (klima) | E19: ='10 Emise a ŽP'!E19*'10 Emise a ŽP'!E226*'11 Klima'!$E164*'11 Klima'!D$109*D249 -> 0 | F19: ='10 Emise a ŽP'!F19*'10 Emise a ŽP'!F226*'11 Klima'!$E164*'11 Klima'!E$109*E249 -> 0 | G19: ='10 Emise a ŽP'!G19*'10 Emise a ŽP'!G226*'11 Klima'!$E164*'11 Klima'!F$109*F249 -> 0 | H19: ='10 Emise a ŽP'!H19*'10 Emise a ŽP'!H226*'11 Klima'!$E164*'11 Klima'!G$109*G249 -> 0 | I19: ='10 Emise a ŽP'!I19*'10 Emise a ŽP'!I226*'11 Klima'!$E164*'11 Klima'!H$109*H249 -> 0 | J19: ='10 Emise a ŽP'!J19*'10 Emise a ŽP'!J226*'11 Klima'!$E164*'11 Klima'!I$109*I249 -> 0 | K19: ='10 Emise a ŽP'!K19*'10 Emise a ŽP'!K226*'11 Klima'!$E164*'11 Klima'!J$109*J249 -> 0 | L19: ='10 Emise a ŽP'!L19*'10 Emise a ŽP'!L226*'11 Klima'!$E164*'11 Klima'!K$109*K249 -> 0 | ... S19: ='10 Emise a ŽP'!S19*'10 Emise a ŽP'!S226*'11 Klima'!$E164*'11 Klima'!R$109*R249 -> 0
C20: =C10 -> Celkové externí náklady | E20: =SUM(E14:E19) -> 0 | F20: =SUM(F14:F19) -> 0 | G20: =SUM(G14:G19) -> 0 | H20: =SUM(H14:H19) -> 0 | I20: =SUM(I14:I19) -> 0 | J20: =SUM(J14:J19) -> 0 | K20: =SUM(K14:K19) -> 0 | L20: =SUM(L14:L19) -> 0 | ... S20: =SUM(S14:S19) -> 0
B22: 11.2. | C22: =C12 -> Externí náklady na CO2, vlivy na klima (CZK) | E22: =E2 -> 2026 | F22: =E22+1 -> 2027 | G22: =F22+1 -> 2028 | H22: =G22+1 -> 2029 | I22: =H22+1 -> 2030 | J22: =I22+1 -> 2031 | K22: =J22+1 -> 2032 | L22: =K22+1 -> 2033 | M22: =L22+1 -> 2034 | ... S22: =R22+1 -> 2040
B23: a | C23: =IF('0 Úvod'!$M$10="English",Slovnik!$D$283,Slovnik!$C$283) -> Scénář bez projektu | D23: =D3 -> Celkem
B24: =B14 -> BUS | C24: =C14 -> Znečištění ovzduší (klima) | D24: =SUM(E24:S24,E34:S34) -> 0 | E24: ='10 Emise a ŽP'!E24*'10 Emise a ŽP'!E231*'11 Klima'!$E159*'11 Klima'!D$106*D237 -> 0 | F24: ='10 Emise a ŽP'!F24*'10 Emise a ŽP'!F231*'11 Klima'!$E159*'11 Klima'!E$106*E237 -> 0 | G24: ='10 Emise a ŽP'!G24*'10 Emise a ŽP'!G231*'11 Klima'!$E159*'11 Klima'!F$106*F237 -> 0 | H24: ='10 Emise a ŽP'!H24*'10 Emise a ŽP'!H231*'11 Klima'!$E159*'11 Klima'!G$106*G237 -> 0 | I24: ='10 Emise a ŽP'!I24*'10 Emise a ŽP'!I231*'11 Klima'!$E159*'11 Klima'!H$106*H237 -> 0 | J24: ='10 Emise a ŽP'!J24*'10 Emise a ŽP'!J231*'11 Klima'!$E159*'11 Klima'!I$106*I237 -> 0 | K24: ='10 Emise a ŽP'!K24*'10 Emise a ŽP'!K231*'11 Klima'!$E159*'11 Klima'!J$106*J237 -> 0 | L24: ='10 Emise a ŽP'!L24*'10 Emise a ŽP'!L231*'11 Klima'!$E159*'11 Klima'!K$106*K237 -> 0 | ... S24: ='10 Emise a ŽP'!S24*'10 Emise a ŽP'!S231*'11 Klima'!$E159*'11 Klima'!R$106*R237 -> 0
B25: =B15 -> Trolejbus | C25: =C15 -> Znečištění ovzduší (klima) | D25: =SUM(E25:S25,E35:S35) -> 0 | E25: ='10 Emise a ŽP'!E25*'10 Emise a ŽP'!E232*'11 Klima'!$E160*'11 Klima'!D$106*D238 -> 0 | F25: ='10 Emise a ŽP'!F25*'10 Emise a ŽP'!F232*'11 Klima'!$E160*'11 Klima'!E$106*E238 -> 0 | G25: ='10 Emise a ŽP'!G25*'10 Emise a ŽP'!G232*'11 Klima'!$E160*'11 Klima'!F$106*F238 -> 0 | H25: ='10 Emise a ŽP'!H25*'10 Emise a ŽP'!H232*'11 Klima'!$E160*'11 Klima'!G$106*G238 -> 0 | I25: ='10 Emise a ŽP'!I25*'10 Emise a ŽP'!I232*'11 Klima'!$E160*'11 Klima'!H$106*H238 -> 0 | J25: ='10 Emise a ŽP'!J25*'10 Emise a ŽP'!J232*'11 Klima'!$E160*'11 Klima'!I$106*I238 -> 0 | K25: ='10 Emise a ŽP'!K25*'10 Emise a ŽP'!K232*'11 Klima'!$E160*'11 Klima'!J$106*J238 -> 0 | L25: ='10 Emise a ŽP'!L25*'10 Emise a ŽP'!L232*'11 Klima'!$E160*'11 Klima'!K$106*K238 -> 0 | ... S25: ='10 Emise a ŽP'!S25*'10 Emise a ŽP'!S232*'11 Klima'!$E160*'11 Klima'!R$106*R238 -> 0
